Workbook
Name ____________A50: [1]Пер!$N$34
Name ____________A50: [1]Пер!$N$34
Name ____________A51: [1]Пер!$N$33
Name ____________A51: [1]Пер!$N$33
Name ____________HAV80: #REF!
Name ____________mes09: #REF!
Name ____________Mes1: #REF!
Name ____________Mes2: #REF!
Name ____________NS80: #REF!
Name ____________PCH3: #REF!
Name ____________PV3: #REF!
Name ___________A50: [2]Пер!$N$34
Name ___________A51: [2]Пер!$N$33
Name ___________HAV80: #REF!
Name ___________mes09: #REF!
Name ___________Mes1: #REF!
Name ___________Mes2: #REF!
Name ___________NS80: #REF!
Name ___________PCH3: #REF!
Name ___________PV3: #REF!
Name __________A50: [2]Пер!$N$34
Name __________A51: [2]Пер!$N$33
Name __________HAV80: #REF!
Name __________mes09: #REF!
Name __________Mes1: #REF!
Name __________Mes2: #REF!
Name __________NS80: #REF!
Name __________PCH3: #REF!
Name __________PV3: #REF!
Name _________A50: [2]Пер!$N$34
Name _________A51: [2]Пер!$N$33
Name _________HAV80: #REF!
Name _________mes09: #REF!
Name _________Mes1: #REF!
Name _________Mes2: #REF!
Name _________NS80: #REF!
Name _________PCH3: #REF!
Name _________PV3: #REF!
Name ________A50: [2]Пер!$N$34
Name ________A51: [2]Пер!$N$33
Name ________HAV80: #REF!
Name ________mes09: #REF!
Name ________Mes1: #REF!
Name ________Mes2: #REF!
Name ________NS80: #REF!
Name ________PCH3: #REF!
Name ________PV3: #REF!
Name _______A50: [2]Пер!$N$34
Name _______A51: [2]Пер!$N$33
Name _______HAV80: #REF!
Name _______mes09: #REF!
Name _______Mes1: #REF!
Name _______Mes2: #REF!
Name _______NS80: #REF!
Name _______PCH3: #REF!
Name _______PV3: #REF!
Name ______A50: [2]Пер!$N$34
Name ______A51: [2]Пер!$N$33
Name ______HAV80: #REF!
Name ______mes09: #REF!

Sheet Дод 1 доходи
E1: Додаток 1
E2: до розпорядження
E3: 16.10.2026 №734
A5: Зміни до обсягу доходів обласного бюджету на 2026 рік
A6: 0710000000
A7: (код бюджету)
F8: (грн)
A9: Код | B9: Найменування згідно з Класифікацією доходів бюджету | C9: Усього | D9: Загальний фонд | E9: Спеціальний фонд
E10: усього | F10: у тому числі бюджет розвитку
A12: 1 | B12: 2 | C12: 3 | D12: 4 | E12: 5 | F12: 6
A13: 10000000 | B13: Податкові надходження | C13: =C14+C18+C21 -> 22379000 | D13: =D14+D18+D21 -> 21579000 | E13: =E14+E18+E21 -> 800000 | F13: =F14+F18+F21 -> 0
A14: 11000000 | B14: Податки на доходи, податки на прибуток, податки на збільшення ринкової вартості | C14: =C15 -> 15848000 | D14: =D15 -> 15848000 | E14: =E15 -> 0 | F14: =F15 -> 0
A15: 11010000 | B15: Податок та збір на доходи фізичних осіб | C15: =C16+C17 -> 15848000 | D15: =D16+D17 -> 15848000 | E15: =E16+E17 -> 0 | F15: =F16+F17 -> 0
A16: 11010100 | B16: Податок на доходи фізичних осіб, що сплачується податковими агентами, із доходів платника податку у вигляді заробітної плати | C16: =D16+E16 -> 13700000 | D16: 13700000
A17: 11010400 | B17: Податок на доходи фізичних осіб, що сплачується податковими агентами, із доходів платника податку інших ніж заробітна плата | C17: =D17+E17 -> 2148000 | D17: 2148000
A18: 13000000 | B18: Рентна плата та плата за використання інших природних ресурсів | C18: =C19 -> 5731000 | D18: =D19 -> 5731000 | E18: =E19 -> 0 | F18: =F19 -> 0
A19: 13030000 | B19: Рентна плата за користування надрами загальнодержавного значення | C19: =SUM(C20:C20) -> 5731000 | D19: =SUM(D20:D20) -> 5731000 | E19: =SUM(E20:E20) -> 0 | F19: =SUM(F20:F20) -> 0
A20: 13030100 | B20: Рентна плата за користування надрами для видобування інших корисних копалин загальнодержавного значення (крім видобування корисних копалин, визначених як Активи природних ресурсів) | C20: =D20+E20 -> 5731000 | D20: 5731000
A21: 19000000 | B21: Інші податки та збори | C21: =C22 -> 800000 | D21: =D22 -> 0 | E21: =E22 -> 800000 | F21: =F22 -> 0
A22: 19010000 | B22: Екологічний податок | C22: =C23 -> 800000 | D22: =D23 -> 0 | E22: =E23 -> 800000 | F22: =F23 -> 0
A23: 19010300 | B23: Надходження від розміщення відходів у спеціально відведених для цього місцях чи на об`єктах, крім розміщення окремих видів відходів як вторинної сировини | C23: =D23+E23 -> 800000 | E23: 800000
A24: 20000000 | B24: Неподаткові надходження | C24: =C25+C30 -> 9521000 | D24: =D25+D30 -> 4321000 | E24: =E25+E30 -> 5200000 | F24: =F25+F30 -> 0
A25: 22000000 | B25: Адміністративні збори та платежі, доходи від некомерційної господарської діяльності | C25: =C26+C28 -> 4321000 | D25: =D26+D28 -> 4321000 | E25: =E26+E28 -> 0 | F25: =F26+F28 -> 0
A26: 22010000 | B26: Плата за надання адміністративних послуг | C26: =C27 -> 2050000 | D26: =D27 -> 2050000 | E26: =E27 -> 0 | F26: =F27 -> 0
A27: 22011100 | B27: Плата за ліцензії на право роздрібної торгівлі алкогольними напоями, сидром та перрі (без додавання спирту), тютюновими виробами та рідинами, що використовуються в електронних сигаретах | C27: =D27+E27 -> 2050000 | D27: 2050000
A28: 22080000 | B28: Надходження від орендної плати за користування єдиним майновим комплексом та іншим державним майном | C28: =C29 -> 2271000 | D28: =D29 -> 2271000 | E28: =E29 -> 0 | F28: =F29 -> 0
A29: 22080400 | B29: Надходження від орендної плати за користування майновим комплексом та іншим майном, що перебуває в комунальній власності | C29: =D29+E29 -> 2271000 | D29: 2271000
A30: 24000000 | B30: Інші неподаткові надходження | C30: =C31 -> 5200000 | D30: =D31 -> 0 | E30: =E31 -> 5200000 | F30: =F31 -> 0
A31: 24062100 | B31: Грошові стягнення за шкоду, заподіяну порушенням законодавства про охорону навколишнього природного середовища внаслідок господарської та іншої діяльності | C31: =D31+E31 -> 5200000 | E31: 5200000
B32: Усього доходів (без урахування міжбюджетних трансфертів) | C32: =C13+C24 -> 31900000 | D32: =D13+D24 -> 25900000 | E32: =E13+E24 -> 6000000 | F32: =F13+F24 -> 0
A33: 40000000 | B33: Офіційні трансферти | C33: =C34 -> 91659488 | D33: =D34 -> 84959488 | E33: =E34 -> 6000000 | F33: =F34 -> 6000000
A34: 41000000 | B34: Від органів державного управління | C34: =C35+C40+C38 -> 91659488 | D34: =D35+D40 -> 84959488 | E34: =E35+E40 -> 6000000 | F34: =F35+F40 -> 6000000
A35: 41030000 | B35: Субвенції з державного бюджету місцевим бюджетам | C35: =C37+C36 -> 84859488 | D35: =D37+D36 -> 84859488 | E35: =E37+E36 -> 0 | F35: =F37+F36 -> 0
A36: 41032300 | B36: Субвенція з державного бюджету місцевим бюджетам на формування фондів житла для тимчасового проживання або підтриманого проживання евакуйованих та внутрішньо переміщених осіб і заходів щодо забезпечення їх житлом у сільській місцевості | C36: =D36+E36 -> 85497488 | D36: 85497488
A37: 41036300 | B37: Субвенція з державного бюджету місцевим бюджетам на здійснення доплат педагогічним працівникам закладів загальної середньої освіти | C37: =D37+E37 -> -638000 | D37: ='дод.5 трансф'!D12 -> -638000
A38: 41040000 | B38: Дотації з місцевих бюджетів іншим місцевим бюджетам | C38: =C39 -> 700000 | D38: =D39 -> 700000 | E38: =E39 -> 0 | F38: =F39 -> 0
A39: 41040400 | B39: Інші дотації з місцевого бюджету | C39: =D39+E39 -> 700000 | D39: 700000
A40: 41050000 | B40: Субвенції з місцевих бюджетів іншим місцевим бюджетам | C40: =C41+C42 -> 6100000 | D40: =D41+D42 -> 100000 | E40: =E41+E42 -> 6000000 | F40: =F41+F42 -> 6000000
A41: 41053400 | B41: Субвенція з місцевого бюджету на підготовку та реалізацію публічних інвестиційних проектів / програм публічних інвестицій | C41: =D41+E41 -> 6000000 | E41: ='дод.5 трансф'!D19 -> 6000000 | F41: =E41 -> 6000000
A42: 41053900 | B42: Інші субвенції з місцевого бюджету | C42: =D42+E42 -> 100000 | D42: ='дод.5 трансф'!D16 -> 100000
A43: X | B43: Разом доходів | C43: =C33+C32 -> 123559488 | D43: =D33+D32 -> 110859488 | E43: =E33+E32 -> 12000000 | F43: =F33+F32 -> 6000000
A45: Директор департаменту фінансів Закарпатської обласної державної адміністрації - обласної військової адміністрації | E45: Петро ЛАЗАР

Sheet дод 2 джерела
E1: Додаток 2
E2: до розпорядження
E3: 16.10.2026 №734
A4: Зміни до фінансування обласного бюджету на 2026 рік
B5: 0710000000 (код бюджету)
F6: грн.
A7: Код | B7: Найменування згідно з Класифікацією фінансування бюджету | C7: Усього | D7: Загальний фонд | E7: Спеціальний фонд
E8: Усього | F8: у тому числі бюджет розвитку
A9: 1 | B9: 2 | C9: 3 | D9: 4 | E9: 5 | F9: 6
B10: Фінансування за типом кредитора
A11: 200000 | B11: Внутрішнє фінансування | C11: =C12 -> 0 | D11: =D12 -> 16137368 | E11: =E12 -> -16137368 | F11: =F12 -> -10137368
A12: 208000 | B12: Фінансування за рахунок зміни залишків коштів бюджетів | C12: =C13-C14+C16+C15 -> 0 | D12: =D13-D14+D16+D15 -> 16137368 | E12: =E13-E14+E16+E15 -> -16137368 | F12: =F13-F14+F16+F15 -> -10137368
A13: 208100 | B13: На початок періоду | C13: =D13+E13 -> 10334976 | D13: 10000053 | E13: 334922.26 | F13: 58.16
A14: 208200 | B14: На кінець періоду | C14: =D14+E14 -> 10334976 | D14: 10000053 | E14: =20434922.26-20100000 -> 334922.26 | F14: 58.16
A15: 208320 | B15: Передача коштів із спеціального до загального фонду бюджету | D15: 6000000 | E15: -6000000
A16: 208400 | B16: Кошти, що передаються із загального фонду бюджету до бюджету розвитку (спеціального фонду) | C16: =D16+E16 -> 0 | D16: 10137368 | E16: -10137368 | F16: -10137368
A17: 600000 | B17: Фінансування за активними операціями | C17: =C18 -> 0 | D17: =D18 -> 16137368 | E17: =E18 -> -16137368 | F17: =F18 -> -10137368
A18: 602000 | B18: Зміни обсягів готівкових коштів | C18: =C12 -> 0 | D18: =D12 -> 16137368 | E18: =E12 -> -16137368 | F18: =F12 -> -10137368
A19: 602100 | B19: На початок періоду | C19: =C13 -> 10334976 | D19: =D13 -> 10000053 | E19: =E13 -> 334922.26 | F19: =F13 -> 58.16
A20: 602200 | B20: На кінець періоду | C20: =C14 -> 10334976 | D20: =D14 -> 10000053 | E20: =E14 -> 334922.26 | F20: =F14 -> 58.16
A21: 602302 | B21: Передача коштів із спеціального до загального фонду бюджету | C21: =C15 -> 0 | D21: =D15 -> 6000000 | E21: =E15 -> -6000000 | F21: =F15 -> 0
A22: 602400 | B22: Кошти, що передаються із загального фонду бюджету до бюджету розвитку (спеціального фонду) | C22: =C16 -> 0 | D22: =D16 -> 10137368 | E22: =E16 -> -10137368 | F22: =F16 -> -10137368
A23: Директор департаменту фінансів Закарпатської обласної державної адміністрації - обласної військової адміністрації | E23: Петро ЛАЗАР

Sheet дод.3 
O1: Додаток 3
O2: до розпорядження
O3: 16.10.2026 №734
A4: Зміни до додатка 3 розпорядження голови обласної державної адміністрації-начальника обласної військової адміністрації від 18.12.2025 № 878 „Про обласний бюджет на 2026 рік” – „Розподіл видатків обласного бюджету на 2026 рік”
B5: 0710000000 (код бюджету)
P6: грн.
A7: Код Програмної класифікації видатків та кредитування місцевого бюджету | B7: Код Типової програмної класифікації видатків та кредиту- вання місцевого бюджету | C7: Код Функціональ- ної класифікації видатків та кредитування бюджету | D7: Найменування головного розпорядника коштів місцевого бюджету/відповідального виконавця, найменування бюджетної програми згідно з Типовою програмною класифікацією видатків та кредитування місцевого бюджету | E7: Загальний фонд | J7: Спеціальний фонд | P7: Разом
E8: усього | F8: видатки споживання | G8: з них | I8: видатки розвитку | J8: усього | K8: у тому числі бюджет розвитку | L8: видатки споживання | M8: з них | O8: видатки розвитку
G9: оплата праці | H9: комунальні послуги та енергоносії | M9: оплата праці | N9: комунальні послуги та енергоносії
A11: 1 | B11: 2 | C11: 3 | D11: 4 | E11: 5 | F11: 6 | G11: 7 | H11: 8 | I11: 9 | J11: 10 | K11: 11 | L11: 12 | M11: 13 | N11: 14 | O11: 15 | P11: 16
A12: 0100000 | D12: Закарпатська обласна рада | E12: 1.2052137e+08 | F12: 108839100 | G12: 55657000 | H12: 2324800 | I12: 11682270 | J12: 2.3599371e+08 | K12: 2.3144371e+08 | L12: 4550000 | M12: 1700000 | N12: 1776000 | O12: 2.3144371e+08 | P12: 3.5651508e+08
A13: 0110000 | D13: Закарпатська обласна рада | E13: 54293000 | F13: 53518000 | G13: 33657000 | H13: 1240400 | I13: 775000 | J13: 0 | K13: 0 | L13: 0 | M13: 0 | N13: 0 | O13: 0 | P13: 54293000
A14: 0110180 | B14: 0180 | C14: 0133 | D14: Інша діяльність у сфері державного управління | E14: 950000 | F14: 950000 | G14: 0 | H14: 0 | I14: 0 | J14: 0 | K14: 0 | L14: 0 | M14: 0 | N14: 0 | O14: 0 | P14: 950000
A15: 0117630 | B15: 7630 | C15: 0470 | D15: Реалізація програм і заходів в галузі зовнішньоекономічної діяльності | E15: 2300000 | F15: 2300000 | G15: 0 | H15: 0 | I15: 0 | J15: 0 | K15: 0 | L15: 0 | M15: 0 | N15: 0 | O15: 0 | P15: 2300000
A16: 0120000 | D16: Комунальна установа"Управління спільною власністю територіальних громад" Закарпатської обласної ради | E16: 66228370 | F16: 55321100 | G16: 22000000 | H16: 1084400 | I16: 10907270 | J16: 2.3599371e+08 | K16: 2.3144371e+08 | L16: 4550000 | M16: 1700000 | N16: 1776000 | O16: 2.3144371e+08 | P16: 3.0222208e+08
A17: 0120180 | B17: 0180 | C17: 0133 | D17: Інша діяльність у сфері державного управління | E17: 66203370 | F17: 55296100 | G17: 22000000 | H17: 1084400 | I17: 10907270 | J17: 4550000 | K17: 0 | L17: 4550000 | M17: 1700000 | N17: 1776000 | O17: 0 | P17: 70753370
A18: 0121300 | B18: 1300 | C18: 0990 | D18: Підготовка та реалізація публічних інвестиційних проектів / програм публічних інвестицій за рахунок коштів місцевого бюджету в галузі освіти | E18: 0 | F18: 0 | G18: 0 | H18: 0 | I18: 0 | J18: 184726300 | K18: 184726300 | L18: 0 | M18: 0 | N18: 0 | O18: 184726300 | P18: 184726300
A19: 0200000 | D19: Закарпатська обласна державна адміністрація | E19: 37506700 | F19: 35097900 | G19: 9092600 | H19: 83800 | I19: 2408800 | J19: 2200000 | K19: 0 | L19: 2200000 | M19: 0 | N19: 692000 | O19: 0 | P19: 39706700
A20: 0210000 | D20: Закарпатська обласна державна адміністрація | E20: 37506700 | F20: 35097900 | G20: 9092600 | H20: 83800 | I20: 2408800 | J20: 2200000 | K20: 0 | L20: 2200000 | M20: 0 | N20: 692000 | O20: 0 | P20: 39706700
A21: 0210180 | B21: 0180 | C21: 0133 | D21: Інша діяльність у сфері державного управління | E21: 2002000 | F21: 2002000 | G21: 1350000 | H21: 83800 | I21: 0 | J21: 0 | K21: 0 | L21: 0 | M21: 0 | N21: 0 | O21: 0 | P21: 2002000
A22: 0211142 | B22: 1142 | C22: 0990 | D22: Інші програми та заходи у сфері освіти | E22: 0 | F22: 0 | G22: 0 | H22: 0 | I22: 0 | J22: 0 | K22: 0 | L22: 0 | M22: 0 | N22: 0 | O22: 0 | P22: 0
A23: 0219800 | B23: 9800 | C23: 0180 | D23: Субвенція з місцевого бюджету державному бюджету на виконання програм соціально-економічного розвитку регіонів | E23: 16677100 | F23: 15777100 | G23: 0 | H23: 0 | I23: 900000 | J23: 0 | K23: 0 | L23: 0 | M23: 0 | N23: 0 | O23: 0 | P23: 16677100
A24: 0600000 | D24: Департамент освіти і науки, молоді та спорту Закарпатської обласної державної адміністрації | E24: 1.6218453e+09 | F24: 1.5096176e+09 | G24: 525930480 | H24: 79119630 | I24: 112227712 | J24: 243718749 | K24: 177959049 | L24: 34788802 | M24: 9466700 | N24: 5911100 | O24: 208929947 | P24: 1.865564e+09
A25: 0610000 | D25: Департамент освіти і науки, молоді та спорту Закарпатської обласної державної адміністрації | E25: 1.6218453e+09 | F25: 1.5096176e+09 | G25: 525930480 | H25: 79119630 | I25: 112227712 | J25: 243718749 | K25: 177959049 | L25: 34788802 | M25: 9466700 | N25: 5911100 | O25: 208929947 | P25: 1.865564e+09
A26: 0611022 | B26: 1022 | C26: 0922 | D26: Надання загальної середньої освіти спеціальними закладами загальної середньої освіти для осіб з особливими освітніми потребами, зумовленими порушеннями інтелектуального розвитку, фізичними та/або сенсорними порушеннями, за рахунок коштів місцевого бюджету | E26: 55081600 | F26: 54390500 | G26: 27118900 | H26: 10271200 | I26: 691100 | J26: 2000 | K26: 0 | L26: 2000 | M26: 0 | N26: 0 | O26: 0 | P26: 55083600
A27: 0611023 | B27: 1023 | C27: 0922 | D27: Надання загальної середньої освіти спеціалізованими закладами загальної середньої освіти за рахунок коштів місцевого бюджету | E27: 80821000 | F27: 78071000 | G27: 29210600 | H27: 13998800 | I27: 2750000 | J27: 2000 | K27: 0 | L27: 2000 | M27: 0 | N27: 0 | O27: 0 | P27: 80823000
A28: 0611024 | B28: 1024 | C28: 0910 | D28: Забезпечення належних умов для виховання та розвитку дітей-сиріт і дітей, позбавлених батьківського піклування, в дитячих будинках за рахунок коштів місцевого бюджету | E28: 27117400 | F28: 25535400 | G28: 11414270 | H28: 4423400 | I28: 1582000 | J28: 0 | K28: 0 | L28: 0 | M28: 0 | N28: 0 | O28: 0 | P28: 27117400
A29: 0611091 | B29: 1091 | C29: 0930 | D29: Підготовка кадрів закладами професійної освіти та іншими закладами освіти за рахунок коштів місцевого бюджету | E29: 363076929 | F29: 361762800 | G29: 193466800 | H29: 36175730 | I29: 1314129 | J29: 23371300 | K29: 0 | L29: 17416300 | M29: 3950700 | N29: 3892800 | O29: 5955000 | P29: 386448229
A30: 0611141 | B30: 1141 | C30: 0990 | D30: Забезпечення діяльності інших закладів у сфері освіти | E30: 3961500 | F30: 3961500 | G30: 3105500 | H30: 0 | I30: 0 | J30: 0 | K30: 0 | L30: 0 | M30: 0 | N30: 0 | O30: 0 | P30: 3961500
A31: 0611251 | B31: 1251 | C31: 0990 | D31: Співфінансування заходів, що реалізуються за рахунок субвенції з державного бюджету місцевим бюджетам на реалізацію публічного інвестиційного проекту на безперешкодний доступ до якісної освіти - шкільні автобуси | E31: 0 | F31: 0 | G31: 0 | H31: 0 | I31: 0 | J31: 10168000 | K31: 10168000 | L31: 0 | M31: 0 | N31: 0 | O31: 10168000 | P31: 10168000
A32: 0611300 | B32: 1300 | C32: 0990 | D32: Підготовка та реалізація публічних інвестиційних проектів / програм публічних інвестицій за рахунок коштів місцевого бюджету в галузі освіти | E32: 0 | F32: 0 | G32: 0 | H32: 0 | I32: 0 | J32: 32797816 | K32: 32797816 | L32: 0 | M32: 0 | N32: 0 | O32: 32797816 | P32: 32797816
A33: 0611600 | B33: 1600 | C33: 0990 | D33: Здійснення доплат педагогічним працівникам закладів загальної середньої освіти за рахунок субвенції з державного бюджету місцевим бюджетам | E33: 5712500 | F33: 5712500 | G33: 4723910 | H33: 0 | I33: 0 | J33: 0 | K33: 0 | L33: 0 | M33: 0 | N33: 0 | O33: 0 | P33: 5712500
A34: 0613133 | B34: 3133 | C34: 1040 | D34: Забезпечення молодіжними центрами соціального становлення та розвитку молоді та інші заходи у сфері молодіжної політики | E34: 3061400 | F34: 2961400 | G34: 2150000 | H34: 32400 | I34: 100000 | J34: 0 | K34: 0 | L34: 0 | M34: 0 | N34: 0 | O34: 0 | P34: 3061400
A35: 0615031 | B35: 5031 | C35: 0810 | D35: Розвиток здібностей у дітей та молоді з фізичної культури та спорту комунальними дитячо- юнацькими спортивними школами | E35: 39651100 | F35: 39031100 | G35: 18868200 | H35: 3469900 | I35: 620000 | J35: 100000 | K35: 0 | L35: 100000 | M35: 0 | N35: 0 | O35: 0 | P35: 39751100
A36: 0615032 | B36: 5032 | C36: 0810 | D36: Фінансова підтримка дитячо-юнацьких спортивних шкіл фізкультурно-спортивних товариств | E36: 46903300 | F36: 46503300 | G36: 0 | H36: 0 | I36: 400000 | J36: 0 | K36: 0 | L36: 0 | M36: 0 | N36: 0 | O36: 0 | P36: 46903300
A37: 0619800 | B37: 9800 | C37: 0180 | D37: Субвенція з місцевого бюджету державному бюджету на виконання програм соціально-економічного розвитку регіонів | E37: 2704700 | F37: 2604700 | G37: 0 | H37: 0 | I37: 100000 | J37: 0 | K37: 0 | L37: 0 | M37: 0 | N37: 0 | O37: 0 | P37: 2704700
A38: 0700000 | D38: Департамент охорони здоров`я Закарпатської обласної державної адміністрації | E38: 317223700 | F38: 297351500 | G38: 3498900 | H38: 56500 | I38: 19872200 | J38: 110928000 | K38: 95521400 | L38: 15406600 | M38: 0 | N38: 0 | O38: 95521400 | P38: 428151700
A39: 0710000 | D39: Департамент охорони здоров'я Закарпатської обласної державної адміністрації | E39: 317223700 | F39: 297351500 | G39: 3498900 | H39: 56500 | I39: 19872200 | J39: 110928000 | K39: 95521400 | L39: 15406600 | M39: 0 | N39: 0 | O39: 95521400 | P39: 428151700
A40: 0712010 | B40: 2010 | C40: 0731 | D40: Багатопрофільна стаціонарна медична допомога населенню | E40: 51692350 | F40: 50522150 | G40: 0 | H40: 0 | I40: 1170200 | J40: 0 | K40: 0 | L40: 0 | M40: 0 | N40: 0 | O40: 0 | P40: 51692350
A41: 0712020 | B41: 2020 | C41: 0732 | D41: Спеціалізована стаціонарна медична допомога населенню | E41: 105543560 | F41: 98893560 | G41: 0 | H41: 0 | I41: 6650000 | J41: 0 | K41: 0 | L41: 0 | M41: 0 | N41: 0 | O41: 0 | P41: 105543560
A42: 0712050 | B42: 2050 | C42: 0761 | D42: Медико-соціальний захист дітей-сиріт і дітей, позбавлених батьківського піклування | E42: 17633263 | F42: 17633263 | G42: 0 | H42: 0 | I42: 0 | J42: 0 | K42: 0 | L42: 0 | M42: 0 | N42: 0 | O42: 0 | P42: 17633263
A43: 0712070 | B43: 2070 | C43: 0724 | D43: Екстрена та швидка медична допомога населенню | E43: 8937732 | F43: 8937732 | G43: 0 | H43: 0 | I43: 0 | J43: 0 | K43: 0 | L43: 0 | M43: 0 | N43: 0 | O43: 0 | P43: 8937732
A44: 0712151 | B44: 2151 | C44: 0763 | D44: Забезпечення діяльності інших закладів у сфері охорони здоров`я | E44: 9167600 | F44: 7664700 | G44: 0 | H44: 0 | I44: 1502900 | J44: 0 | K44: 0 | L44: 0 | M44: 0 | N44: 0 | O44: 0 | P44: 9167600
A45: 0712170 | B45: 2170 | C45: 0763 | D45: Підготовка та реалізація публічних інвестиційних проектів / програм публічних інвестицій за рахунок коштів місцевого бюджету в галузі охорони здоров`я | E45: 0 | F45: 0 | G45: 0 | H45: 0 | I45: 0 | J45: 95521400 | K45: 95521400 | L45: 0 | M45: 0 | N45: 0 | O45: 95521400 | P45: 95521400
A46: 0719800 | B46: 9800 | C46: 0180 | D46: Субвенція з місцевого бюджету державному бюджету на виконання програм соціально-економічного розвитку регіонів | E46: 2908300 | F46: 2208300 | G46: 0 | H46: 0 | I46: 700000 | J46: 0 | K46: 0 | L46: 0 | M46: 0 | N46: 0 | O46: 0 | P46: 2908300
A47: 0800000 | D47: Департамент соціального захисту населення Закарпатської обласної державної адміністрації | E47: 443468732 | F47: 442266132 | G47: 239848900 | H47: 50187072 | I47: 1202600 | J47: 54341632 | K47: 523732 | L47: 49669900 | M47: 0 | N47: 50000 | O47: 4671732 | P47: 497810364
A48: 0810000 | D48: Департамент соціального захисту населення Закарпатської обласної державної адміністрації | E48: 443468732 | F48: 442266132 | G48: 239848900 | H48: 50187072 | I48: 1202600 | J48: 54341632 | K48: 523732 | L48: 49669900 | M48: 0 | N48: 50000 | O48: 4671732 | P48: 497810364
A49: 0813090 | B49: 3090 | C49: 1030 | D49: Видатки на поховання учасників бойових дій та осіб з інвалідністю внаслідок війни | E49: 450000 | F49: 450000 | G49: 0 | H49: 0 | I49: 0 | J49: 0 | K49: 0 | L49: 0 | M49: 0 | N49: 0 | O49: 0 | P49: 450000
A50: 0813101 | B50: 3101 | C50: 1010 | D50: Забезпечення соціальними послугами стаціонарного догляду з наданням місця для проживання дітей з вадами фізичного та розумового розвитку | E50: 63303594 | F50: 62983594 | G50: 40664600 | H50: 8296200 | I50: 320000 | J50: 7442500 | K50: 0 | L50: 7442500 | M50: 0 | N50: 0 | O50: 0 | P50: 70746094
A51: 0813102 | B51: 3102 | C51: 1020 | D51: Забезпечення соціальними послугами стаціонарного догляду з наданням місця для проживання, всебічної підтримки, захисту та безпеки осіб, які не можуть вести самостійний спосіб життя через похилий вік, фізичні та розумові вади, психічні захворювання або інші хвороби | E51: 191162774 | F51: 190695174 | G51: 105244500 | H51: 28190500 | I51: 467600 | J51: 31941400 | K51: 0 | L51: 29793400 | M51: 0 | N51: 50000 | O51: 2148000 | P51: 223104174
A52: 0813105 | B52: 3105 | C52: 1010 | D52: Надання реабілітаційних послуг особам з інвалідністю та дітям з інвалідністю | E52: 97036800 | F52: 96921800 | G52: 69022200 | H52: 9566872 | I52: 115000 | J52: 14434000 | K52: 0 | L52: 12434000 | M52: 0 | N52: 0 | O52: 2000000 | P52: 111470800
A53: 0813121 | B53: 3121 | C53: 1040 | D53: Здійснення соціальної роботи та надання соціальних послуг центрами соціальних служб та центрами надання соціальних послуг особам/сім`ям, які належать до вразливих груп населення та/або перебувають у складних життєвих обставинах | E53: 8496000 | F53: 8496000 | G53: 5739500 | H53: 256400 | I53: 0 | J53: 0 | K53: 0 | L53: 0 | M53: 0 | N53: 0 | O53: 0 | P53: 8496000
A54: 0813242 | B54: 3242 | C54: 1090 | D54: Інші заходи та заклади у сфері соціального захисту і соціального забезпечення | E54: 23080000 | F54: 23080000 | G54: 0 | H54: 0 | I54: 0 | J54: 0 | K54: 0 | L54: 0 | M54: 0 | N54: 0 | O54: 0 | P54: 23080000
A55: 0813250 | B55: 3250 | C55: 1090 | D55: Підготовка та реалізація публічних інвестиційних проектів / програм публічних інвестицій за рахунок коштів місцевого бюджету в галузі соціального захисту та соціального забезпечення | E55: 0 | F55: 0 | G55: 0 | H55: 0 | I55: 0 | J55: 523732 | K55: 523732 | L55: 0 | M55: 0 | N55: 0 | O55: 523732 | P55: 523732
A56: 0816085 | B56: 6085 | C56: 0610 | D56: Здешевлення вартості іпотечних кредитів для забезпечення доступним житлом громадян, які потребують поліпшення житлових умов | E56: 9430000 | F56: 9430000 | G56: 0 | H56: 0 | I56: 0 | J56: 0 | K56: 0 | L56: 0 | M56: 0 | N56: 0 | O56: 0 | P56: 9430000
A57: 0819800 | B57: 9800 | C57: 0180 | D57: Субвенція з місцевого бюджету державному бюджету на виконання програм соціально-економічного розвитку регіонів | E57: 3899100 | F57: 3899100 | G57: 0 | H57: 0 | I57: 0 | J57: 0 | K57: 0 | L57: 0 | M57: 0 | N57: 0 | O57: 0 | P57: 3899100
A58: 0900000 | D58: Служба у справах дітей Закарпатської обласної державної адміністрації | E58: 29598800 | F58: 29477800 | G58: 17366400 | H58: 2024300 | I58: 121000 | J58: 0 | K58: 0 | L58: 0 | M58: 0 | N58: 0 | O58: 0 | P58: 29598800
A59: 0910000 | D59: Служба у справах дітей Закарпатської обласної державної адміністрації | E59: 29598800 | F59: 29477800 | G59: 17366400 | H59: 2024300 | I59: 121000 | J59: 0 | K59: 0 | L59: 0 | M59: 0 | N59: 0 | O59: 0 | P59: 29598800
A60: 0913111 | B60: 3111 | C60: 1040 | D60: Надання комплексу послуг дітям-сиротам, дітям, позбавленим батьківського піклування, особам з їх числа та дітям віком від 3 до 18 років, які опинились у складних життєвих обставинах, закладами, які надають соціальні послуги дітям | E60: 28111600 | F60: 27990600 | G60: 17366400 | H60: 2024300 | I60: 121000 | J60: 0 | K60: 0 | L60: 0 | M60: 0 | N60: 0 | O60: 0 | P60: 28111600
A61: 1219800 | B61: 9800 | C61: 0180 | D61: Субвенція з місцевого бюджету державному бюджету на виконання програм соціально-економічного розвитку регіонів | E61: 987200 | F61: 987200 | G61: 0 | H61: 0 | I61: 0 | J61: 0 | K61: 0 | L61: 0 | M61: 0 | N61: 0 | O61: 0 | P61: 987200
A62: 1000000 | D62: Департамент культури Закарпатської обласної державної адміністрації | E62: 319662400 | F62: 310588800 | G62: 47098800 | H62: 5169300 | I62: 9073600 | J62: 25146400 | K62: 2679400 | L62: 21992000 | M62: 5610000 | N62: 404800 | O62: 3154400 | P62: 4851200
A63: 1010000 | D63: Департамент культури Закарпатської обласної державної адміністрації | E63: 319662400 | F63: 310588800 | G63: 47098800 | H63: 5169300 | I63: 9073600 | J63: 25146400 | K63: 2679400 | L63: 21992000 | M63: 5610000 | N63: 404800 | O63: 3154400 | P63: 4851200
A64: 1014083 | B64: 4083 | C64: 0829 | D64: Підготовка та реалізація публічних інвестиційних проектів / програм публічних інвестицій за рахунок коштів місцевого бюджету в галузі культури і мистецтва | E64: 0 | F64: 0 | G64: 0 | H64: 0 | I64: 0 | J64: 2679400 | K64: 2679400 | L64: 0 | M64: 0 | N64: 0 | O64: 2679400 | P64: 2679400
A65: 1019800 | B65: 9800 | C65: 0180 | D65: Субвенція з місцевого бюджету державному бюджету на виконання програм соціально-економічного розвитку регіонів | E65: 2257600 | F65: 2207600 | G65: 0 | H65: 0 | I65: 50000 | J65: 0 | K65: 0 | L65: 0 | M65: 0 | N65: 0 | O65: 0 | P65: 2257600
A66: 1200000 | D66: Управління житлово-комунального господарства та енергозбереження Закарпатської обласної державної адміністрації | E66: 332264938 | F66: 959000 | G66: 0 | H66: 0 | I66: 331305938 | J66: 5000000 | K66: 5000000 | L66: 0 | M66: 0 | N66: 0 | O66: 5000000 | P66: 337264938
A67: 1210000 | D67: Управління житлово-комунального господарства та енергозбереження Закарпатської обласної державної адміністрації | E67: 332264938 | F67: 959000 | G67: 0 | H67: 0 | I67: 331305938 | J67: 5000000 | K67: 5000000 | L67: 0 | M67: 0 | N67: 0 | O67: 5000000 | P67: 337264938
A68: 1216013 | B68: 6013 | C68: 0620 | D68: Забезпечення діяльності водопровідно-каналізаційного господарства | E68: 0 | F68: 0 | G68: 0 | H68: 0 | I68: 0 | J68: 0 | K68: 0 | L68: 0 | M68: 0 | N68: 0 | O68: 0 | P68: 0
A69: 1216014 | B69: 6014 | C69: 0620 | D69: Забезпечення збору та вивезення сміття і відходів | E69: 0 | F69: 0 | G69: 0 | H69: 0 | I69: 0 | J69: 0 | K69: 0 | L69: 0 | M69: 0 | N69: 0 | O69: 0 | P69: 0
A70: 1917611 | B70: 7611 | C70: 0490 | D70: Забезпечення нагальних потреб функціонування держави в умовах воєнного стану | E70: 0 | F70: 0 | G70: 0 | H70: 0 | I70: 0 | J70: 0 | K70: 0 | L70: 0 | M70: 0 | N70: 0 | O70: 0 | P70: 0
A71: 1219535 | B71: 9535 | C71: 0180 | D71: Субвенція з місцевого бюджету на формування фондів житла для тимчасового проживання або підтриманого проживання евакуйованих та внутрішньо переміщених осіб і заходів щодо забезпечення їх житлом у сільській місцевості за рахунок відповідної субвенції з державного бюджету | E71: 134499938 | F71: 0 | G71: 0 | H71: 0 | I71: 134499938 | J71: 0 | K71: 0 | L71: 0 | M71: 0 | N71: 0 | O71: 0 | P71: 134499938
A72: 1219800 | B72: 9800 | C72: 0180 | D72: Субвенція з місцевого бюджету державному бюджету на виконання програм соціально-економічного розвитку регіонів | E72: 1005000 | F72: 959000 | G72: 0 | H72: 0 | I72: 46000 | J72: 0 | K72: 0 | L72: 0 | M72: 0 | N72: 0 | O72: 0 | P72: 1005000
A73: 1600000 | D73: Управління містобудування та архітектури Закарпатської обласної державної адміністрації | E73: 5153600 | F73: 1703600 | G73: 0 | H73: 0 | I73: 3450000 | J73: 0 | K73: 0 | L73: 0 | M73: 0 | N73: 0 | O73: 0 | P73: 5153600
A74: 1610000 | D74: Управління містобудування та архітектури Закарпатської обласної державної адміністрації | E74: 5153600 | F74: 1703600 | G74: 0 | H74: 0 | I74: 3450000 | J74: 0 | K74: 0 | L74: 0 | M74: 0 | N74: 0 | O74: 0 | P74: 5153600
A75: 1619800 | B75: 9800 | C75: 0180 | D75: Субвенція з місцевого бюджету державному бюджету на виконання програм соціально-економічного розвитку регіонів | E75: 1153600 | F75: 1153600 | G75: 0 | H75: 0 | I75: 0 | J75: 0 | K75: 0 | L75: 0 | M75: 0 | N75: 0 | O75: 0 | P75: 1153600
A76: 1900000 | D76: Департамент інфраструктури, розвитку і утримання мережі автомобільних доріг загального користування місцевого значення Закарпатської обласної державної адміністрації | E76: 476279600 | F76: 21852100 | G76: 0 | H76: 0 | I76: 454427500 | J76: 1.1723762e+08 | K76: 1.1423762e+08 | L76: 0 | M76: 0 | N76: 0 | O76: 1.1723762e+08 | P76: 5.9351722e+08
A77: 1910000 | D77: Департамент інфраструктури, розвитку і утримання мережі автомобільних доріг загального користування місцевого значення Закарпатської обласної державної адміністрації | E77: 476279600 | F77: 21852100 | G77: 0 | H77: 0 | I77: 454427500 | J77: 1.1723762e+08 | K77: 1.1423762e+08 | L77: 0 | M77: 0 | N77: 0 | O77: 1.1723762e+08 | P77: 5.9351722e+08
A78: 1913270 | B78: 3270 | C78: 1030 | D78: Підготовка та реалізація публічних інвестиційних проектів / програм публічних інвестицій за рахунок коштів місцевого бюджету у сфері ветеранської політики | E78: 0 | F78: 0 | G78: 0 | H78: 0 | I78: 0 | J78: 67042700 | K78: 67042700 | L78: 0 | M78: 0 | N78: 0 | O78: 67042700 | P78: 67042700
A79: 1919800 | B79: 9800 | C79: 0180 | D79: Субвенція з місцевого бюджету державному бюджету на виконання програм соціально-економічного розвитку регіонів | E79: 2352100 | F79: 2352100 | G79: 0 | H79: 0 | I79: 0 | J79: 0 | K79: 0 | L79: 0 | M79: 0 | N79: 0 | O79: 0 | P79: 2352100
A80: 2000000 | D80: Управління цифрового розвитку, цифрових трансформацій і цифровізації Закарпатської обласної державної адміністрації | E80: 16300000 | F80: 8986600 | G80: 0 | H80: 0 | I80: 7313400 | J80: 0 | K80: 0 | L80: 0 | M80: 0 | N80: 0 | O80: 0 | P80: 16300000
A81: 2010000 | D81: Управління цифрового розвитку, цифрових трансформацій і цифровізації Закарпатської обласної державної адміністрації | E81: 16300000 | F81: 8986600 | G81: 0 | H81: 0 | I81: 7313400 | J81: 0 | K81: 0 | L81: 0 | M81: 0 | N81: 0 | O81: 0 | P81: 16300000
A82: 2017530 | B82: 7530 | C82: 0460 | D82: Інші заходи у сфері зв`язку, телекомунікації та інформатики | E82: 7168800 | F82: 0 | G82: 0 | H82: 0 | I82: 7168800 | J82: 0 | K82: 0 | L82: 0 | M82: 0 | N82: 0 | O82: 0 | P82: 7168800
A83: 2018230 | B83: 8230 | C83: 0380 | D83: Інші заходи громадського порядку та безпеки | E83: 4800000 | F83: 4800000 | G83: 0 | H83: 0 | I83: 0 | J83: 0 | K83: 0 | L83: 0 | M83: 0 | N83: 0 | O83: 0 | P83: 4800000
A84: 2019800 | B84: 9800 | C84: 0180 | D84: Субвенція з місцевого бюджету державному бюджету на виконання програм соціально-економічного розвитку регіонів | E84: 1071300 | F84: 1071300 | G84: 0 | H84: 0 | I84: 0 | J84: 0 | K84: 0 | L84: 0 | M84: 0 | N84: 0 | O84: 0 | P84: 1071300
A85: 2300000 | D85: Департамент стратегічних комунікацій, національностей та релігій Закарпатської обласної державної адміністрації | E85: 5929600 | F85: 5929600 | G85: 0 | H85: 0 | I85: 0 | J85: 0 | K85: 0 | L85: 0 | M85: 0 | N85: 0 | O85: 0 | P85: 5929600
A86: 2310000 | D86: Департамент стратегічних комунікацій, національностей та релігій Закарпатської обласної державної адміністрації | E86: 5929600 | F86: 5929600 | G86: 0 | H86: 0 | I86: 0 | J86: 0 | K86: 0 | L86: 0 | M86: 0 | N86: 0 | O86: 0 | P86: 5929600
A87: 2318420 | B87: 8420 | C87: 0830 | D87: Інші заходи у сфері медіа (засобів масової інформації) | E87: 450000 | F87: 450000 | G87: 0 | H87: 0 | I87: 0 | J87: 0 | K87: 0 | L87: 0 | M87: 0 | N87: 0 | O87: 0 | P87: 450000
A88: 2319800 | B88: 9800 | C88: 0180 | D88: Субвенція з місцевого бюджету державному бюджету на виконання програм соціально-економічного розвитку регіонів | E88: 2308200 | F88: 2308200 | G88: 0 | H88: 0 | I88: 0 | J88: 0 | K88: 0 | L88: 0 | M88: 0 | N88: 0 | O88: 0 | P88: 2308200
A89: 2400000 | D89: Департамент агропромислового розвитку Закарпатської обласної державної адміністрації | E89: 52242400 | F89: 3962400 | G89: 1045400 | H89: 33700 | I89: 48280000 | J89: 0 | K89: 0 | L89: 0 | M89: 0 | N89: 0 | O89: 0 | P89: 52242400
A90: 2410000 | D90: Департамент агропромислового розвитку Закарпатської обласної державної адміністрації | E90: 52242400 | F90: 3962400 | G90: 1045400 | H90: 33700 | I90: 48280000 | J90: 0 | K90: 0 | L90: 0 | M90: 0 | N90: 0 | O90: 0 | P90: 52242400
A91: 2417110 | B91: 7110 | C91: 0421 | D91: Реалізація програм в галузі сільського господарства | E91: 50127500 | F91: 2067500 | G91: 1045400 | H91: 33700 | I91: 48060000 | J91: 0 | K91: 0 | L91: 0 | M91: 0 | N91: 0 | O91: 0 | P91: 50127500
A92: 2419800 | B92: 9800 | C92: 0180 | D92: Субвенція з місцевого бюджету державному бюджету на виконання програм соціально-економічного розвитку регіонів | E92: 2114900 | F92: 1894900 | G92: 0 | H92: 0 | I92: 220000 | J92: 0 | K92: 0 | L92: 0 | M92: 0 | N92: 0 | O92: 0 | P92: 2114900
A93: 2500000 | D93: Управління єврорегіональної співпраці Закарпатської обласної державної адміністрації | E93: 2303700 | F93: 2303700 | G93: 0 | H93: 0 | I93: 0 | J93: 0 | K93: 0 | L93: 0 | M93: 0 | N93: 0 | O93: 0 | P93: 2303700
A94: 2510000 | D94: Управління єврорегіональної співпраці Закарпатської обласної державної адміністрації | E94: 2303700 | F94: 2303700 | G94: 0 | H94: 0 | I94: 0 | J94: 0 | K94: 0 | L94: 0 | M94: 0 | N94: 0 | O94: 0 | P94: 2303700
A95: 2519800 | B95: 9800 | C95: 0180 | D95: Субвенція з місцевого бюджету державному бюджету на виконання програм соціально-економічного розвитку регіонів | E95: 903700 | F95: 903700 | G95: 0 | H95: 0 | I95: 0 | J95: 0 | K95: 0 | L95: 0 | M95: 0 | N95: 0 | O95: 0 | P95: 903700
A96: 2600000 | D96: Управлiння туризму та курортiв Закарпатської обласної державної адмiнiстрацiї | E96: 3021800 | F96: 2931800 | G96: 0 | H96: 0 | I96: 90000 | J96: 0 | K96: 0 | L96: 0 | M96: 0 | N96: 0 | O96: 0 | P96: 3021800
A97: 2610000 | D97: Управлiння туризму та курортiв Закарпатської обласної державної адмiнiстрацiї | E97: 3021800 | F97: 2931800 | G97: 0 | H97: 0 | I97: 90000 | J97: 0 | K97: 0 | L97: 0 | M97: 0 | N97: 0 | O97: 0 | P97: 3021800
A98: 2617622 | B98: 7622 | C98: 0470 | D98: Реалізація програм і заходів в галузі туризму та курортів | E98: 1805000 | F98: 1715000 | G98: 0 | H98: 0 | I98: 90000 | J98: 0 | K98: 0 | L98: 0 | M98: 0 | N98: 0 | O98: 0 | P98: 1805000
A99: 2619800 | B99: 9800 | C99: 0180 | D99: Субвенція з місцевого бюджету державному бюджету на виконання програм соціально-економічного розвитку регіонів | E99: 1216800 | F99: 1216800 | G99: 0 | H99: 0 | I99: 0 | J99: 0 | K99: 0 | L99: 0 | M99: 0 | N99: 0 | O99: 0 | P99: 1216800
A100: 2700000 | D100: Департамент економічного та регіонального розвитку Закарпатської обласної державної адміністрації | E100: 38472267 | F100: 24870947 | G100: 0 | H100: 0 | I100: 13601320 | J100: 11652443 | K100: 10992384 | L100: 0 | M100: 0 | N100: 0 | O100: 11652443 | P100: 50124710
A101: 2710000 | D101: Департамент економічного та регіонального розвитку Закарпатської обласної державної адміністрації | E101: 38472267 | F101: 24870947 | G101: 0 | H101: 0 | I101: 13601320 | J101: 11652443 | K101: 10992384 | L101: 0 | M101: 0 | N101: 0 | O101: 11652443 | P101: 50124710
...

Sheet дод 3.1
O1: Додаток 3.1
O2: до розпорядження
O3: 16.10.2026 №734
A5: ЗМІНИ ДО РОЗПОДІЛУ витрат обласного бюджету на 2026 рік у межах змін обсягу доходів та видатків
C6: 0710000000 (код бюджету)
P8: грн.
A9: Код Програмної класифікації видатків та кредитування місцевого бюджету | B9: Код Типової програмної класифікації видатків та кредиту- вання місцевого бюджету | C9: Код Функціональ- ної класифікації видатків та кредитування бюджету | D9: Найменування головного розпорядника коштів місцевого бюджету / відповідального виконавця, найменування бюджетної програми згідно з Типовою програмною класифікацією видатків та кредитування місцевих бюджетів | E9: Загальний фонд | J9: Спеціальний фонд | P9: Разом
E10: усього | F10: видатки споживання | G10: з них | I10: видатки розвитку | J10: усього | K10: у тому числі | L10: видатки споживання | M10: з них | O10: видатки розвитку
G11: оплата праці | H11: комунальні послуги та енергоносії | K11: бюджет розвитку | M11: оплата праці | N11: комунальні послуги та енергоносії
A13: Зміни до розподілу витрат обласного бюджету на 2026 рік за головними розпорядниками коштів, в розрізі джерел коштів:
A14: І. У межах змін обсягу доходів за рахунок | E14: =E15+E74+E81+E85+E89 -> 117559488 | F14: =F15+F74+F81+F85+F89 -> 17962300 | G14: =G15+G74+G81+G85+G89 -> 9928610 | H14: =H15+H74+H81+H85+H89 -> 0 | I14: =I15+I74+I81+I85+I89 -> 99597188 | J14: =J15+J74+J81+J85+J89 -> 6000000 | K14: =K15+K74+K81+K85+K89 -> 6000000 | L14: =L15+L74+L81+L85+L89 -> 0 | ... P14: =P15+P74+P81+P85+P89 -> 123559488 | Q14: ='Дод 1 доходи'!C43-'дод 3.1'!P14 -> 0
A15: І.І перевиконання дохідної частини загального та спеціального фондів обласного бюджету, у тому числі екологічних надходжень | E15: =E16+E19+E22+E25+E28+E31+E34+E37+E40+E43+E46+E49+E52+E55+E58+E61+E64+E67+E71 -> 31900000 | F15: =F16+F19+F22+F25+F28+F31+F34+F37+F40+F43+F46+F49+F52+F55+F58+F61+F64+F67+F71 -> 17800300 | G15: =G16+G19+G22+G25+G28+G31+G34+G37+G40+G43+G46+G49+G52+G55+G58+G61+G64+G67+G71 -> 0 | H15: =H16+H19+H22+H25+H28+H31+H34+H37+H40+H43+H46+H49+H52+H55+H58+H61+H64+H67+H71 -> 0 | I15: =I16+I19+I22+I25+I28+I31+I34+I37+I40+I43+I46+I49+I52+I55+I58+I61+I64+I67+I71 -> 14099700 | J15: =J16+J19+J22+J25+J28+J31+J34+J37+J40+J43+J46+J49+J52+J55+J58+J61+J64+J67+J71 -> 0 | K15: =K16+K19+K22+K25+K28+K31+K34+K37+K40+K43+K46+K49+K52+K55+K58+K61+K64+K67+K71 -> 0 | L15: =L16+L19+L22+L25+L28+L31+L34+L37+L40+L43+L46+L49+L52+L55+L58+L61+L64+L67+L71 -> 0 | ... P15: =P16+P19+P22+P25+P28+P31+P34+P37+P40+P43+P46+P49+P52+P55+P58+P61+P64+P67+P71 -> 31900000
A16: 0200000 | D16: Закарпатська обласна державна адмiнiстрацiя | E16: =E17 -> 2489700 | F16: =F17 -> 2489700 | G16: =G17 -> 0 | H16: =H17 -> 0 | I16: =I17 -> 0 | J16: =J17 -> 0 | K16: =K17 -> 0 | L16: =L17 -> 0 | ... P16: =P17 -> 2489700
A17: 0210000 | D17: Закарпатська обласна державна адмiнiстрацiя | E17: =SUM(E18:E18) -> 2489700 | F17: =SUM(F18:F18) -> 2489700 | G17: =SUM(G18:G18) -> 0 | H17: =SUM(H18:H18) -> 0 | I17: =SUM(I18:I18) -> 0 | J17: =SUM(J18:J18) -> 0 | K17: =SUM(K18:K18) -> 0 | L17: =SUM(L18:L18) -> 0 | ... P17: =SUM(P18:P18) -> 2489700
A18: 0219800 | B18: 9800 | C18: 0180 | D18: Субвенція з місцевого бюджету державному бюджету на виконання програм соціально-економічного розвитку регіонів | E18: =F18+I18 -> 2489700 | F18: =1922100+51200+432200+84200 -> 2489700 | J18: =L18+O18 -> 0 | P18: =E18+J18 -> 2489700
A19: 0600000 | D19: Департамент освіти і науки, молоді та спорту Закарпатської обласної державної адміністрації | E19: =E20 -> 563900 | F19: =F20 -> 563900 | G19: =G20 -> 0 | H19: =H20 -> 0 | I19: =I20 -> 0 | J19: =J20 -> 0 | K19: =K20 -> 0 | L19: =L20 -> 0 | ... P19: =P20 -> 563900
A20: 0610000 | D20: Департамент освіти і науки, молоді та спорту Закарпатської обласної державної адміністрації | E20: =SUM(E21:E21) -> 563900 | F20: =SUM(F21:F21) -> 563900 | G20: =SUM(G21:G21) -> 0 | H20: =SUM(H21:H21) -> 0 | I20: =SUM(I21:I21) -> 0 | J20: =SUM(J21:J21) -> 0 | K20: =SUM(K21:K21) -> 0 | L20: =SUM(L21:L21) -> 0 | ... P20: =SUM(P21:P21) -> 563900
A21: 0619800 | B21: 9800 | C21: 0180 | D21: Субвенція з місцевого бюджету державному бюджету на виконання програм соціально-економічного розвитку регіонів | E21: =F21+I21 -> 563900 | F21: 563900 | J21: =L21+O21 -> 0 | P21: =E21+J21 -> 563900
A22: 0700000 | D22: Департамент охорони здоров'я Закарпатської обласної державної адмiнiстрацiї | E22: =E23 -> 550700 | F22: =F23 -> 550700 | G22: =G23 -> 0 | H22: =H23 -> 0 | I22: =I23 -> 0 | J22: =J23 -> 0 | K22: =K23 -> 0 | L22: =L23 -> 0 | ... P22: =P23 -> 550700
A23: 0710000 | D23: Департамент охорони здоров'я Закарпатської обласної державної адмiнiстрацiї | E23: =SUM(E24:E24) -> 550700 | F23: =SUM(F24:F24) -> 550700 | G23: =SUM(G24:G24) -> 0 | H23: =SUM(H24:H24) -> 0 | I23: =SUM(I24:I24) -> 0 | J23: =SUM(J24:J24) -> 0 | K23: =SUM(K24:K24) -> 0 | L23: =SUM(L24:L24) -> 0 | ... P23: =SUM(P24:P24) -> 550700
A24: 0719800 | B24: 9800 | C24: 0180 | D24: Субвенція з місцевого бюджету державному бюджету на виконання програм соціально-економічного розвитку регіонів | E24: =F24+I24 -> 550700 | F24: 550700 | J24: =L24+O24 -> 0 | P24: =E24+J24 -> 550700
A25: 0800000 | D25: Департамент соціального захисту населення Закарпатської обласної державної адміністрації | E25: =E26 -> 615200 | F25: =F26 -> 615200 | G25: =G26 -> 0 | H25: =H26 -> 0 | I25: =I26 -> 0 | J25: =J26 -> 0 | K25: =K26 -> 0 | L25: =L26 -> 0 | ... P25: =P26 -> 615200
A26: 0810000 | D26: Департамент соціального захисту населення Закарпатської обласної державної адміністрації | E26: =SUM(E27:E27) -> 615200 | F26: =SUM(F27:F27) -> 615200 | G26: =SUM(G27:G27) -> 0 | H26: =SUM(H27:H27) -> 0 | I26: =SUM(I27:I27) -> 0 | J26: =SUM(J27:J27) -> 0 | K26: =SUM(K27:K27) -> 0 | L26: =SUM(L27:L27) -> 0 | ... P26: =SUM(P27:P27) -> 615200
A27: 0819800 | B27: 9800 | C27: 0180 | D27: Субвенція з місцевого бюджету державному бюджету на виконання програм соціально-економічного розвитку регіонів | E27: =F27+I27 -> 615200 | F27: 615200 | J27: =L27+O27 -> 0 | P27: =E27+J27 -> 615200
A28: 0900000 | D28: Служба у справах дiтей Закарпатської обласної державної адмiнiстрацiї | E28: =E29 -> 241100 | F28: =F29 -> 241100 | G28: =G29 -> 0 | H28: =H29 -> 0 | I28: =I29 -> 0 | J28: =J29 -> 0 | K28: =K29 -> 0 | L28: =L29 -> 0 | ... P28: =P29 -> 241100
A29: 0910000 | D29: Служба у справах дiтей Закарпатської обласної державної адмiнiстрацiї | E29: =SUM(E30:E30) -> 241100 | F29: =SUM(F30:F30) -> 241100 | G29: =SUM(G30:G30) -> 0 | H29: =SUM(H30:H30) -> 0 | I29: =SUM(I30:I30) -> 0 | J29: =SUM(J30:J30) -> 0 | K29: =SUM(K30:K30) -> 0 | L29: =SUM(L30:L30) -> 0 | ... P29: =SUM(P30:P30) -> 241100
A30: 0919800 | B30: 9800 | C30: 0180 | D30: Субвенція з місцевого бюджету державному бюджету на виконання програм соціально-економічного розвитку регіонів | E30: =F30+I30 -> 241100 | F30: 241100 | J30: =L30+O30 -> 0 | P30: =E30+J30 -> 241100
A31: 1000000 | D31: Департамент культури Закарпатської обласної державної адміністрації | E31: =E32 -> 611000 | F31: =F32 -> 561000 | G31: =G32 -> 0 | H31: =H32 -> 0 | I31: =I32 -> 50000 | J31: =J32 -> 0 | K31: =K32 -> 0 | L31: =L32 -> 0 | ... P31: =P32 -> 611000
A32: 1010000 | D32: Департамент культури Закарпатської обласної державної адміністрації | E32: =SUM(E33:E33) -> 611000 | F32: =SUM(F33:F33) -> 561000 | G32: =SUM(G33:G33) -> 0 | H32: =SUM(H33:H33) -> 0 | I32: =SUM(I33:I33) -> 50000 | J32: =SUM(J33:J33) -> 0 | K32: =SUM(K33:K33) -> 0 | L32: =SUM(L33:L33) -> 0 | ... P32: =SUM(P33:P33) -> 611000
A33: 1019800 | B33: 9800 | C33: 0180 | D33: Субвенція з місцевого бюджету державному бюджету на виконання програм соціально-економічного розвитку регіонів | E33: =F33+I33 -> 611000 | F33: 561000 | I33: 50000 | J33: =L33+O33 -> 0 | P33: =E33+J33 -> 611000
A34: 1200000 | D34: Управління житлово-комунального господарства та енергозбереження Закарпатської обласної державної адміністрації | E34: =E35 -> 212800 | F34: =F35 -> 212800 | G34: =G35 -> 0 | H34: =H35 -> 0 | I34: =I35 -> 0 | J34: =J35 -> 0 | K34: =K35 -> 0 | L34: =L35 -> 0 | ... P34: =P35 -> 212800
A35: 1210000 | D35: Управління житлово-комунального господарства та енергозбереження Закарпатської обласної державної адміністрації | E35: =SUM(E36:E36) -> 212800 | F35: =SUM(F36:F36) -> 212800 | G35: =SUM(G36:G36) -> 0 | H35: =SUM(H36:H36) -> 0 | I35: =SUM(I36:I36) -> 0 | J35: =SUM(J36:J36) -> 0 | K35: =SUM(K36:K36) -> 0 | L35: =SUM(L36:L36) -> 0 | ... P35: =SUM(P36:P36) -> 212800
A36: 1219800 | B36: 9800 | C36: 0180 | D36: Субвенція з місцевого бюджету державному бюджету на виконання програм соціально-економічного розвитку регіонів | E36: =F36+I36 -> 212800 | F36: 212800 | J36: =L36+O36 -> 0 | P36: =E36+J36 -> 212800
A37: 1600000 | D37: Управлiння мiстобудування та архiтектури Закарпатської обласної державної адмiнiстрацiї | E37: =E38 -> 302400 | F37: =F38 -> 302400 | G37: =G38 -> 0 | H37: =H38 -> 0 | I37: =I38 -> 0 | J37: =J38 -> 0 | K37: =K38 -> 0 | L37: =L38 -> 0 | ... P37: =P38 -> 302400
A38: 1610000 | D38: Управлiння мiстобудування та архiтектури Закарпатської обласної державної адмiнiстрацiї | E38: =E39 -> 302400 | F38: =F39 -> 302400 | G38: =G39 -> 0 | H38: =H39 -> 0 | I38: =I39 -> 0 | J38: =J39 -> 0 | K38: =K39 -> 0 | L38: =L39 -> 0 | ... P38: =P39 -> 302400
A39: 1619800 | B39: 9800 | C39: 0180 | D39: Субвенція з місцевого бюджету державному бюджету на виконання програм соціально-економічного розвитку регіонів | E39: =F39+I39 -> 302400 | F39: 302400 | J39: =L39+O39 -> 0 | P39: =E39+J39 -> 302400
A40: 1900000 | D40: Департамент інфраструктури, розвитку і утримання мережі автомобільних доріг загального користування місцевого значення Закарпатської обласної державної адмiнiстрацiї | E40: =E41 -> 398600 | F40: =F41 -> 398600 | G40: =G41 -> 0 | H40: =H41 -> 0 | I40: =I41 -> 0 | J40: =J41 -> 0 | K40: =K41 -> 0 | L40: =L41 -> 0 | ... P40: =P41 -> 398600
A41: 1910000 | D41: Департамент інфраструктури, розвитку і утримання мережі автомобільних доріг загального користування місцевого значення Закарпатської обласної державної адмiнiстрацiї | E41: =SUM(E42:E42) -> 398600 | F41: =SUM(F42:F42) -> 398600 | G41: =SUM(G42:G42) -> 0 | H41: =SUM(H42:H42) -> 0 | I41: =SUM(I42:I42) -> 0 | J41: =SUM(J42:J42) -> 0 | K41: =SUM(K42:K42) -> 0 | L41: =SUM(L42:L42) -> 0 | ... P41: =SUM(P42:P42) -> 398600
A42: 1919800 | B42: 9800 | C42: 0180 | D42: Субвенція з місцевого бюджету державному бюджету на виконання програм соціально-економічного розвитку регіонів | E42: =F42+I42 -> 398600 | F42: 398600 | J42: =L42+O42 -> 0 | P42: =E42+J42 -> 398600
A43: 2000000 | D43: Управління цифрового розвитку, цифрових трансформацій і цифровізації Закарпатської обласної державної адміністрації | E43: =E44 -> 208800 | F43: =F44 -> 208800 | G43: =G44 -> 0 | H43: =H44 -> 0 | I43: =I44 -> 0 | J43: =J44 -> 0 | K43: =K44 -> 0 | L43: =L44 -> 0 | ... P43: =P44 -> 208800
A44: 2010000 | D44: Управління цифрового розвитку, цифрових трансформацій і цифровізації Закарпатської обласної державної адміністрації | E44: =SUM(E45:E45) -> 208800 | F44: =SUM(F45:F45) -> 208800 | G44: =SUM(G45:G45) -> 0 | H44: =SUM(H45:H45) -> 0 | I44: =SUM(I45:I45) -> 0 | J44: =SUM(J45:J45) -> 0 | K44: =SUM(K45:K45) -> 0 | L44: =SUM(L45:L45) -> 0 | ... P44: =SUM(P45:P45) -> 208800
A45: 2019800 | B45: 9800 | C45: 0180 | D45: Субвенція з місцевого бюджету державному бюджету на виконання програм соціально-економічного розвитку регіонів | E45: =F45+I45 -> 208800 | F45: 208800 | J45: =L45+O45 -> 0 | P45: =E45+J45 -> 208800
A46: 2300000 | D46: Департамент стратегічних комунікацій, національностей та релігій Закарпатської обласної державної адміністрації | E46: =E47 -> 520300 | F46: =F47 -> 520300 | G46: =G47 -> 0 | H46: =H47 -> 0 | I46: =I47 -> 0 | J46: =J47 -> 0 | K46: =K47 -> 0 | L46: =L47 -> 0 | ... P46: =P47 -> 520300
A47: 2310000 | D47: Департамент стратегічних комунікацій, національностей та релігій Закарпатської обласної державної адміністрації | E47: =E48 -> 520300 | F47: =F48 -> 520300 | G47: =G48 -> 0 | H47: =H48 -> 0 | I47: =I48 -> 0 | J47: =J48 -> 0 | K47: =K48 -> 0 | L47: =L48 -> 0 | ... P47: =P48 -> 520300
A48: 2319800 | B48: 9800 | C48: 0180 | D48: Субвенція з місцевого бюджету державному бюджету на виконання програм соціально-економічного розвитку регіонів | E48: =F48+I48 -> 520300 | F48: 520300 | J48: =L48+O48 -> 0 | P48: =E48+J48 -> 520300
A49: 2400000 | D49: Департамент агропромислового розвитку Закарпатської обласної державної адмiнiстрацiї | E49: =E50 -> 568400 | F49: =F50 -> 348400 | G49: =G50 -> 0 | H49: =H50 -> 0 | I49: =I50 -> 220000 | J49: =J50 -> 0 | K49: =K50 -> 0 | L49: =L50 -> 0 | ... P49: =P50 -> 568400
A50: 2410000 | D50: Департамент агропромислового розвитку Закарпатської обласної державної адмiнiстрацiї | E50: =E51 -> 568400 | F50: =F51 -> 348400 | G50: =G51 -> 0 | H50: =H51 -> 0 | I50: =I51 -> 220000 | J50: =J51 -> 0 | K50: =K51 -> 0 | L50: =L51 -> 0 | ... P50: =P51 -> 568400
A51: 2419800 | B51: 9800 | C51: 0180 | D51: Субвенція з місцевого бюджету державному бюджету на виконання програм соціально-економічного розвитку регіонів | E51: =F51+I51 -> 568400 | F51: =268400+80000 -> 348400 | I51: 220000 | J51: =L51+O51 -> 0 | P51: =E51+J51 -> 568400
A52: 2500000 | D52: Управління єврорегіональної співпраці Закарпатської обласної державної адміністрації | E52: =E53 -> 199800 | F52: =F53 -> 199800 | G52: =G53 -> 0 | H52: =H53 -> 0 | I52: =I53 -> 0 | J52: =J53 -> 0 | K52: =K53 -> 0 | L52: =L53 -> 0 | ... P52: =P53 -> 199800
A53: 2510000 | D53: Управління єврорегіональної співпраці Закарпатської обласної державної адміністрації | E53: =E54 -> 199800 | F53: =F54 -> 199800 | G53: =G54 -> 0 | H53: =H54 -> 0 | I53: =I54 -> 0 | J53: =J54 -> 0 | K53: =K54 -> 0 | L53: =L54 -> 0 | ... P53: =P54 -> 199800
A54: 2519800 | B54: 9800 | C54: 0180 | D54: Субвенція з місцевого бюджету державному бюджету на виконання програм соціально-економічного розвитку регіонів | E54: =F54+I54 -> 199800 | F54: 199800 | J54: =L54+O54 -> 0 | P54: =E54+J54 -> 199800
A55: 2600000 | D55: Управлiння туризму та курортiв Закарпатської обласної державної адмiнiстрацiї | E55: =E56 -> 273000 | F55: =F56 -> 273000 | G55: =G56 -> 0 | H55: =H56 -> 0 | I55: =I56 -> 0 | J55: =J56 -> 0 | K55: =K56 -> 0 | L55: =L56 -> 0 | ... P55: =P56 -> 273000
A56: 2610000 | D56: Управлiння туризму та курортiв Закарпатської обласної державної адмiнiстрацiї | E56: =SUM(E57:E57) -> 273000 | F56: =SUM(F57:F57) -> 273000 | G56: =SUM(G57:G57) -> 0 | H56: =SUM(H57:H57) -> 0 | I56: =SUM(I57:I57) -> 0 | J56: =SUM(J57:J57) -> 0 | K56: =SUM(K57:K57) -> 0 | L56: =SUM(L57:L57) -> 0 | ... P56: =SUM(P57:P57) -> 273000
A57: 2619800 | B57: 9800 | C57: 0180 | D57: Субвенція з місцевого бюджету державному бюджету на виконання програм соціально-економічного розвитку регіонів | E57: =F57+I57 -> 273000 | F57: 273000 | J57: =L57+O57 -> 0 | P57: =E57+J57 -> 273000
A58: 2700000 | D58: Департамент економічного та регіонального розвитку Закарпатської обласної державної адмiнiстрацiї | E58: =E59 -> 700500 | F58: =F59 -> 700500 | G58: =G59 -> 0 | H58: =H59 -> 0 | I58: =I59 -> 0 | J58: =J59 -> 0 | K58: =K59 -> 0 | L58: =L59 -> 0 | ... P58: =P59 -> 700500
A59: 2710000 | D59: Департамент економічного та регіонального розвитку Закарпатської обласної державної адмiнiстрацiї | E59: =SUM(E60:E60) -> 700500 | F59: =SUM(F60:F60) -> 700500 | G59: =SUM(G60:G60) -> 0 | H59: =SUM(H60:H60) -> 0 | I59: =SUM(I60:I60) -> 0 | J59: =SUM(J60:J60) -> 0 | K59: =SUM(K60:K60) -> 0 | L59: =SUM(L60:L60) -> 0 | ... P59: =SUM(P60:P60) -> 700500
A60: 2719800 | B60: 9800 | C60: 0180 | D60: Субвенція з місцевого бюджету державному бюджету на виконання програм соціально-економічного розвитку регіонів | E60: =F60+I60 -> 700500 | F60: 700500 | J60: =L60+O60 -> 0 | P60: =E60+J60 -> 700500
A61: 2800000 | D61: Департамент екологiї та природних ресурсiв Закарпатської обласної державної адмiнiстрацiї | E61: =E62 -> 326800 | F61: =F62 -> 326800 | G61: =G62 -> 0 | H61: =H62 -> 0 | I61: =I62 -> 0 | J61: =J62 -> 0 | K61: =K62 -> 0 | L61: =L62 -> 0 | ... P61: =P62 -> 326800
A62: 2810000 | D62: Департамент екологiї та природних ресурсiв Закарпатської обласної державної адмiнiстрацiї | E62: =E63 -> 326800 | F62: =F63 -> 326800 | G62: =G63 -> 0 | H62: =H63 -> 0 | I62: =I63 -> 0 | J62: =J63 -> 0 | K62: =K63 -> 0 | L62: =L63 -> 0 | ... P62: =P63 -> 326800
A63: 2819800 | B63: 9800 | C63: 0180 | D63: Субвенція з місцевого бюджету державному бюджету на виконання програм соціально-економічного розвитку регіонів | E63: =F63+I63 -> 326800 | F63: 326800 | J63: =L63+O63 -> 0 | P63: =E63+J63 -> 326800
A64: 3000000 | D64: Департамент цивільного захисту та оборонної роботи Закарпатської обласної державної адміністрації | E64: =E65 -> 17703900 | F64: =F65 -> 6803900 | G64: =G65 -> 0 | H64: =H65 -> 0 | I64: =I65 -> 10900000 | J64: =J65 -> 0 | K64: =K65 -> 0 | L64: =L65 -> 0 | ... P64: =P65 -> 17703900
A65: 3010000 | D65: Департамент цивільного захисту та оборонної роботи Закарпатської обласної державної адміністрації | E65: =SUM(E66:E66) -> 17703900 | F65: =SUM(F66:F66) -> 6803900 | G65: =SUM(G66:G66) -> 0 | H65: =SUM(H66:H66) -> 0 | I65: =SUM(I66:I66) -> 10900000 | J65: =SUM(J66:J66) -> 0 | K65: =SUM(K66:K66) -> 0 | L65: =SUM(L66:L66) -> 0 | ... P65: =SUM(P66:P66) -> 17703900
A66: 3019800 | B66: 9800 | C66: 0180 | D66: Субвенція з місцевого бюджету державному бюджету на виконання програм соціально-економічного розвитку регіонів | E66: =F66+I66 -> 17703900 | F66: =303900+3000000+1000000+1000000+4000000+1500000-1000000-3000000 -> 6803900 | I66: =2000000+1500000+400000+3000000+1000000+3000000 -> 10900000 | J66: =L66+O66 -> 0 | P66: =E66+J66 -> 17703900
A67: 3700000 | D67: Департамент фiнансiв Закарпатської обласної державної адмiнiстрацiї | E67: =E68 -> 5143400 | F67: =F68 -> 2213700 | G67: =G68 -> 0 | H67: =H68 -> 0 | I67: =I68 -> 2929700 | J67: =J68 -> 0 | K67: =K68 -> 0 | L67: =L68 -> 0 | ... P67: =P68 -> 5143400
A68: 3710000 | D68: Департамент фiнансiв Закарпатської обласної державної адмiнiстрацiї | E68: =SUM(E69:E70) -> 5143400 | F68: =SUM(F69:F70) -> 2213700 | G68: =SUM(G69:G70) -> 0 | H68: =SUM(H69:H70) -> 0 | I68: =SUM(I69:I70) -> 2929700 | J68: =SUM(J69:J70) -> 0 | K68: =SUM(K69:K70) -> 0 | L68: =SUM(L69:L70) -> 0 | ... P68: =SUM(P69:P70) -> 5143400
A69: 3719770 | B69: 9770 | C69: 0180 | D69: Інші субвенції з місцевого бюджету | E69: =F69+I69 -> 4400000 | F69: =1500000 -> 1500000 | I69: 2900000 | J69: =L69+O69 -> 0 | P69: =E69+J69 -> 4400000
A70: 3719800 | B70: 9800 | C70: 0180 | D70: Субвенція з місцевого бюджету державному бюджету на виконання програм соціально-економічного розвитку регіонів | E70: =F70+I70 -> 743400 | F70: 713700 | I70: 29700 | J70: =L70+O70 -> 0 | P70: =E70+J70 -> 743400
A71: 5100000 | D71: Управління з питань ветеранської політики Закарпатської обласної державної адмiнiстрацiї | E71: =E72 -> 269700 | F71: =F72 -> 269700 | G71: =G72 -> 0 | H71: =H72 -> 0 | I71: =I72 -> 0 | J71: =J72 -> 0 | K71: =K72 -> 0 | L71: =L72 -> 0 | ... P71: =P72 -> 269700
A72: 5110000 | D72: Управління з питань ветеранської політики Закарпатської обласної державної адмiнiстрацiї | E72: =SUM(E73:E73) -> 269700 | F72: =SUM(F73:F73) -> 269700 | G72: =SUM(G73:G73) -> 0 | H72: =SUM(H73:H73) -> 0 | I72: =SUM(I73:I73) -> 0 | J72: =SUM(J73:J73) -> 0 | K72: =SUM(K73:K73) -> 0 | L72: =SUM(L73:L73) -> 0 | ... P72: =SUM(P73:P73) -> 269700
A73: 5119800 | B73: 9800 | C73: 0180 | D73: Субвенція з місцевого бюджету державному бюджету на виконання програм соціально-економічного розвитку регіонів | E73: =F73+I73 -> 269700 | F73: 269700 | J73: =L73+O73 -> 0 | P73: =E73+J73 -> 269700
A74: І.ІІ. додаткової дотації з державного бюджету місцевим бюджетам на здійснення повноважень органів місцевого самоврядування на деокупованих, тимчасово окупованих та інших територіях України, що зазнали негативного впливу у зв'язку з повномасштабною збройною агресією Російської Федерації: | E74: =E75+E78 -> 0 | F74: =F75+F78 -> 0 | G74: =G75+G78 -> 9836000 | H74: =H75+H78 -> 0 | I74: =I75+I78 -> 0 | J74: =J75+J78 -> 0 | K74: =K75+K78 -> 0 | L74: =L75+L78 -> 0 | ... P74: =P75+P78 -> 0
A75: 0600000 | D75: Департамент освіти і науки, молоді та спорту Закарпатської обласної державної адміністрації | E75: =E76 -> 12000000 | F75: =F76 -> 12000000 | G75: =G76 -> 9836000 | H75: =H76 -> 0 | I75: =I76 -> 0 | J75: =J76 -> 0 | K75: =K76 -> 0 | L75: =L76 -> 0 | ... P75: =P76 -> 12000000
A76: 0610000 | D76: Департамент освіти і науки, молоді та спорту Закарпатської обласної державної адміністрації | E76: =E77 -> 12000000 | F76: =F77 -> 12000000 | G76: =G77 -> 9836000 | H76: =H77 -> 0 | I76: =I77 -> 0 | J76: =J77 -> 0 | K76: =K77 -> 0 | L76: =L77 -> 0 | ... P76: =P77 -> 12000000
A77: 0611091 | B77: 1091 | C77: 0930 | D77: Підготовка кадрів закладами професійної освіти та іншими закладами освіти за рахунок коштів місцевого бюджету | E77: =F77+I77 -> 12000000 | F77: 12000000 | G77: 9836000 | J77: =L77+O77 -> 0 | P77: =J77+E77 -> 12000000
A78: 3700000 | D78: Департамент фінансів Закарпатської обласної державної адміністрації | E78: =E79 -> -12000000 | F78: =F79 -> -12000000 | G78: =G79 -> 0 | H78: =H79 -> 0 | I78: =I79 -> 0 | J78: =J79 -> 0 | K78: =K79 -> 0 | L78: =L79 -> 0 | ... P78: =P79 -> -12000000
A79: 3710000 | D79: Департамент фінансів Закарпатської обласної державної адміністрації | E79: =E80 -> -12000000 | F79: =F80 -> -12000000 | G79: =G80 -> 0 | H79: =H80 -> 0 | I79: =I80 -> 0 | J79: =J80 -> 0 | K79: =K80 -> 0 | L79: =L80 -> 0 | ... P79: =P80 -> -12000000
A80: 3719150 | B80: 9150 | C80: 0180 | D80: Інші дотації з місцевого бюджету | E80: =F80+I80 -> -12000000 | F80: -12000000 | P80: =J80+E80 -> -12000000
A81: І.ІІІ. субвенції з державного бюджету місцевим бюджетам на здійснення доплат педагогічним працівникам закладів загальної середньої освіти | E81: =E82 -> -638000 | F81: =F82 -> -638000 | G81: =G82 -> -481390 | H81: =H82 -> 0 | I81: =I82 -> 0 | J81: =J82 -> 0 | K81: =K82 -> 0 | L81: =L82 -> 0 | ... P81: =P82 -> -638000
A82: 0600000 | D82: Департамент освіти і науки, молоді та спорту Закарпатської обласної державної адміністрації | E82: =E83 -> -638000 | F82: =F83 -> -638000 | G82: =G83 -> -481390 | H82: =H83 -> 0 | I82: =I83 -> 0 | J82: =J83 -> 0 | K82: =K83 -> 0 | L82: =L83 -> 0 | ... P82: =P83 -> -638000
A83: 0610000 | D83: Департамент освіти і науки, молоді та спорту Закарпатської обласної державної адміністрації | E83: =E84 -> -638000 | F83: =F84 -> -638000 | G83: =G84 -> -481390 | H83: =H84 -> 0 | I83: =I84 -> 0 | J83: =J84 -> 0 | K83: =K84 -> 0 | L83: =L84 -> 0 | ... P83: =P84 -> -638000
A84: 0611600 | B84: 1600 | C84: 0990 | D84: Здійснення доплат педагогічним працівникам закладів загальної середньої освіти за рахунок субвенції з державного бюджету місцевим бюджетам | E84: =F84+I84 -> -638000 | F84: -638000 | G84: -481390 | J84: =L84+O84 -> 0 | P84: =J84+E84 -> -638000
A85: І.IV. cубвенції з державного бюджету місцевим бюджетам на формування фондів житла для тимчасового проживання або підтриманого проживання евакуйованих та внутрішньо переміщених осіб і заходів щодо забезпечення їх житлом у сільській місцевості | E85: =E86 -> 85497488 | F85: =F86 -> 0 | G85: =G86 -> 0 | H85: =H86 -> 0 | I85: =I86 -> 85497488 | J85: =J86 -> 0 | K85: =K86 -> 0 | L85: =L86 -> 0 | ... P85: =P86 -> 85497488
A86: 1200000 | D86: Управління житлово-комунального господарства та енергозбереження Закарпатської обласної державної адміністрації | E86: =E87 -> 85497488 | F86: =F87 -> 0 | G86: =G87 -> 0 | H86: =H87 -> 0 | I86: =I87 -> 85497488 | J86: =J87 -> 0 | K86: =K87 -> 0 | L86: =L87 -> 0 | ... P86: =P87 -> 85497488
A87: 1210000 | D87: Управління житлово-комунального господарства та енергозбереження Закарпатської обласної державної адміністрації | E87: =E88 -> 85497488 | F87: =F88 -> 0 | G87: =G88 -> 0 | H87: =H88 -> 0 | I87: =I88 -> 85497488 | J87: =J88 -> 0 | K87: =K88 -> 0 | L87: =L88 -> 0 | ... P87: =P88 -> 85497488
A88: 1219535 | B88: 9535 | C88: 0180 | D88: Субвенція з місцевого бюджету на формування фондів житла для тимчасового проживання або підтриманого проживання евакуйованих та внутрішньо переміщених осіб і заходів щодо забезпечення їх житлом у сільській місцевості за рахунок відповідної субвенції з державного бюджету | E88: =F88+I88 -> 85497488 | I88: 85497488 | J88: =L88+O88 -> 0 | P88: =J88+E88 -> 85497488
A89: І.V дотації та субвенцій із інших місцевих бюджетів: | E89: =E90+E93+E96 -> 800000 | F89: =F90+F93+F96 -> 800000 | G89: =G90+G93+G96 -> 574000 | H89: =H90+H93+H96 -> 0 | I89: =I90+I93+I96 -> 0 | J89: =J90+J93+J96 -> 6000000 | K89: =K90+K93+K96 -> 6000000 | L89: =L90+L93+L96 -> 0 | ... P89: =P90+P93+P96 -> 6800000
A90: 0100000 | D90: Закарпатська обласна рада | E90: =E91 -> 0 | F90: =F91 -> 0 | G90: =G91 -> 0 | H90: =H91 -> 0 | I90: =I91 -> 0 | J90: =J91 -> 6000000 | K90: =K91 -> 6000000 | L90: =L91 -> 0 | ... P90: =P91 -> 6000000
A91: 0120000 | D91: Комунальна установа"Управління спільною власністю територіальних громад" Закарпатської обласної ради | E91: =E92 -> 0 | F91: =F92 -> 0 | G91: =G92 -> 0 | H91: =H92 -> 0 | I91: =I92 -> 0 | J91: =J92 -> 6000000 | K91: =K92 -> 6000000 | L91: =L92 -> 0 | ... P91: =P92 -> 6000000
A92: 0121300 | B92: 1300 | C92: 0990 | D92: Підготовка та реалізація публічних інвестиційних проектів / програм публічних інвестицій за рахунок коштів місцевого бюджету в галузі освіти | E92: =F92+I92 -> 0 | J92: =L92+O92 -> 6000000 | K92: 6000000 | O92: 6000000 | P92: =J92+E92 -> 6000000
A93: 3000000 | D93: Департамент цивільного захисту та оборонної роботи Закарпатської обласної державної адміністрації | E93: =E94 -> 100000 | F93: =F94 -> 100000 | G93: =G94 -> 0 | H93: =H94 -> 0 | I93: =I94 -> 0 | J93: =J94 -> 0 | K93: =K94 -> 0 | L93: =L94 -> 0 | ... P93: =P94 -> 100000
A94: 3010000 | D94: Департамент цивільного захисту та оборонної роботи Закарпатської обласної державної адміністрації | E94: =E95 -> 100000 | F94: =F95 -> 100000 | G94: =G95 -> 0 | H94: =H95 -> 0 | I94: =I95 -> 0 | J94: =J95 -> 0 | K94: =K95 -> 0 | L94: =L95 -> 0 | ... P94: =P95 -> 100000
A95: 3018240 | B95: 8240 | C95: 0380 | D95: Заходи та роботи з територіальної оборони | E95: =F95+I95 -> 100000 | F95: 100000 | J95: =L95+O95 -> 0 | P95: =E95+J95 -> 100000
A96: 5100000 | D96: Управління з питань ветеранської політики Закарпатської обласної державної адмiнiстрацiї | E96: =E97 -> 700000 | F96: =F97 -> 700000 | G96: =G97 -> 574000 | H96: =H97 -> 0 | I96: =I97 -> 0 | J96: =J97 -> 0 | K96: =K97 -> 0 | L96: =L97 -> 0 | ... P96: =P97 -> 700000
A97: 5110000 | D97: Управління з питань ветеранської політики Закарпатської обласної державної адмiнiстрацiї | E97: =E98 -> 700000 | F97: =F98 -> 700000 | G97: =G98 -> 574000 | H97: =H98 -> 0 | I97: =I98 -> 0 | J97: =J98 -> 0 | K97: =K98 -> 0 | L97: =L98 -> 0 | ... P97: =P98 -> 700000
A98: 5113241 | B98: 3241 | C98: 1090 | D98: Надання комплексу послуг особам/сім`ям у сфері соціального захисту та соціального забезпечення іншими надавачами соціальних послуг | E98: =F98+I98 -> 700000 | F98: 700000 | G98: 574000 | J98: =L98+O98 -> 0 | P98: =E98+J98 -> 700000
A99: ІІ. У межах загального обсягу видатків | E99: =E100+E106+E110+E121+E129+E139+E142+E145+E149+E152+E156+E159+E162+E165+E169+E175+E172 -> 10137368 | F99: =F100+F106+F110+F121+F129+F139+F142+F145+F149+F152+F156+F159+F162+F165+F169+F175+F172 -> 13514268 | G99: =G100+G106+G110+G121+G129+G139+G142+G145+G149+G152+G156+G159+G162+G165+G169+G175+G172 -> -8801430 | H99: =H100+H106+H110+H121+H129+H139+H142+H145+H149+H152+H156+H159+H162+H165+H169+H175+H172 -> 744900 | I99: =I100+I106+I110+I121+I129+I139+I142+I145+I149+I152+I156+I159+I162+I165+I169+I175+I172 -> -3376900 | J99: =J100+J106+J110+J121+J129+J139+J142+J145+J149+J152+J156+J159+J162+J165+J169+J175+J172 -> -10137368 | K99: =K100+K106+K110+K121+K129+K139+K142+K145+K149+K152+K156+K159+K162+K165+K169+K175+K172 -> -10137368 | L99: =L100+L106+L110+L121+L129+L139+L142+L145+L149+L152+L156+L159+L162+L165+L169+L175+L172 -> 0 | ... P99: =P100+P106+P110+P121+P129+P139+P142+P145+P149+P152+P156+P159+P162+P165+P169+P175+P172 -> 0
A100: 0100000 | D100: Закарпатська обласна рада | E100: =E101+E104 -> 2802300 | F100: =F101+F104 -> 2365000 | G100: =G101+G104 -> 0 | H100: =H101+H104 -> 0 | I100: =I101+I104 -> 437300 | J100: =J101+J104 -> 0 | K100: =K101+K104 -> 0 | L100: =L101+L104 -> 0 | ... P100: =P101+P104 -> 2802300
A101: 0110000 | D101: Закарпатська обласна рада | E101: =SUM(E102:E103) -> 900000 | F101: =SUM(F102:F103) -> 900000 | G101: =SUM(G102:G103) -> 0 | H101: =SUM(H102:H103) -> 0 | I101: =SUM(I102:I103) -> 0 | J101: =SUM(J102:J103) -> 0 | K101: =SUM(K102:K103) -> 0 | L101: =SUM(L102:L103) -> 0 | ... P101: =SUM(P102:P103) -> 900000
A102: 0110180 | B102: 0180 | C102: 0133 | D102: Інша діяльність у сфері державного управління | E102: =F102+I102 -> 750000 | F102: 750000 | J102: =L102+O102 -> 0 | P102: =E102+J102 -> 750000
A103: 0117630 | B103: 7630 | C103: 0470 | D103: Реалізація програм і заходів в галузі зовнішньоекономічної діяльності | E103: =F103+I103 -> 150000 | F103: 150000 | P103: =E103+J103 -> 150000
...

Sheet дод 4 кред
O1: Додаток 4
O2: до розпорядження
O3: 16.10.2026 №734
A5: Зміни до додатка 4 розпорядження голови обласної державної адміністрації-начальника обласної військової адміністрації від 18.12.2025 № 878 „Про обласний бюджет на 2026 рік” – „Кредитування обласного бюджету у 2026 році”
A6: 0710000000
A7: (код бюджету) | P7: (грн.)
A8: Код Програмної класифікації видатків та кредитування місцевого бюджету | B8: Код Типової програмної класифікації видатків та кредитування місцевого бюджету | C8: Код Функціональної класифікації видатків та кредитування бюджету | D8: Найменування головного розпорядника коштів місцевого бюджету/ відповідального виконавця, найменування бюджетної програми згідно з Типовою програмною класифікацією видатків та кредитування місцевого бюджету | E8: Надання кредитів | I8: Повернення кредитів | M8: Кредитування, усього
E9: загальний фонд | F9: спеціальний фонд | H9: разом | I9: загальний фонд | J9: спеціальний фонд | L9: разом | M9: загальний фонд | N9: спеціальний фонд | P9: разом
F10: усього | G10: у тому числі бюджет розвитку | J10: усього | K10: у тому числі бюджет розвитку | N10: усього | O10: у тому числі бюджет розвитку
A12: 1 | B12: 2 | C12: 3 | D12: 4 | E12: 5 | F12: 6 | G12: 7 | H12: 8 | I12: 9 | J12: 10 | K12: 11 | L12: 12 | M12: 13 | N12: 14 | O12: 15 | P12: 16
A13: 2700000 | D13: Департамент економічного та регіонального розвитку Закарпатської обласної державної адміністрації | E13: =E14 -> 12000000 | F13: =F14 -> 28001489 | G13: =G14 -> 0 | H13: =H14 -> 40001489 | I13: =I14 -> 0 | J13: =J14 -> -24360500 | K13: =K14 -> 0 | L13: =L14 -> -24360500 | ... P13: =P14 -> 15640989
A14: 2710000 | D14: Департамент економічного та регіонального розвитку Закарпатської обласної державної адміністрації | E14: 12000000 | F14: =25401489+2600000 -> 28001489 | G14: 0 | H14: =37401489+2600000 -> 40001489 | I14: 0 | J14: =-21760500-2600000 -> -24360500 | K14: 0 | L14: =-21760500-2600000 -> -24360500 | M14: 12000000 | N14: 3640989 | O14: 0 | P14: 15640989
A15: 2718831 | B15: 8831 | C15: 1060 | D15: Надання довгострокових кредитів індивідуальним забудовникам житла на селі | E15: 12000000 | F15: =14400000+2600000 -> 17000000 | G15: 0 | H15: =E15+F15 -> 29000000 | I15: 0 | J15: 0 | K15: 0 | L15: 0 | M15: 12000000 | N15: =14400000+2600000 -> 17000000 | O15: 0 | P15: =26400000+2600000 -> 29000000
A16: 2718832 | B16: 8832 | C16: 1060 | D16: Повернення довгострокових кредитів, наданих індивідуальним забудовникам житла на селі | E16: 0 | F16: 0 | G16: 0 | H16: 0 | I16: 0 | J16: =-14400000-2600000 -> -17000000 | K16: 0 | L16: =-14400000-2600000 -> -17000000 | M16: 0 | N16: =-14400000-2600000 -> -17000000 | O16: 0 | P16: =-14400000-2600000 -> -17000000
A17: Х | B17: Х | C17: Х | D17: УСЬОГО | E17: 12000000 | F17: =25401489+2600000 -> 28001489 | G17: 0 | H17: =37401489+2600000 -> 40001489 | I17: 0 | J17: =-21760500-2600000 -> -24360500 | K17: 0 | L17: =-21760500-2600000 -> -24360500 | M17: 12000000 | N17: 3640989 | O17: 0 | P17: 15640989
B20: Директор департаменту фінансів Закарпатської обласної державної адміністрації - обласної військової адміністрації | L20: Петро ЛАЗАР

Sheet дод.5 трансф
C1: Додаток 5
C2: до розпорядження
C3: 16.10.2026 №734
A4: Зміни до міжбюджетних трансфертів на 2026 рік
A5: 0710000000 (код бюджету)
A6: 1. Зміни до показників міжбюджетних трансфертів з інших бюджетів
D7: (грн)
A8: Код Класифікації доходу бюджету/Код бюджету | B8: Найменування тансферту/Найменування бюджету-надавача міжбюджетного трансферту | D8: Усього
A9: 1 | B9: 2 | D9: 3
A10: І. Трансферти до загального фонду бюджету
A11: 41032300 | B11: Субвенція з державного бюджету місцевим бюджетам на формування фондів житла для тимчасового проживання або підтриманого проживання евакуйованих та внутрішньо переміщених осіб і заходів щодо забезпечення їх житлом у сільській місцевості | D11: 85497488
A12: 41036300 | B12: Субвенція з державного бюджету місцевим бюджетам на здійснення доплат педагогічним працівникам закладів загальної середньої освіти | D12: -638000
A13: 9900000000 | B13: Державний бюджет | D13: =D12+D11 -> 84859488
A14: 41040400 | B14: Інші дотації з місцевого бюджету (на реалізацію заходів ветеранської політики) | D14: =SUM(D15:D15) -> 700000
A15: 0750300000 | B15: Бюджет Полянської сiльської територiальної громади | D15: 700000
A16: 41053900 | B16: Інші субвенції з місцевого бюджету | D16: =D17 -> 100000
A17: 0753800000 | B17: Бюджет Iвановецької сiльської територiальної громади (на матеріально-технічне забезпечення комунальної установи "Закарпатський центр підготовки населення до національного спротиву" для проведення заходів із підготовки населення до національного спротиву) | D17: 100000
A18: ІІ. Трансферти до спеціального фонду бюджету
A19: 41053400 | B19: Субвенція з місцевого бюджету на підготовку та реалізацію публічних інвестиційних проектів / програм публічних інвестицій (Капітальний ремонт фасаду та даху будівлі Кольчинського ЗЗСО І-ІІІ ст. за адресою: Закарпатська область, Мукачівський район, селище Кольчино, вул. Фрідєшівська,16) | D19: =SUM(D20:D20) -> 6000000
A20: 0754000000 | B20: Бюджет Кольчинської селищної територіальної громади | D20: 6000000
A21: Х | B21: УСЬОГО за розділами І, ІІ, у тому числі: | D21: =D22+D23 -> 91659488
A22: Х | B22: загальний фонд | D22: =D13+D15+D17 -> 85659488
A23: Х | B23: спеціальний фонд | D23: =D19 -> 6000000
A25: 2. Зміни до показників міжбюджетних трансфертів іншим бюджетам
D26: (грн)
A27: Код Програмної класифікації видатків та кредитування місцевого бюджету/Код бюджету | B27: Код Типової програмної класифікації видатків та кредитування місцевого бюджету | C27: Найменування трансферту/Найменування бюджету-отримувача міжбюджетного трансферту | D27: Усього
A28: 1 | B28: 2 | C28: 3 | D28: 4
A29: І. Трансферти із загального фонду бюджету
A30: 3719150 | B30: 9150 | C30: Інші дотації з місцевого бюджету (на оплату праці з нарахуваннями педагогічних і науково-педагогічних працівників, а також працівників надавачів соціальних і реабілітаційних послуг) | D30: =D31 -> -12000000
A31: 0710000000 | B31: 9150 | C31: Обласний бюджет | D31: -12000000
A32: 0619360 | B32: 9360 | C32: Субвенція з місцевого бюджету на реалізацію публічного інвестиційного проекту на забезпечення якісної, сучасної та доступної загальної середньої освіти „Нова українська школа” за рахунок відповідної субвенції з державного бюджету | D32: =SUM(D33:D35) -> 0
A33: 0710000000 | B33: 9360 | C33: Обласний бюджет (нерозподілений обсяг) | D33: =-700000-1459800 -> -2159800
A34: 0753100000 | B34: 9360 | C34: Бюджет Вишкiвської селищної територiальної громади (Облаштування осередку з викладання навчального предмета „Захист України” у Вишківському ліцеї № 1 Вишківської селищної ради Хустського району Закарпатської області) | D34: 1459800
A35: 755900000 | B35: 9360 | C35: Бюджет Ужгородської мiської територiальної громади (Облаштування осередку з викладання навчального предмета „Захист України” в Ужгородському ліцеї „Лідер” Ужгородської міської ради Закарпатської області ) | D35: 700000
A36: 1219535 | B36: 9535 | C36: Субвенція з місцевого бюджету на формування фондів житла для тимчасового проживання або підтриманого проживання евакуйованих та внутрішньо переміщених осіб і заходів щодо забезпечення їх житлом у сільській місцевості за рахунок відповідної субвенції з державного бюджету | D36: =D38+D37 -> 85497488
A37: 0752200000 | B37: 9535 | C37: Бюджет Буштинської селищної територіальної громади | D37: 64497488
A38: 0755000000 | B38: 9535 | C38: Бюджет Свалявської мiської територiальної громади | D38: 21000000
A39: 3719770 | B39: 9770 | C39: Інші субвенції з місцевого бюджету- всього, у тому числі: | D39: =D40+D47+D48 -> 4700000
A40: 3719770 | B40: 9770 | C40: Інші субвенції з місцевого бюджету (На забезпечення видатками районних рад, спрямованих на їх утримання) | D40: =SUM(D41:D46) -> 1800000
A41: 0730120000 | B41: 9770 | C41: Районний бюджет Берегівського району | D41: 300000
A42: 0730720000 | B42: 9770 | C42: Районний бюджет Мукачівського району | D42: 300000
A43: 0730920000 | B43: 9770 | C43: Районний бюджет Рахівського району | D43: 300000
A44: 0731120000 | B44: 9770 | C44: Районний бюджет Тячівського району | D44: 300000
A45: 0731220000 | B45: 9770 | C45: Районний бюджет Ужгородського району | D45: 300000
A46: 0731320000 | B46: 9770 | C46: Районний бюджет Хустського району | D46: 300000
A47: 0751100000 | B47: 9770 | C47: Бюджет Зарiчанської сiльської територiальної громади (Аварійно-відновлювальні роботи (капітальний ремонт) даху з утепленням перекриття Греблянської гімназії (навчальний корпус літ.Б) за адресою Закарпатська область, Хустський район , с.Гребля вул Центральна,130) | D47: 2000000
A48: 0751300000 | B48: 9770 | C48: Бюджет Керецькiвської сiльської територiальної громади (Проведення аварійно-відновлювальних робіт та відновлення покрівлі Кушницького ліцею Керецьківської сільської ради) | D48: 900000
B49: 9800 | C49: Субвенція з місцевого бюджету державному бюджету на виконання програм соціально-економічного розвитку регіонів | D49: =SUM(D50:D68) -> 27500000
A50: 0219800 | B50: 9800 | C50: -"- | D50: ='дод.7 прогр'!H20 -> 2489700
A51: 0619800 | B51: 9800 | C51: -"- | D51: ='дод.7 прогр'!H24 -> 563900
A52: 0719800 | B52: 9800 | C52: -"- | D52: ='дод.7 прогр'!G32 -> 550700
A53: 0819800 | B53: 9800 | C53: -"- | D53: ='дод.7 прогр'!H37 -> 615200
A54: 0919800 | B54: 9800 | C54: -"- | D54: ='дод.7 прогр'!G40 -> 241100
A55: 1019800 | B55: 9800 | C55: -"- | D55: ='дод.7 прогр'!G43 -> 611000
A56: 1219800 | B56: 9800 | C56: -"- | D56: ='дод.7 прогр'!H48 -> 212800
A57: 1619800 | B57: 9800 | C57: -"- | D57: ='дод.7 прогр'!H51 -> 302400
A58: 1919800 | B58: 9800 | C58: -"- | D58: ='дод.7 прогр'!H54 -> 398600
A59: 2019800 | B59: 9800 | C59: -"- | D59: ='дод.7 прогр'!H59 -> 208800
A60: 2319800 | B60: 9800 | C60: -"- | D60: ='дод.7 прогр'!H63 -> 520300
A61: 2419800 | B61: 9800 | C61: -"- | D61: ='дод.7 прогр'!H67 -> 568400
A62: 2519800 | B62: 9800 | C62: -"- | D62: ='дод.7 прогр'!H72 -> 199800
A63: 2619800 | B63: 9800 | C63: -"- | D63: ='дод.7 прогр'!H76 -> 273000
A64: 2719800 | B64: 9800 | C64: -"- | D64: ='дод.7 прогр'!H83 -> 700500
A65: 2819800 | B65: 9800 | C65: -"- | D65: ='дод.7 прогр'!H87 -> 326800
A66: 3019800 | B66: 9800 | C66: -"- | D66: ='дод.7 прогр'!H91 -> 17703900
A67: 3719800 | B67: 9800 | C67: -"- | D67: ='дод.7 прогр'!H104 -> 743400
A68: 5119800 | B68: 9800 | C68: -"- | D68: ='дод.7 прогр'!H108 -> 269700
A69: 9900000000 | B69: 9800 | C69: Державний бюджет | D69: =SUM(D50:D68) -> 27500000
A70: ІІ. Трансферти із спеціального фонду бюджету
A71: Х | B71: УСЬОГО за розділами І, ІІ, у тому числі: | D71: =D72+D73 -> 105697488
A72: Х | B72: Х | C72: загальний фонд | D72: =D32+D36+D39+D49+D30 -> 105697488
A73: Х | B73: Х | C73: спеціальний фонд
A75: Директор департаменту фінансів Закарпатської обласної державної адміністрації - обласної військової адміністрації Петро ЛАЗАР

Sheet дод 6 публ ін 
M1: Додаток 6
M2: до розпорядження
M3: 16.10.2026 №734
B4: Нова редакція додатку 6 до розпорядження голови обласної державної адміністрації-начальника обласної військової адміністрації від 18.12.2025 № 878 „Про обласний бюджет на 2026 рік” – „Обсяги публічних інвестицій у розрізі публічних інвестиційних проєктів та програм публічних інвестицій у 2026 році”
B5: 0710000000
B6: (код бюджету) | O6: (грн)
B7: № з/п | C7: Найменування галузі (сектору) для публічного інвестування / публічного інвестиційного проєкту / програми публічних інвестицій | D7: Унікальний ідентифікатор проєкту / програми | E7: Код Програмної класифікації видатків та кредитування місцевого бюджету | F7: Найменування бюджетної програми згідно з Типовою програмною класифікацією видатків та кредитування місцевого бюджету | G7: Найменування відповідального головного розпорядника коштів місцевого бюджету за галузь (сектор) / головного розпорядника коштів місцевого бюджету / відповідального виконавця | H7: Період реалізації публічного інвестиційного проєкту / програми публічних інвестицій (рік початку і завершення) | I7: Загальна вартість публічного інвестиційного проєкту / програми публічних інвестицій | J7: Обсяг бюджетних коштів, спрямованих на реалізацію публічного інвестиційного проєкту / програми публічних інвестицій у 2026 році | K7: у тому числі за рахунок:
K8: коштів місцевого бюджету | L8: міжбюджетних трансфертів з державного бюджету | M8: міжбюджетних трансфертів з інших місцевих бюджетів | N8: місцевих запозичень | O8: інших джерел
B9: 1 | C9: 2 | D9: 3 | E9: 4 | F9: 5 | G9: 6 | H9: 7 | I9: 8 | J9: 9 | K9: 10 | L9: 11 | M9: 12 | N9: 13 | O9: 14
A10: 1 | B10: 1 | C10: Освіта і наука | D10: X | E10: X | F10: X | G10: Закарпатська обласна рада | H10: X | I10: X | J10: =J11+J13+J16+J18 -> 191921600 | K10: =K11+K13+K16+K18 -> 19323300 | L10: =L11+L13+L16+L18 -> 0 | M10: =M11+M13+M16+M18 -> 172598300 | N10: =N11+N13+N16+N18 -> 0 | O10: =O11+O13+O16+O18 -> 0
B11: 1.1 | C11: Капітальний ремонт спального корпусу літ. Б Ужгородського наукового ліцею Закарпатської обласної ради за адресою: вул. Загорська 28, м. Ужгород» | D11: 270226-9D7EEBAE | E11: X | F11: X | G11: Закарпатська обласна рада | H11: 2026-2028 | I11: 39300000 | J11: =J12 -> 11628000 | K11: =K12 -> 11628000 | L11: =L12 -> 0
B12: X | C12: X | D12: X | E12: 0121300 | F12: Підготовка та реалізація публічних інвестиційних проектів / програм публічних інвестицій за рахунок коштів місцевого бюджету в галузі освіти | G12: Комунальна установа „Управління спільною власністю територіальних громад” Закарпатської обласної ради | H12: X | I12: X | J12: =K12+L12+M12+N12+O12 -> 11628000 | K12: =1288000+10340000 -> 11628000
A13: 1 | B13: 1.2 | C13: Модернізація, зміцнення матеріально-технічної бази, розвиток інфраструктури закладів загальної середньої та дошкільної освіти Закарпатської області на 2026-2028 роки | D13: 271025-45AB6EA0 | E13: X | F13: X | G13: Закарпатська обласна рада | H13: 2026-2028 | I13: 400000000 | J13: =SUM(J14:J15) -> 172598300 | K13: =SUM(K14:K15) -> 0 | L13: =SUM(L14:L15) -> 0 | M13: =SUM(M14:M15) -> 172598300 | N13: =SUM(N14:N15) -> 0 | O13: =SUM(O14:O15) -> 0
A14: 0 | B14: X | C14: Будівництво блоків А, Б, В та котельні загальноосвітньої школи І-ІІІ ступенів по вул. Фрідєшівська, 16 в смт. Кольчино Мукачівського району Закарпатської області.” Коригування | D14: X | E14: 0121300 | F14: Підготовка та реалізація публічних інвестиційних проектів / програм публічних інвестицій за рахунок коштів місцевого бюджету в галузі освіти | G14: Комунальна установа „Управління спільною власністю територіальних громад” Закарпатської обласної ради | H14: X | I14: X | J14: =K14+L14+M14+N14+O14 -> 164998300 | K14: 0 | L14: 0 | M14: =30000000+36498300+5000000+8000000+6000000+70000000+4500000+5000000 -> 164998300 | N14: 0 | O14: 0
B15: X | C15: Капітальний ремонт фасаду та даху будівлі Кольчинського ЗЗСО І-ІІІ ст. за адресою: Закарпатська область, Мукачівський район, селище Кольчино, вул. Фрідєшівська,16 | D15: X | E15: 0121300 | F15: Підготовка та реалізація публічних інвестиційних проектів / програм публічних інвестицій за рахунок коштів місцевого бюджету в галузі освіти | G15: Комунальна установа „Управління спільною власністю територіальних громад” Закарпатської обласної ради | H15: X | I15: X | J15: =K15+L15+M15+N15+O15 -> 7600000 | L15: 0 | M15: =1600000+6000000 -> 7600000 | N15: 0 | O15: 0
B16: 1.3 | C16: Капітальний ремонт фасаду з облаштуванням прилеглої території гуртожитку літери А за адресою:вул.Лева,11 в м.Берегово | D16: 260226-89FCB98F | E16: X | F16: X | G16: Закарпатська обласна рада | H16: 2025-2026 | I16: 7885049 | J16: =J17 -> 500000 | K16: =K17 -> 500000 | L16: =L17 -> 0 | M16: =M17 -> 0 | N16: =N17 -> 0 | O16: =O17 -> 0
B17: X | C17: X | D17: X | E17: 0121300 | F17: Підготовка та реалізація публічних інвестиційних проектів / програм публічних інвестицій за рахунок коштів місцевого бюджету в галузі освіти | G17: Комунальна установа „Управління спільною власністю територіальних громад” Закарпатської обласної ради | H17: X | I17: X | J17: =K17+L17+M17+N17+O17 -> 500000 | K17: 500000
B18: 1.4 | C18: Капітальний ремонт фасаду гуртожитку та прилеглої території за адресою: вул.Томаша Масарика 11а, м.Хуст, Закарпатська область | D18: 270226-65755FAF | E18: X | F18: X | G18: Закарпатська обласна рада | H18: 2025-2026 | I18: 18945331 | J18: =J19 -> 7195300 | K18: =K19 -> 7195300 | L18: =L19 -> 0 | M18: =M19 -> 0 | N18: =N19 -> 0 | O18: =O19 -> 0
B19: X | C19: X | D19: X | E19: 0126088 | F19: Співфінансування заходів, що реалізуються за рахунок субвенції з державного бюджету місцевим бюджетам на формування фондів житла для тимчасового проживання або підтриманого проживання евакуйованих та внутрішньо переміщених осіб і заходів щодо забезпечення їх житлом у сільській місцевості | G19: Комунальна установа „Управління спільною власністю територіальних громад” Закарпатської обласної ради | H19: X | I19: X | J19: =K19+L19+M19+N19+O19 -> 7195300 | K19: 7195300
A20: 1 | B20: 2 | C20: Охорона здоров`я | D20: X | E20: X | F20: X | G20: Закарпатська обласна рада | H20: X | I20: X | J20: =J21+J25+J27+J29+J31+J23 -> 17223730 | K20: =K21+K25+K27+K29+K31+K23 -> 17223730 | L20: =L21+L25+L27+L29+L31+L23 -> 0 | M20: =M21+M25+M27+M29+M31+M23 -> 0 | N20: =N21+N25+N27+N29+N31+N23 -> 0 | O20: =O21+O25+O27+O29+O31+O23 -> 0
A21: 1 | B21: 2.1 | C21: Капітальний ремонт із заміною вікон і дверей у будівлях літ. „А", „А'” та „Б”, що належать до майнового комплексу, розташованого за адресою: м. Ужгород, вул. Тімірязєва, 15А. Коригування | D21: 011025-D3FBE49A | E21: X | F21: X | G21: Закарпатська обласна рада | H21: 2026 | I21: 6408600 | J21: =J22 -> 6408600 | K21: =K22 -> 6408600 | L21: =L22 -> 0 | M21: =M22 -> 0 | N21: =N22 -> 0 | O21: =O22 -> 0
A22: 0 | B22: X | C22: X | D22: X | E22: 0122170 | F22: Підготовка та реалізація публічних інвестиційних проектів / програм публічних інвестицій за рахунок коштів місцевого бюджету в галузі охорони здоров`я | G22: Комунальна установа „Управління спільною власністю територіальних громад” Закарпатської обласної ради | H22: X | I22: X | J22: =K22+L22+M22+N22+O22 -> 6408600 | K22: 6408600 | L22: 0 | M22: 0 | N22: 0 | O22: 0
B23: 2.2 | C23: Реконструкція зовнішніх мереж та споруд водопостачання та каналізації з влаштуванням очисних споруд будівель КНП „Обласний заклад з надання психіатричної допомоги м.Берегова” ЗОР, за адресою: вул. Батозі,1, містечко Чікош, с.Яноші, Берегівського району | D23: 090326-135Е7СВ9 | E23: X | F23: X | G23: Закарпатська обласна рада | H23: 2026-2027 | I23: 34490486 | J23: =J24 -> 785300 | K23: =K24 -> 785300 | L23: =L24 -> 0 | M23: =M24 -> 0 | N23: =N24 -> 0 | O23: =O24 -> 0
B24: X | C24: X | D24: X | E24: 0122170 | F24: Підготовка та реалізація публічних інвестиційних проектів / програм публічних інвестицій за рахунок коштів місцевого бюджету в галузі охорони здоров`я | G24: Комунальна установа „Управління спільною власністю територіальних громад” Закарпатської обласної ради | H24: X | I24: X | J24: =K24+L24+M24+N24+O24 -> 785300 | K24: 785300
B25: 2.3 | C25: Капітальний ремонт I поверху літери „А” за адресою: вулиця Сергія Мартина, 2 в м.Ужгород. Коригування | D25: 271225-28E42EA0 | E25: X | F25: X | G25: Закарпатська обласна рада | H25: 2026-2027 | I25: 13113135 | J25: =K25 -> 3000000 | K25: 3000000
B26: X | C26: X | D26: X | E26: 0122170 | F26: Підготовка та реалізація публічних інвестиційних проектів / програм публічних інвестицій за рахунок коштів місцевого бюджету в галузі охорони здоров`я | G26: Комунальна установа „Управління спільною власністю територіальних громад” Закарпатської обласної ради | H26: X | I26: X | J26: =K26+L26+M26+N26+O26 -> 3000000 | K26: 3000000
B27: 2.4 | C27: Капітальний ремонт котельні та системи опалення КНП „Обласний заклад з надання психіатричної допомоги м.Берегова” за адресою: вулиця Сергія Мартина, 2 в м.Ужгород | D27: 221225-ECF98A51 | E27: X | F27: X | G27: Закарпатська обласна рада | H27: 2026-2027 | I27: 6660101 | J27: =J28 -> 1812900 | K27: =K28 -> 1812900 | L27: =L28 -> 0
B28: X | C28: X | D28: X | E28: 0122170 | F28: Підготовка та реалізація публічних інвестиційних проектів / програм публічних інвестицій за рахунок коштів місцевого бюджету в галузі охорони здоров`я | G28: Комунальна установа „Управління спільною власністю територіальних громад” Закарпатської обласної ради | H28: X | I28: X | J28: =K28+L28+M28+N28+O28 -> 1812900 | K28: 1812900
B29: 2.5 | C29: Капітальний ремонт внутрішніх мереж водопостачання котельні літери „Е”, зовнішніх мереж водопостачання та опалення за адресою: вул. Тімірязева, 15а в м. Ужгород.Коригування | D29: 240226-4DA6DBFD | E29: X | F29: X | G29: Закарпатська обласна рада | H29: 2026-2028 | I29: 3526844 | J29: =J30 -> 216930.09 | K29: =K30 -> 216930.09 | L29: =L30 -> 0 | M29: =M30 -> 0 | N29: =N30 -> 0
B30: X | C30: X | D30: X | E30: 0122170 | F30: Підготовка та реалізація публічних інвестиційних проектів / програм публічних інвестицій за рахунок коштів місцевого бюджету в галузі охорони здоров`я | G30: Комунальна установа „Управління спільною власністю територіальних громад” Закарпатської обласної ради | H30: X | I30: X | J30: =K30+L30+M30+N30+O30 -> 216930.09 | K30: =353100-136169.91 -> 216930.09
B31: 2.6 | C31: Нове будівництво лікувального корпусу КНП „Обласний клінічний фтизіопульмонологічний лікувально-діагностичний центр" Закарпатської обласної ради, за адресою: вул. Залізнична 14, с. Нижня Апша, Тячівського району, Закарпатської області (завершення будівництва)» | D31: 050326-DA9B5356 | E31: X | F31: X | G31: Закарпатська обласна рада | H31: 2026-2027 | I31: 8450000 | J31: =J32 -> 5000000 | K31: =K32 -> 5000000
B32: X | C32: X | D32: X | E32: 0122170 | F32: Підготовка та реалізація публічних інвестиційних проектів / програм публічних інвестицій за рахунок коштів місцевого бюджету в галузі охорони здоров`я | G32: Комунальна установа „Управління спільною власністю територіальних громад” Закарпатської обласної ради | H32: X | I32: X | J32: =K32+L32+M32+N32+O32 -> 5000000 | K32: 5000000
B33: 3 | C33: Культура та інформація | D33: X | E33: X | F33: X | G33: Закарпатська обласна рада | H33: X | I33: X | J33: =J34+J36 -> 5252700 | K33: =K34+K36 -> 5252700 | L33: =L34+L36 -> 0 | M33: =M34+M36 -> 0
B34: 3.1 | C34: Капітальний ремонт внутрішніх мереж водопостачання, водовідвення та електропостачання(частковий) гуртожитку Комунального закладу вищої освіти „Академія культури і мистецтв” Закарпатської обласної ради по вулиці Минайська 38/80 в м. Ужгород для розміщення внутрішньопереміщених та/або евакуйованих осіб | D34: 020326-BC466D2A | E34: X | F34: X | G34: Закарпатська обласна рада | H34: 2026-2027 | I34: 7354450 | J34: =J35 -> 2052700 | K34: =K35 -> 2052700 | L34: =L35 -> 0 | M34: =M35 -> 0 | N34: =N35 -> 0
B35: X | C35: X | D35: X | E35: 0124083 | F35: Підготовка та реалізація публічних інвестиційних проектів / програм публічних інвестицій за рахунок коштів місцевого бюджету в галузі культури і мистецтва | G35: Комунальна установа „Управління спільною власністю територіальних громад” Закарпатської обласної ради | H35: X | I35: X | J35: =K35+L35+M35+N35+O35 -> 2052700 | K35: 2052700
B36: 3.2 | C36: Капітальний ремонт котельні Комунального закладу вищої освіти „Академія культури і мистецтв” Закарпатської обласної ради по вул. Минайська 38/80 в м. Ужгород | D36: 020326-9830AA9E | E36: X | F36: X | G36: Закарпатська обласна рада | H36: 2026 | I36: 8983534 | J36: =J37 -> 3200000 | K36: =K37 -> 3200000 | L36: =L37 -> 0 | M36: =M37 -> 0
B37: X | C37: X | D37: X | E37: 0124083 | F37: Підготовка та реалізація публічних інвестиційних проектів / програм публічних інвестицій за рахунок коштів місцевого бюджету в галузі культури і мистецтва | G37: Комунальна установа „Управління спільною власністю територіальних громад” Закарпатської обласної ради | H37: X | I37: X | J37: =K37+L37+M37+N37+O37 -> 3200000 | K37: =1000000+2200000 -> 3200000
B38: 4 | C38: Спорт та фізичне виховання | D38: X | E38: X | F38: X | G38: Закарпатська обласна рада | H38: X | I38: X | J38: =J39+J41 -> 17023200 | K38: =K39+K41 -> 17023200 | L38: =L39+L41 -> 0 | M38: =M39+M41 -> 0
B39: 4.1 | C39: Реконструкція будівель та споруд об'єктів спортивної інфраструктури розташованих за адресою: місто Ужгород, вулиця Заньковецької, будинок 5. 1 черга: Реконструкція ігрового спортивного залу №1. Коригування | D39: 260226-AD0B28D0 | E39: X | F39: X | G39: Закарпатська обласна рада | H39: 2026-2028 | I39: 33363073 | J39: =J40 -> 3536000 | K39: =K40 -> 3536000 | L39: =L40 -> 0 | M39: =M40 -> 0 | N39: =N40 -> 0
B40: X | C40: X | D40: X | E40: 0125070 | F40: Підготовка та реалізація публічних інвестиційних проектів / програм публічних інвестицій за рахунок коштів місцевого бюджету в галузі фізичної культури і спорту | G40: Комунальна установа „Управління спільною власністю територіальних громад” Закарпатської обласної ради | H40: X | I40: X | J40: =K40+L40+M40+N40+O40 -> 3536000 | K40: 3536000
B41: 4.2 | C41: Капітальний ремонт із заміною вікон ігрового спортивного залу №3 за адресою: м. Ужгород, вул. Заньковецької, буд. 5 з врахуванням потреб осіб з інвалідністю та інших маломобільних груп населення | D41: 250226-9752A9A6 | E41: X | F41: X | G41: Закарпатська обласна рада | H41: 2026-2027 | I41: 13874870 | J41: =J42 -> 13487200 | K41: =K42 -> 13487200 | L41: =L42 -> 0 | M41: =M42 -> 0
B42: X | C42: X | D42: X | E42: 0125070 | F42: Підготовка та реалізація публічних інвестиційних проектів / програм публічних інвестицій за рахунок коштів місцевого бюджету в галузі фізичної культури і спорту | G42: Комунальна установа „Управління спільною власністю територіальних громад” Закарпатської обласної ради | H42: X | I42: X | J42: =K42+L42+M42+N42+O42 -> 13487200 | K42: =3487200+10000000 -> 13487200
A43: 1 | B43: 5 | C43: Освіта і наука | D43: X | E43: X | F43: X | G43: Департамент освіти і науки, молоді та спорту Закарпатської обласної державної адміністрації | H43: X | I43: X | J43: =J44+J47+J50+J53+J56+J59+J62+J65+J68+J71+J73+J75+J77+J79+J81+J83 -> 183765049 | K43: =K44+K47+K50+K53+K56+K59+K62+K65+K68+K71+K73+K75+K77+K79+K81+K83 -> 55569352 | L43: =L44+L47+L50+L53+L56+L59+L62+L65+L68+L71+L73+L75+L77+L79+L81+L83 -> 118095697 | M43: =M44+M47+M50+M53+M56+M59+M62+M65+M68+M71+M73+M75+M77+M79+M81+M83 -> 10100000 | N43: =N44+N47+N50+N53+N56+N59+N62+N65+N68+N71+N73+N75+N77+N79+N81+N83 -> 0 | O43: =O44+O47+O50+O53+O56+O59+O62+O65+O68+O71+O73+O75+O77+O79+O81+O83 -> 0
B44: 5.1 | C44: Облаштування Осередку викладання навчального предмета «Захист України» на базі Комунального закладу «Хустський професійний коледж» Закарпатської обласної ради сучасними засобами навчання та обладнанням | D44: 250526-49CA1E47 | E44: X | F44: X | G44: Департамент освіти і науки, молоді та спорту Закарпатської обласної державної адміністрації | H44: 2026 | I44: 3894453 | J44: =J45+J46 -> 3894453 | K44: =K45+K46 -> 1168336 | L44: =L45+L46 -> 2726117 | M44: =M45+M46 -> 0 | N44: =N45+N46 -> 0 | O44: =O45+O46 -> 0
B45: X | C45: X | D45: X | E45: 0611183 | F45: Співфінансування заходів, що реалізуються за рахунок субвенції з державного бюджету місцевим бюджетам на реалізацію публічного інвестиційного проекту на забезпечення якісної, сучасної та доступної загальної середньої освіти «Нова українська школа» | G45: X | H45: X | I45: X | J45: =K45+L45 -> 1168336 | K45: 1168336
B46: X | C46: X | D46: X | E46: 0611184 | F46: Виконання заходів, спрямованих на реалізацію публічного інвестиційного проекту на забезпечення якісної, сучасної та доступної загальної середньої освіти «Нова українська школа» за рахунок субвенції з державного бюджету місцевим бюджетам | G46: X | H46: X | I46: X | J46: =K46+L46 -> 2726117 | L46: 2726117
B47: 5.2 | C47: Створення осередку для забезпечення навчального предмета «Захист України» в ЗАКЛАДІ ПРОФЕСІЙНОЇ (ПРОФЕСІЙНО-ТЕХНІЧНОЇ) ОСВІТИ «ВИНОГРАДІВСЬКИЙ ПРОФЕСІЙНИЙ КОЛЕДЖ» | D47: 270526-7730EBCD | E47: X | F47: X | G47: Департамент освіти і науки, молоді та спорту Закарпатської обласної державної адміністрації | H47: 2026 | I47: 2220000 | J47: =J48+J49 -> 2220000 | K47: =K48+K49 -> 666000 | L47: =L48+L49 -> 1554000 | M47: =M48+M49 -> 0 | N47: =N48+N49 -> 0 | O47: =O48+O49 -> 0
B48: X | C48: X | D48: X | E48: 0611183 | F48: Співфінансування заходів, що реалізуються за рахунок субвенції з державного бюджету місцевим бюджетам на реалізацію публічного інвестиційного проекту на забезпечення якісної, сучасної та доступної загальної середньої освіти «Нова українська школа» | G48: X | H48: X | I48: X | J48: =K48+L48 -> 666000 | K48: 666000
B49: X | C49: X | D49: X | E49: 0611184 | F49: Виконання заходів, спрямованих на реалізацію публічного інвестиційного проекту на забезпечення якісної, сучасної та доступної загальної середньої освіти «Нова українська школа» за рахунок субвенції з державного бюджету місцевим бюджетам | G49: X | H49: X | I49: X | J49: =K49+L49 -> 1554000 | L49: 1554000
B50: 5.3 | C50: Капітальний ремонт будівель ЗП(ПТ)О «ВИНОГРАДІВСЬКИЙ ПРОФЕСІЙНИЙ КОЛЕДЖ» для реалізації публічного інвестиційного проєкту, спрямованого на забезпечення енергоефективності, безпеки та інклюзивності освітнього простору, за адресою Закарпатська область, Берегівський район, місто Виноградів вулиця Івана Франка будинок 116 | D50: 250526-790E58D6 | E50: X | F50: X | G50: Департамент освіти і науки, молоді та спорту Закарпатської обласної державної адміністрації | H50: 2026-2027 | I50: 25912899 | J50: =J51+J52 -> 25566880 | K50: =K51+K52 -> 12758000 | L50: =L51+L52 -> 12808880 | M50: =M51+M52 -> 0 | N50: =N51+N52 -> 0 | O50: =O51+O52 -> 0
B51: X | C51: X | D51: X | E51: 0611221 | F51: Співфінансування заходів, що реалізуються за рахунок субвенції з державного бюджету місцевим бюджетам на реалізацію публічного інвестиційного проекту на модернізацію майстерень і лабораторій закладів професійної та фахової передвищої освіти, забезпечення енергоефективності, безпеки та інклюзивності освітнього простору | G51: Департамент освіти і науки, молоді та спорту Закарпатської обласної державної адміністрації | H51: X | I51: X | J51: =K51+L51+M51+N51+O51 -> 12758000 | K51: =7773900+4984100 -> 12758000 | L51: 0 | M51: 0 | N51: 0 | O51: 0
B52: X | C52: X | D52: X | E52: 0611222 | F52: Виконання заходів щодо реалізації публічного інвестиційного проекту на модернізацію майстерень і лабораторій закладів професійної та фахової передвищої освіти, забезпечення енергоефективності, безпеки та інклюзивності освітнього простору за рахунок субвенції з державного бюджету місцевим бюджетам | G52: Департамент освіти і науки, молоді та спорту Закарпатської обласної державної адміністрації | H52: X | I52: X | J52: =K52+L52 -> 12808880 | L52: 12808880
B53: 5.4 | C53: Створення навчально-практичного центру харчових технологій для підготовки спеціалістів із професій харчування, зокрема: кухар, кондитер. | D53: 120526-0457DCFA | F53: X | G53: Департамент освіти і науки, молоді та спорту Закарпатської обласної державної адміністрації | H53: 2026-2027 | I53: 7240000 | J53: =J54+J55 -> 6480000 | K53: =K54+K55 -> 2880000 | L53: =L54+L55 -> 3600000 | M53: =M54+M55 -> 0 | N53: =N54+N55 -> 0 | O53: =O54+O55 -> 0
B54: X | C54: X | D54: X | E54: 0611221 | F54: Співфінансування заходів, що реалізуються за рахунок субвенції з державного бюджету місцевим бюджетам на реалізацію публічного інвестиційного проекту на модернізацію майстерень і лабораторій закладів професійної та фахової передвищої освіти, забезпечення енергоефективності, безпеки та інклюзивності освітнього простору | G54: Департамент освіти і науки, молоді та спорту Закарпатської обласної державної адміністрації | H54: X | I54: X | J54: =K54+L54+M54+N54+O54 -> 2880000 | K54: 2880000 | L54: 0 | M54: 0 | N54: 0 | O54: 0
B55: X | C55: X | D55: X | E55: 0611222 | F55: Виконання заходів щодо реалізації публічного інвестиційного проекту на модернізацію майстерень і лабораторій закладів професійної та фахової передвищої освіти, забезпечення енергоефективності, безпеки та інклюзивності освітнього простору за рахунок субвенції з державного бюджету місцевим бюджетам | G55: Департамент освіти і науки, молоді та спорту Закарпатської обласної державної адміністрації | H55: X | I55: X | J55: =K55+L55 -> 3600000 | L55: 3600000
B56: 5.5 | C56: Завершення проєкту "Створення навчально-практичного центру сучасних металообробних технологій" | D56: 300426-D72BBF72 | E56: X | F56: X | G56: Департамент освіти і науки, молоді та спорту Закарпатської обласної державної адміністрації | H56: 2025-2026 | I56: 657001 | J56: =J57+J58 -> 636000 | K56: =K57+K58 -> 186000 | L56: =L57+L58 -> 450000 | M56: =M57+M58 -> 0 | N56: =N57+N58 -> 0 | O56: =O57+O58 -> 0
B57: X | C57: X | D57: X | E57: 0611221 | F57: Співфінансування заходів, що реалізуються за рахунок субвенції з державного бюджету місцевим бюджетам на реалізацію публічного інвестиційного проекту на модернізацію майстерень і лабораторій закладів професійної та фахової передвищої освіти, забезпечення енергоефективності, безпеки та інклюзивності освітнього простору | G57: Департамент освіти і науки, молоді та спорту Закарпатської обласної державної адміністрації | H57: X | I57: X | J57: =K57+L57+M57+N57+O57 -> 186000 | K57: 186000 | L57: 0 | M57: 0 | N57: 0 | O57: 0
B58: X | C58: X | D58: X | E58: 0611222 | F58: Виконання заходів щодо реалізації публічного інвестиційного проекту на модернізацію майстерень і лабораторій закладів професійної та фахової передвищої освіти, забезпечення енергоефективності, безпеки та інклюзивності освітнього простору за рахунок субвенції з державного бюджету місцевим бюджетам | G58: Департамент освіти і науки, молоді та спорту Закарпатської обласної державної адміністрації | H58: X | I58: X | J58: =K58+L58 -> 450000 | L58: 450000
B59: 5.6 | C59: Модернізація (дооснащення) інсуючого навчально-практичного центру та лабораторії з професії монтажник санітарно-технічних систем і устаткування у Комунальному закладі «Хустський професійний коледж» Закарпатської обласної ради | D59: 110526-68473AEC | E59: X | F59: X | G59: Департамент освіти і науки, молоді та спорту Закарпатської обласної державної адміністрації | H59: 2026 | I59: 3600000 | J59: =J60+J61 -> 3160000 | K59: =K60+K61 -> 1360000 | L59: =L60+L61 -> 1800000 | M59: =M60+M61 -> 0 | N59: =N60+N61 -> 0 | O59: =O60+O61 -> 0
B60: X | C60: X | D60: X | E60: 0611221 | F60: Співфінансування заходів, що реалізуються за рахунок субвенції з державного бюджету місцевим бюджетам на реалізацію публічного інвестиційного проекту на модернізацію майстерень і лабораторій закладів професійної та фахової передвищої освіти, забезпечення енергоефективності, безпеки та інклюзивності освітнього простору | G60: Департамент освіти і науки, молоді та спорту Закарпатської обласної державної адміністрації | H60: X | I60: X | J60: =K60+L60+M60+N60+O60 -> 1360000 | K60: 1360000 | L60: 0 | M60: 0 | N60: 0 | O60: 0
B61: X | C61: X | D61: X | E61: 0611222 | F61: Виконання заходів щодо реалізації публічного інвестиційного проекту на модернізацію майстерень і лабораторій закладів професійної та фахової передвищої освіти, забезпечення енергоефективності, безпеки та інклюзивності освітнього простору за рахунок субвенції з державного бюджету місцевим бюджетам | G61: Департамент освіти і науки, молоді та спорту Закарпатської обласної державної адміністрації | H61: X | I61: X | J61: =K61+L61 -> 1800000 | L61: 1800000
B62: 5.7 | C62: Створення сучасного навчально-практичного центру будівельного спрямування з професії “Опоряджувальник будівельний” на базі Комунального закладу “Міжгірський професійний коледж” Закарпатської обласної ради | D62: 190526-A5F1AA10 | E62: X | F62: X | G62: Департамент освіти і науки, молоді та спорту Закарпатської обласної державної адміністрації | H62: 2026 | I62: 2507400 | J62: =J63+J64 -> 2005900 | K62: =K63+K64 -> 752200 | L62: =L63+L64 -> 1253700 | M62: =M63+M64 -> 0 | N62: =N63+N64 -> 0 | O62: =O63+O64 -> 0
B63: X | C63: X | D63: X | E63: 0611221 | F63: Співфінансування заходів, що реалізуються за рахунок субвенції з державного бюджету місцевим бюджетам на реалізацію публічного інвестиційного проекту на модернізацію майстерень і лабораторій закладів професійної та фахової передвищої освіти, забезпечення енергоефективності, безпеки та інклюзивності освітнього простору | G63: Департамент освіти і науки, молоді та спорту Закарпатської обласної державної адміністрації | H63: X | I63: X | J63: =K63+L63+M63+N63+O63 -> 752200 | K63: 752200 | L63: 0 | M63: 0 | N63: 0 | O63: 0
B64: X | C64: X | D64: X | E64: 0611222 | F64: Виконання заходів щодо реалізації публічного інвестиційного проекту на модернізацію майстерень і лабораторій закладів професійної та фахової передвищої освіти, забезпечення енергоефективності, безпеки та інклюзивності освітнього простору за рахунок субвенції з державного бюджету місцевим бюджетам | G64: Департамент освіти і науки, молоді та спорту Закарпатської обласної державної адміністрації | H64: X | I64: X | J64: =K64+L64 -> 1253700 | L64: 1253700
B65: 5.8 | C65: Закупівля шкільних автобусів для забезпечення безперешкодного доступу до освіти - Закарпатської області | D65: 210526-9510Е79Е | E65: X | F65: X | G65: Департамент освіти і науки, молоді та спорту Закарпатської обласної державної адміністрації | H65: 2026 | I65: 100347000 | J65: =J66+J67 -> 98265000 | K65: =K66+K67 -> 1568000 | L65: =L66+L67 -> 88097000 | M65: =M66+M67 -> 8600000 | N65: =N66+N67 -> 0 | O65: 0
B66: X | C66: X | D66: X | E66: 0611251 | F66: Співфінансування заходів, що реалізуються за рахунок субвенції з державного бюджету місцевим бюджетам на реалізацію публічного інвестиційного проекту на безперешкодний доступ до якісної освіти – шкільні автобуси | G66: Департамент освіти і науки, молоді та спорту Закарпатської обласної державної адміністрації | H66: X | I66: X | J66: =K66+M66 -> 10168000 | K66: =2850000-720000-562000 -> 1568000 | M66: =7650000+500000+450000 -> 8600000
B67: X | C67: X | D67: X | E67: 0611252 | F67: Виконання заходів щодо реалізації публічного інвестиційного проекту на безперешкодний доступ до якісної освіти – шкільні автобуси за рахунок субвенції з державного бюджету місцевим бюджетам | G67: Департамент освіти і науки, молоді та спорту Закарпатської обласної державної адміністрації | H67: X | I67: X | J67: =L67 -> 88097000 | L67: 88097000
B68: 5.9 | C68: Безперешкодний доступ до якісної освіти - шкільні автобуси | D68: 311025-1D1135CB | F68: X | G68: Департамент освіти і науки, молоді та спорту Закарпатської обласної державної адміністрації | H68: 2026 | I68: =11656000-2850000 -> 8806000 | J68: =J69+J70 -> 8739000 | K68: =K69+K70 -> 1433000 | L68: =L69+L70 -> 5806000 | M68: =M69+M70 -> 1500000 | N68: =N69+N70 -> 0 | O68: =O69+O70 -> 0
B69: X | C69: X | D69: X | E69: 0611277 | F69: Співфінансування заходів, що реалізуються за рахунок освітньої субвенції з державного бюджету місцевим бюджетам (за спеціальним фондом державного бюджету), на придбання шкільних автобусів | G69: Департамент освіти і науки, молоді та спорту Закарпатської обласної державної адміністрації | H69: X | I69: X | J69: =K69+L69+M69+N69+O69 -> 2933000 | K69: =1500000+1100000+1750000-2850000-67000 -> 1433000 | M69: 1500000
B70: X | C70: X | D70: X | E70: 0611278 | F70: Реалізація заходів за рахунок освітньої субвенції з державного бюджету місцевим бюджетам (за спеціальним фондом державного бюджету) на придбання шкільних автобусів | G70: Департамент освіти і науки, молоді та спорту Закарпатської обласної державної адміністрації | H70: X | I70: X | J70: =K70+L70+M70+N70+O70 -> 5806000 | L70: 5806000
A71: 1 | B71: 5.10 | C71: Капітальний ремонт приміщень виробничого корпусу Комунального закладу „Хустський професійний коледж” Закарпатської обласної ради за адресою Закарпатська область, м.Хуст, вул. Небесної Сотні, 1 для створення навчально-практичного центру електротехнічного спрямування | D71: 031025-8C963127 | E71: X | F71: X | G71: Департамент освіти і науки, молоді та спорту Закарпатської обласної державної адміністрації | H71: 2026 | I71: 6290000 | J71: =J72 -> 6290000 | K71: =K72 -> 6290000 | L71: =L72 -> 0 | M71: =M72 -> 0 | N71: =N72 -> 0 | O71: =O72 -> 0
A72: 0 | B72: X | C72: X | D72: X | E72: 0611300 | F72: Підготовка та реалізація публічних інвестиційних проектів / програм публічних інвестицій за рахунок коштів місцевого бюджету в галузі освіти | G72: Департамент освіти і науки, молоді та спорту Закарпатської обласної державної адміністрації | H72: X | I72: X | J72: =K72+L72+M72+N72+O72 -> 6290000 | K72: 6290000 | L72: 0 | M72: 0 | N72: 0 | O72: 0
B73: 5.11 | C73: Реконструкція частини приміщень першого поверху гуртожитку та створення навчально-виробничих майстерень, лабораторій та харчоблоку з професій „Кухар”, „Кондитер” Комунального закладу „Хустський професійний коледж” Закарпатської обласної ради за адресою м.Хуст, вул.Масарика Томаша, 11 А | D73: 270226-3773F90B | E73: X | F73: X | G73: Департамент освіти і науки, молоді та спорту Закарпатської обласної державної адміністрації | H73: 2026 | I73: 7400000 | J73: =J74 -> 3500000 | K73: =K74 -> 3500000 | L73: =L74 -> 0 | M73: =M74 -> 0
B74: X | C74: X | D74: X | E74: 0611300 | F74: Підготовка та реалізація публічних інвестиційних проектів / програм публічних інвестицій за рахунок коштів місцевого бюджету в галузі освіти | G74: Департамент освіти і науки, молоді та спорту Закарпатської обласної державної адміністрації | H74: X | I74: X | J74: =K74+L74+M74+N74+O74 -> 3500000 | K74: =500000+3000000 -> 3500000
A75: 1 | B75: 5.12 | C75: Будівництво вуличного спортивного комплексу в Ужгородській спеціальній школі І - ІІІ ступенів Закарпатської обласної ради | D75: 051125-70094040 | E75: X | F75: X | G75: Департамент освіти і науки, молоді та спорту Закарпатської обласної державної адміністрації | H75: 2026 | I75: 8300000 | J75: =J76 -> 1100000 | K75: =K76 -> 1100000 | L75: =L76 -> 0 | M75: =M76 -> 0 | N75: =N76 -> 0 | O75: =O76 -> 0
A76: 0 | B76: X | C76: X | D76: X | E76: 0611300 | F76: Підготовка та реалізація публічних інвестиційних проектів / програм публічних інвестицій за рахунок коштів місцевого бюджету в галузі освіти | G76: Департамент освіти і науки, молоді та спорту Закарпатської обласної державної адміністрації | H76: X | I76: X | J76: =K76+L76+M76+N76+O76 -> 1100000 | K76: 1100000 | L76: 0 | M76: 0 | N76: 0 | O76: 0
A77: 1 | B77: 5.13 | C77: Реконструкція складських приміщень під роздягальні для проведення навчально-тренувального процесу в Ужгородському науковому ліцеї Закарпатської обласної ради | D77: 061125-7E7E36B8 | E77: X | F77: X | G77: Департамент освіти і науки, молоді та спорту Закарпатської обласної державної адміністрації | H77: 2026 | I77: 6000000 | J77: =J78 -> 4860000 | K77: =K78 -> 4860000 | L77: =L78 -> 0 | M77: =M78 -> 0 | N77: =N78 -> 0 | O77: =O78 -> 0
A78: 0 | B78: X | C78: X | D78: X | E78: 0611300 | F78: Підготовка та реалізація публічних інвестиційних проектів / програм публічних інвестицій за рахунок коштів місцевого бюджету в галузі освіти | G78: Департамент освіти і науки, молоді та спорту Закарпатської обласної державної адміністрації | H78: X | I78: X | J78: =K78+L78+M78+N78+O78 -> 4860000 | K78: =3200000+1660000 -> 4860000 | L78: 0 | M78: 0 | N78: 0 | O78: 0
A79: 1 | B79: 5.14 | C79: Капітальний ремонт підвального приміщення для облаштування споруди цивільного захисту (укриття) з властивостями ПРУ філії ,,Арніка” КЗПО „Закарпатський обласний центр дитячої та юнацької творчості „ПАДІЮН” Закарпатської обласної ради | D79: 121125-69752644 | E79: X | F79: X | G79: Департамент освіти і науки, молоді та спорту Закарпатської обласної державної адміністрації | H79: 2026 | I79: 8200000 | J79: =J80 -> 8000000 | K79: =K80 -> 8000000 | L79: =L80 -> 0 | M79: =M80 -> 0 | N79: =N80 -> 0 | O79: =O80 -> 0
A80: 0 | B80: X | C80: X | D80: X | E80: 0611300 | F80: Підготовка та реалізація публічних інвестиційних проектів / програм публічних інвестицій за рахунок коштів місцевого бюджету в галузі освіти | G80: Департамент освіти і науки, молоді та спорту Закарпатської обласної державної адміністрації | H80: X | I80: X | J80: =K80+L80+M80+N80+O80 -> 8000000 | K80: 8000000 | L80: 0 | M80: 0 | N80: 0 | O80: 0
A81: 1 | B81: 5.15 | C81: Капітальний ремонт покрівлі Комунального закладу „Тячівський професійний ліцей” Закарпатської обласної ради за адресою: Закарпатська область, м. Тячів, вул.Нересенська, 32 | D81: 221025-6D149468 | E81: X | F81: X | G81: Департамент освіти і науки, молоді та спорту Закарпатської обласної державної адміністрації | H81: 2026 | I81: 4000000 | J81: =J82 -> 2047816 | K81: =K82 -> 2047816 | L81: =L82 -> 0 | M81: =M82 -> 0 | N81: =N82 -> 0 | O81: =O82 -> 0
A82: 0 | B82: X | C82: X | D82: X | E82: 0611300 | F82: Підготовка та реалізація публічних інвестиційних проектів / програм публічних інвестицій за рахунок коштів місцевого бюджету в галузі освіти | G82: Департамент освіти і науки, молоді та спорту Закарпатської обласної державної адміністрації | H82: X | I82: X | J82: =K82+L82+M82+N82+O82 -> 2047816 | K82: =3500000-1452184 -> 2047816 | L82: 0 | M82: 0 | N82: 0 | O82: 0
A83: 1 | B83: 5.16 | C83: Капітальний ремонт даху навчального корпусу (літера Б) Комунального закладу „Мукачівський професійний політехнічний коледж” Закарпатської обласної ради за адресою: Закарпатська область, м. Мукачево, вул. Кооперативна, 2 | D83: 210526-5034А43F | E83: X | F83: X | G83: Департамент освіти і науки, молоді та спорту Закарпатської обласної державної адміністрації | H83: 2026 | I83: 7473747 | J83: =J84 -> 7000000 | K83: =K84 -> 7000000 | L83: =L84 -> 0 | M83: =M84 -> 0 | N83: =N84 -> 0 | O83: =O84 -> 0
A84: 0 | B84: X | C84: X | D84: X | E84: 0611300 | F84: Підготовка та реалізація публічних інвестиційних проектів / програм публічних інвестицій за рахунок коштів місцевого бюджету в галузі освіти | G84: Департамент освіти і науки, молоді та спорту Закарпатської обласної державної адміністрації | H84: X | I84: X | J84: =K84+L84+M84+N84+O84 -> 7000000 | K84: =4500000+2500000 -> 7000000 | L84: 0 | M84: 0 | N84: 0 | O84: 0
B85: 6 | C85: Охорона здоров`я | D85: X | E85: X | F85: X | G85: Департамент охорони здоров'я Закарпатської обласної державної адмiнiстрацiї | H85: X | I85: X | J85: =J86+J88+J90+J92+J94+J96+J98+J100+J102+J104 -> 95521400 | K85: =K86+K88+K90+K92+K94+K96+K98+K100+K102+K104 -> 95521400 | L85: =L86+L88+L90+L92+L94+L96+L98+L100+L102+L104 -> 0 | M85: =M86+M88+M90+M92+M94+M96+M98+M100+M102+M104 -> 0 | N85: =N86+N88+N90+N92+N94+N96+N98+N100+N102+N104 -> 0 | O85: =O86+O88+O90+O92+O94+O96+O98+O100+O102+O104 -> 0
B86: 6.1 | C86: Капітальний ремонт системи вентиляції підвалу - споруди подвійного призначення із захисними властивостями протирадіаційного укриття Комунального закладу "Хустський базовий медичний фаховий коледж" Закарпатської обласної ради | D86: 230426-В37406DB | E86: X | F86: X | G86: Департамент охорони здоров'я Закарпатської обласної державної адмiнiстрацiї | H86: 2026 | I86: 10755745 | J86: =J87 -> 257500 | K86: =K87 -> 257500 | L86: =L87 -> 0 | M86: =M87 -> 0 | N86: =N87 -> 0 | O86: =O87 -> 0
B87: X | C87: X | D87: X | E87: 0712170 | F87: Підготовка та реалізація публічних інвестиційних проектів / програм публічних інвестицій за рахунок коштів місцевого бюджету в галузі охорони здоров`я | G87: Департамент охорони здоров'я Закарпатської обласної державної адмiнiстрацiї | H87: X | I87: X | J87: =K87+L87 -> 257500 | K87: 257500
A88: 1 | B88: 6.2 | C88: Капітальний ремонт частини приміщень та заміна ліфта лікувального корпусу (літера „Н") Комунального некомерційного підприємства „Обласний клінічний фтизіопульмонологічний лікувально–діагностичний центр” Закарпатської обласної ради по вул. Нахімова, 4 в м. Ужгород Закарпатської області" Коригування | D88: 051125-3F83E74F | E88: X | F88: X | G88: Департамент охорони здоров'я Закарпатської обласної державної адмiнiстрацiї | H88: 2025-2026 | I88: 8233610 | J88: =J89 -> 5163610 | K88: =K89 -> 5163610 | L88: =L89 -> 0 | M88: =M89 -> 0 | N88: =N89 -> 0 | O88: =O89 -> 0
A89: 0 | B89: X | C89: X | D89: X | E89: 0712170 | F89: Підготовка та реалізація публічних інвестиційних проектів / програм публічних інвестицій за рахунок коштів місцевого бюджету в галузі охорони здоров`я | G89: Департамент охорони здоров'я Закарпатської обласної державної адмiнiстрацiї | H89: X | I89: X | J89: =K89+L89+M89+N89+O89 -> 5163610 | K89: 5163610 | L89: 0 | M89: 0 | N89: 0 | O89: 0
B90: 6.3 | C90: Капітальний ремонт корпусу „В” комунального некомерційного підприємства „Закарпатська обласна клінічна лікарня імені Андрія Новака” Закарпатської обласної ради за адресою: м. Ужгород, вул. Капушанська, 22» | D90: 060326-6FАDВА2D | E90: X | F90: X | G90: Департамент охорони здоров'я Закарпатської обласної державної адмiнiстрацiї | H90: 2026 | I90: 14900000 | J90: =J91 -> 8961460 | K90: =K91 -> 8961460 | L90: =L91 -> 0 | M90: =M91 -> 0 | N90: =N91 -> 0
B91: X | C91: X | D91: X | E91: 0712170 | F91: Підготовка та реалізація публічних інвестиційних проектів / програм публічних інвестицій за рахунок коштів місцевого бюджету в галузі охорони здоров`я | G91: Департамент охорони здоров'я Закарпатської обласної державної адмiнiстрацiї | H91: X | I91: X | J91: =K91+L91+M91+N91+O91 -> 8961460 | K91: =1400000+2000000+5561460 -> 8961460
A92: 1 | B92: 6.4 | C92: Реконструкція частини будівлі корпусу „А” з влаштуванням ліфта для мало мобільних груп населення КНП „Закарпатська обласна клінічна лікарня ім. А. Новака” ЗОР за адресою: м. Ужгород, вул. Капушанська, 22" Коригування | D92: 121125-AC6D4FA0 | E92: X | F92: X | G92: Департамент охорони здоров'я Закарпатської обласної державної адмiнiстрацiї | H92: 2025-2026 | I92: 2881381 | J92: =J93 -> 2080000 | K92: =K93 -> 2080000 | L92: =L93 -> 0 | M92: =M93 -> 0 | N92: =N93 -> 0 | O92: =O93 -> 0
A93: 0 | B93: X | C93: X | D93: X | E93: 0712170 | F93: Підготовка та реалізація публічних інвестиційних проектів / програм публічних інвестицій за рахунок коштів місцевого бюджету в галузі охорони здоров`я | G93: Департамент охорони здоров'я Закарпатської обласної державної адмiнiстрацiї | H93: X | I93: X | J93: =K93+L93+M93+N93+O93 -> 2080000 | K93: =1300000+780000 -> 2080000 | L93: 0 | M93: 0 | N93: 0 | O93: 0
A94: 1 | B94: 6.5 | C94: Cпільні дії щодо підвищення спроможності медико-діагностичних служб двох регіональних медичних закладів Люблінського воєводства і Закарпаття (CROSSDIAM) | D94: 131025-8660DF88 | E94: X | F94: X | G94: Департамент охорони здоров'я Закарпатської обласної державної адмiнiстрацiї | H94: 2026-2027 | I94: 68550000 | J94: =J95 -> 32754800 | K94: =K95 -> 32754800 | L94: =L95 -> 0 | M94: =M95 -> 0 | N94: =N95 -> 0 | O94: =O95 -> 0
A95: 0 | B95: X | C95: X | D95: X | E95: 0712170 | F95: Підготовка та реалізація публічних інвестиційних проектів / програм публічних інвестицій за рахунок коштів місцевого бюджету в галузі охорони здоров`я | G95: Департамент охорони здоров'я Закарпатської обласної державної адмiнiстрацiї | H95: X | I95: X | J95: =K95+L95+M95+N95+O95 -> 32754800 | K95: =1000000+32754800-1000000 -> 32754800 | L95: 0 | M95: 0 | N95: 0 | O95: 0
A96: 1 | B96: 6.6 | C96: Співфінансування програми Interreg VI-A NEXT Румунія-Україна 2021-2027 проекту MEDICUNITY – cohering for Better Treatment and Recovery in Zakarpattia and Maramures - Згуртованість для кращого лікування та відновлення на Закарпатті та в Марамуреші | D96: 131025-93A45B99 | E96: X | F96: X | G96: Департамент охорони здоров'я Закарпатської обласної державної адмiнiстрацiї | H96: 2026-2027 | I96: 25703210 | J96: =J97 -> 13172000 | K96: =K97 -> 13172000 | L96: =L97 -> 0 | M96: =M97 -> 0 | N96: =N97 -> 0 | O96: 0
A97: 0 | B97: X | C97: X | D97: X | E97: 0712170 | F97: Підготовка та реалізація публічних інвестиційних проектів / програм публічних інвестицій за рахунок коштів місцевого бюджету в галузі охорони здоров`я | G97: Департамент охорони здоров'я Закарпатської обласної державної адмiнiстрацiї | H97: X | I97: X | J97: =K97+L97+M97+N97+O97 -> 13172000 | K97: =672000+12500000 -> 13172000 | L97: 0 | M97: 0 | N97: 0 | O97: 0
A98: 1 | B98: 6.7 | C98: Реконструкція будівлі літера „Д” (Реабілітаційний центр "Росинка") під створення стаціонарного психіатричного відділення комунального некомерційного підприємства „Обласна дитяча лікарня” Закарпатської обласної ради по вул. Франка Івана,43/1 м. Мукачево | D98: 260925-1436A9AD | E98: X | F98: X | G98: Департамент охорони здоров'я Закарпатської обласної державної адмiнiстрацiї | H98: 2025-2026 | I98: 53950000 | J98: =J99 -> 17559230 | K98: =K99 -> 17559230 | L98: =L99 -> 0 | M98: =M99 -> 0 | N98: =N99 -> 0 | O98: =O99 -> 0
A99: 0 | B99: X | C99: X | D99: X | E99: 0712170 | F99: Підготовка та реалізація публічних інвестиційних проектів / програм публічних інвестицій за рахунок коштів місцевого бюджету в галузі охорони здоров`я | G99: Департамент охорони здоров'я Закарпатської обласної державної адмiнiстрацiї | H99: X | I99: X | J99: =K99+L99+M99+N99+O99 -> 17559230 | K99: =45101730-13209600-4492900-9840000 -> 17559230 | L99: 0 | M99: 0 | N99: 0 | O99: 0
A100: 1 | B100: 6.8 | C100: Реконструкція приймального відділення (частина приміщень першого поверху) будинку під літерою „Г” комунального некомерційного підприємства „Обласна дитяча лікарня” Закарпатської обласної ради по вул. Франка Івана,43 м. Мукачево | D100: 300925-10453D88 | E100: X | F100: X | G100: Департамент охорони здоров'я Закарпатської обласної державної адмiнiстрацiї | H100: 2026-2028 | I100: 81893240 | J100: =J101 -> 4795000 | K100: =K101 -> 4795000 | L100: =L101 -> 0 | M100: =M101 -> 0 | N100: =N101 -> 0 | O100: =O101 -> 0
...

Sheet дод 6.1 публ ін  
M1: Додаток 6.1
M2: до розпорядження
M3: 16.10.2026 №734
B4: Зміни до обсягу публічних інвестицій у розрізі публічних інвестиційних проєктів та програм публічних інвестицій у 2026 році”
B5: 0710000000
B6: (код бюджету) | O6: (грн)
B7: № з/п | C7: Найменування галузі (сектору) для публічного інвестування / публічного інвестиційного проєкту / програми публічних інвестицій | D7: Унікальний ідентифікатор проєкту / програми | E7: Код Програмної класифікації видатків та кредитування місцевого бюджету | F7: Найменування бюджетної програми згідно з Типовою програмною класифікацією видатків та кредитування місцевого бюджету | G7: Найменування відповідального головного розпорядника коштів місцевого бюджету за галузь (сектор) / головного розпорядника коштів місцевого бюджету / відповідального виконавця | H7: Період реалізації публічного інвестиційного проєкту / програми публічних інвестицій (рік початку і завершення) | I7: Загальна вартість публічного інвестиційного проєкту / програми публічних інвестицій | J7: Обсяг бюджетних коштів, спрямованих на реалізацію публічного інвестиційного проєкту / програми публічних інвестицій у 2026 році | K7: у тому числі за рахунок:
K8: коштів місцевого бюджету | L8: міжбюджетних трансфертів з державного бюджету | M8: міжбюджетних трансфертів з інших місцевих бюджетів | N8: місцевих запозичень | O8: інших джерел
B9: 1 | C9: 2 | D9: 3 | E9: 4 | F9: 5 | G9: 6 | H9: 7 | I9: 8 | J9: 9 | K9: 10 | L9: 11 | M9: 12 | N9: 13 | O9: 14
A10: 1 | B10: 1 | C10: Освіта і наука | D10: X | E10: X | F10: X | G10: Закарпатська обласна рада | H10: X | I10: X | J10: =J11 -> 6000000 | K10: =K11 -> 0 | L10: =L11 -> 0 | M10: =M11 -> 6000000 | N10: =N11 -> 0 | O10: =O11 -> 0
A11: 1 | B11: 1.1 | C11: Модернізація, зміцнення матеріально-технічної бази, розвиток інфраструктури закладів загальної середньої та дошкільної освіти Закарпатської області на 2026-2028 роки | D11: 271025-45AB6EA0 | E11: X | F11: X | G11: Закарпатська обласна рада | H11: 2026-2028 | I11: 400000000 | J11: =SUM(J12:J12) -> 6000000 | K11: =SUM(K12:K12) -> 0 | L11: =SUM(L12:L12) -> 0 | M11: =SUM(M12:M12) -> 6000000 | N11: =SUM(N12:N12) -> 0 | O11: =SUM(O12:O12) -> 0
B12: X | C12: Капітальний ремонт фасаду та даху будівлі Кольчинського ЗЗСО І-ІІІ ст. за адресою: Закарпатська область, Мукачівський район, селище Кольчино, вул. Фрідєшівська,16 | D12: X | E12: 0121300 | F12: Підготовка та реалізація публічних інвестиційних проектів / програм публічних інвестицій за рахунок коштів місцевого бюджету в галузі освіти | G12: Комунальна установа „Управління спільною власністю територіальних громад” Закарпатської обласної ради | H12: X | I12: X | J12: =K12+L12+M12+N12+O12 -> 6000000 | L12: 0 | M12: 6000000 | N12: 0 | O12: 0
A13: 1 | B13: 2 | C13: Освіта і наука | D13: X | E13: X | F13: X | G13: Департамент освіти і науки, молоді та спорту Закарпатської обласної державної адміністрації | H13: X | I13: X | J13: =J14+J16+J18+J20+J22+J24+J26 -> -3962684 | K13: =K14+K16+K18+K20+K22+K24+K26 -> -3962684 | L13: =L14+L16+L18+L20+L22+L24+L26 -> 0 | M13: =M14+M16+M18+M20+M22+M24+M26 -> 0 | N13: =N14+N16+N18+N20+N22+N24+N26 -> 0 | O13: =O14+O16+O18+O20+O22+O24+O26 -> 0
B14: 2.1 | C14: Закупівля шкільних автобусів для забезпечення безперешкодного доступу до освіти - Закарпатської області | D14: 210526-9510Е79Е | E14: X | F14: X | G14: Департамент освіти і науки, молоді та спорту Закарпатської обласної державної адміністрації | H14: 2026 | I14: 100347000 | J14: =J15 -> -562000 | K14: =K15 -> -562000 | L14: =L15 -> 0 | M14: =M15 -> 0 | N14: =N15 -> 0 | O14: =O15 -> 0
B15: X | C15: X | D15: X | E15: 0611251 | F15: Співфінансування заходів, що реалізуються за рахунок субвенції з державного бюджету місцевим бюджетам на реалізацію публічного інвестиційного проекту на безперешкодний доступ до якісної освіти – шкільні автобуси | G15: Департамент освіти і науки, молоді та спорту Закарпатської обласної державної адміністрації | H15: X | I15: X | J15: =K15+M15 -> -562000 | K15: -562000
A16: 1 | B16: 2.2 | C16: Нове будівництво сверловини (з бурінням) Великоберезнянського ліцею з посиленою військово-фізичною підготовкою Закарпатської обласної ради (з виготовленням ПКД) за адресою: Ужгородський район, селище Великий Березний, вулиця Штефаника, 126 | D16: 201025-2F4D8649 | E16: X | F16: X | G16: Департамент освіти і науки, молоді та спорту Закарпатської обласної державної адміністрації | H16: 2026 | I16: 2670000 | J16: =J17 -> -270000 | K16: =K17 -> -270000 | L16: =L17 -> 0 | M16: =M17 -> 0 | N16: =N17 -> 0 | O16: =O17 -> 0
A17: 0 | B17: X | C17: X | D17: X | E17: 0611300 | F17: Підготовка та реалізація публічних інвестиційних проектів / програм публічних інвестицій за рахунок коштів місцевого бюджету в галузі освіти | G17: Департамент освіти і науки, молоді та спорту Закарпатської обласної державної адміністрації | H17: X | I17: X | J17: =K17+L17+M17+N17+O17 -> -270000 | K17: -270000 | L17: 0 | M17: 0 | N17: 0 | O17: 0
A18: 1 | B18: 2.3 | C18: Капітальний ремонт покрівлі Комунального закладу „Тячівський професійний ліцей” Закарпатської обласної ради за адресою: Закарпатська область, м. Тячів, вул.Нересенська, 32 | D18: 221025-6D149468 | E18: X | F18: X | G18: Департамент освіти і науки, молоді та спорту Закарпатської обласної державної адміністрації | H18: 2026 | I18: 4000000 | J18: =J19 -> -1452184 | K18: =K19 -> -1452184 | L18: =L19 -> 0 | M18: =M19 -> 0 | N18: =N19 -> 0 | O18: =O19 -> 0
A19: 0 | B19: X | C19: X | D19: X | E19: 0611300 | F19: Підготовка та реалізація публічних інвестиційних проектів / програм публічних інвестицій за рахунок коштів місцевого бюджету в галузі освіти | G19: Департамент освіти і науки, молоді та спорту Закарпатської обласної державної адміністрації | H19: X | I19: X | J19: =K19+L19+M19+N19+O19 -> -1452184 | K19: =-1452184 -> -1452184 | L19: 0 | M19: 0 | N19: 0 | O19: 0
A20: 1 | B20: 2.4 | C20: Реконструкція медпункту будівлі „Г” Великоберезнянського ліцею з посиленою військово-фізичною підготовкою Закарпатської обласної ради (з виготовленням ПКД) за адресою: Ужгородський район, селище Великий Березний, вулиця Штефаника, 126 | D20: 231025-7EDDA8FA | E20: X | F20: X | G20: Департамент освіти і науки, молоді та спорту Закарпатської обласної державної адміністрації | H20: 2026 | I20: 2150000 | J20: =J21 -> -250000 | K20: =K21 -> -250000 | L20: =L21 -> 0 | M20: =M21 -> 0 | N20: =N21 -> 0 | O20: =O21 -> 0
A21: 0 | B21: X | C21: X | D21: X | E21: 0611300 | F21: Підготовка та реалізація публічних інвестиційних проектів / програм публічних інвестицій за рахунок коштів місцевого бюджету в галузі освіти | G21: Департамент освіти і науки, молоді та спорту Закарпатської обласної державної адміністрації | H21: X | I21: X | J21: =K21+L21+M21+N21+O21 -> -250000 | K21: -250000 | L21: 0 | M21: 0 | N21: 0 | O21: 0
A22: 1 | B22: 2.5 | C22: Капітальний ремонт (благоустрій) території Великоберезнянського ліцею з посиленою військово-фізичною підготовкою Закарпатської обласної ради та влаштування спортивних майданчиків (з виготовленням ПКД) за адресою: Ужгородський район, селище Великий Березний, вулиця Штефаника,126 | D22: 241025-D536EAF4 | E22: X | F22: X | G22: Департамент освіти і науки, молоді та спорту Закарпатської обласної державної адміністрації | H22: 2026 | I22: 32800000 | J22: =J23 -> -2400000 | K22: =K23 -> -2400000 | L22: =L23 -> 0 | M22: =M23 -> 0 | N22: =N23 -> 0 | O22: =O23 -> 0
A23: 0 | B23: X | C23: X | D23: X | E23: 0611300 | F23: Підготовка та реалізація публічних інвестиційних проектів / програм публічних інвестицій за рахунок коштів місцевого бюджету в галузі освіти | G23: Департамент освіти і науки, молоді та спорту Закарпатської обласної державної адміністрації | H23: X | I23: X | J23: =K23+L23+M23+N23+O23 -> -2400000 | K23: =-2400000 -> -2400000 | L23: 0 | M23: 0 | N23: 0 | O23: 0
A24: 1 | B24: 2.6 | C24: Капітальний ремонт даху навчального корпусу (літера Б) Комунального закладу „Мукачівський професійний політехнічний коледж” Закарпатської обласної ради за адресою: Закарпатська область, м. Мукачево, вул. Кооперативна, 2 | D24: 210526-5034А43F | E24: X | F24: X | G24: Департамент освіти і науки, молоді та спорту Закарпатської обласної державної адміністрації | H24: 2026 | I24: 7473747 | J24: =J25 -> 2500000 | K24: =K25 -> 2500000 | L24: =L25 -> 0 | M24: =M25 -> 0 | N24: =N25 -> 0 | O24: =O25 -> 0
A25: 0 | B25: X | C25: X | D25: X | E25: 0611300 | F25: Підготовка та реалізація публічних інвестиційних проектів / програм публічних інвестицій за рахунок коштів місцевого бюджету в галузі освіти | G25: Департамент освіти і науки, молоді та спорту Закарпатської обласної державної адміністрації | H25: X | I25: X | J25: =K25+L25+M25+N25+O25 -> 2500000 | K25: 2500000 | L25: 0 | M25: 0 | N25: 0 | O25: 0
A26: 1 | B26: 2.7 | C26: Капітальний ремонт спального корпусу літ.Б-2, розташованого за адресою : місто Хуст, вул.Карпатської Січі,48 | D26: 290925-48920754 | E26: X | F26: X | G26: Департамент освіти і науки, молоді та спорту Закарпатської обласної державної адміністрації | H26: 2026 | I26: 15905474 | J26: =J27 -> -1528500 | K26: =K27 -> -1528500 | L26: =L27 -> 0 | M26: =M27 -> 0 | N26: =N27 -> 0 | O26: =O27 -> 0
A27: 0 | B27: X | C27: X | D27: X | E27: 0611300 | F27: Підготовка та реалізація публічних інвестиційних проектів / програм публічних інвестицій за рахунок коштів місцевого бюджету в галузі освіти | G27: Департамент освіти і науки, молоді та спорту Закарпатської обласної державної адміністрації | H27: X | I27: X | J27: =K27+L27+M27+N27+O27 -> -1528500 | K27: -1528500 | L27: 0 | M27: 0 | N27: 0 | O27: 0
B28: 3 | C28: Охорона здоров`я | D28: X | E28: X | F28: X | G28: Департамент охорони здоров'я Закарпатської обласної де.1ржавної адмiнiстрацiї | H28: X | I28: X | J28: =J29+J31+J33+J35+J37 -> -170200 | K28: =K29+K31+K33+K35+K37 -> -170200 | L28: =L29+L31+L33+L35+L37 -> 0 | M28: =M29+M31+M33+M35+M37 -> 0 | N28: =N29+N31+N33+N35+N37 -> 0 | O28: =O29+O31+O33+O35+O37 -> 0
A29: 1 | B29: 3.1 | C29: Реконструкція частини будівлі корпусу „Г” з влаштуванням ліфта для мало мобільних груп населення КНП „Закарпатська обласна клінічна лікарня ім. А. Новака” ЗОР за адресою: м.Ужгород, вул. Капушанська, 22 Коригування | D29: 021125-965B3F2D | E29: X | F29: X | G29: Департамент охорони здоров'я Закарпатської обласної державної адмiнiстрацiї | H29: 2025-2026 | I29: 5922643 | J29: =J30 -> -5800000 | K29: =K30 -> -5800000 | L29: =L30 -> 0 | M29: =M30 -> 0 | N29: =N30 -> 0 | O29: =O30 -> 0
A30: 0 | B30: X | C30: X | D30: X | E30: 0712170 | F30: Підготовка та реалізація публічних інвестиційних проектів / програм публічних інвестицій за рахунок коштів місцевого бюджету в галузі охорони здоров`я | G30: Департамент охорони здоров'я Закарпатської обласної державної адмiнiстрацiї | H30: X | I30: X | J30: =K30+L30+M30+N30+O30 -> -5800000 | K30: -5800000 | L30: 0 | M30: 0 | N30: 0 | O30: 0
B31: 3.2 | C31: Капітальний ремонт корпусу „В” комунального некомерційного підприємства „Закарпатська обласна клінічна лікарня імені Андрія Новака” Закарпатської обласної ради за адресою: м. Ужгород, вул. Капушанська, 22» | D31: 060326-6FАDВА2D | E31: X | F31: X | G31: Департамент охорони здоров'я Закарпатської обласної державної адмiнiстрацiї | H31: 2026 | I31: 14900000 | J31: =J32 -> 5561460 | K31: =K32 -> 5561460 | L31: =L32 -> 0 | M31: =M32 -> 0 | N31: =N32 -> 0
B32: X | C32: X | D32: X | E32: 0712170 | F32: Підготовка та реалізація публічних інвестиційних проектів / програм публічних інвестицій за рахунок коштів місцевого бюджету в галузі охорони здоров`я | G32: Департамент охорони здоров'я Закарпатської обласної державної адмiнiстрацiї | H32: X | I32: X | J32: =K32+L32+M32+N32+O32 -> 5561460 | K32: 5561460
A33: 1 | B33: 3.3 | C33: Реконструкція частини будівлі корпусу „А” з влаштуванням ліфта для мало мобільних груп населення КНП „Закарпатська обласна клінічна лікарня ім. А. Новака” ЗОР за адресою: м. Ужгород, вул. Капушанська, 22" Коригування | D33: 121125-AC6D4FA0 | E33: X | F33: X | G33: Департамент охорони здоров'я Закарпатської обласної державної адмiнiстрацiї | H33: 2025-2026 | I33: 2881381 | J33: =J34 -> 780000 | K33: =K34 -> 780000 | L33: =L34 -> 0 | M33: =M34 -> 0 | N33: =N34 -> 0 | O33: =O34 -> 0
A34: 0 | B34: X | C34: X | D34: X | E34: 0712170 | F34: Підготовка та реалізація публічних інвестиційних проектів / програм публічних інвестицій за рахунок коштів місцевого бюджету в галузі охорони здоров`я | G34: Департамент охорони здоров'я Закарпатської обласної державної адмiнiстрацiї | H34: X | I34: X | J34: =K34+L34+M34+N34+O34 -> 780000 | K34: 780000 | L34: 0 | M34: 0 | N34: 0 | O34: 0
A35: 1 | B35: 3.4 | C35: Капітальний ремонт частини приміщень реабілітаційного відділення корпусу „Б” Комунального некомерційного підприємства „Закарпатська обласна клінічна лікарня імені Андрія Новака” Закарпатської обласної ради по вул. Капушанська, 22 в м. Ужгород | D35: 131025-DAE83A57 | E35: X | F35: X | G35: Департамент охорони здоров'я Закарпатської обласної державної адмiнiстрацiї | H35: 2026-2027 | I35: 13470466 | J35: =J36 -> -541460 | K35: =K36 -> -541460 | L35: =L36 -> 0 | M35: =M36 -> 0 | N35: =N36 -> 0 | O35: =O36 -> 0
A36: 0 | B36: X | C36: X | D36: X | E36: 0712170 | F36: Підготовка та реалізація публічних інвестиційних проектів / програм публічних інвестицій за рахунок коштів місцевого бюджету в галузі охорони здоров`я | G36: Департамент охорони здоров'я Закарпатської обласної державної адмiнiстрацiї | H36: X | I36: X | J36: =K36+L36+M36+N36+O36 -> -541460 | K36: -541460 | L36: 0 | M36: 0 | N36: 0 | O36: 0
B37: 3.5 | C37: Закупівля: Система рентгенівська діагностична (ДК 021:2015 – 33110000-4 Візуалізаційне обладнання для потреб медицини, стоматології та ветеринарної медицини (НК 024:2023 37645 – Система рентгенівська діагностична стаціонарна загального призначення цифрова; НК 031:2024 Z11069005). Для реалізації проекту: «Діти – це майбутнє: інвестиції для покращення якості та доступності медичних послуг у дитячих лікарнях у Білостоці та Мукачеві»/«Children are the future – investments to improve the quality and accessibility of medical services at children’s hospitals in Białystok and Mukachevo», що фінансується Європейським Союзом через Управлінський Орган Програми «Interreg NEXT Польша-Україна 2021-2027», представлений Міністерством фондів розвитку та регіональної політики Республіки Польща в рамках Грантового договору №PLUA.02.01-IP.01-0026/23-00 | D37: 240526-300DAD10 | E37: X | F37: X | G37: Департамент охорони здоров'я Закарпатської обласної державної адмiнiстрацiї | H37: 2026-2027 | I37: 10660000 | J37: =J38 -> -170200 | K37: =K38 -> -170200 | L37: =L38 -> 0 | M37: =M38 -> 0 | N37: =N38 -> 0 | O37: =O38 -> 0
B38: X | C38: X | D38: X | E38: 0712170 | F38: Підготовка та реалізація публічних інвестиційних проектів / програм публічних інвестицій за рахунок коштів місцевого бюджету в галузі охорони здоров`я | G38: Департамент охорони здоров'я Закарпатської обласної державної адмiнiстрацiї | H38: X | I38: X | J38: =K38 -> -170200 | K38: -170200
A39: 1 | B39: 4 | C39: Соціальна сфера | D39: X | E39: X | F39: X | G39: Департамент соцiального захисту населення Закарпатської обласної державної адмiнiстрацiї | H39: X | I39: X | J39: =J40 -> -10476268 | K39: =K40 -> -10476268 | L39: =L40 -> 0 | M39: =M40 -> 0 | N39: =N40 -> 0 | O39: =O40 -> 0
A40: 1 | B40: 4.1 | C40: Реконструкція будівлі пральні літера Ф Відокремленого відділення с.Вільшани,225 „Комунальної установи „Мукачівський психоневрологічний інтернат” Закарпатської обласної ради за адресою: с.Вільшани,225, Хустського району, Закарпатської області | D40: 110526-145А5496 | E40: X | F40: X | G40: Департамент соцiального захисту населення Закарпатської обласної державної адмiнiстрацiї | H40: 2026-2027 | I40: 17700000 | J40: =J41 -> -10476268 | K40: =K41 -> -10476268 | L40: =L41 -> 0 | M40: =M41 -> 0 | N40: =N41 -> 0 | O40: =O41 -> 0
A41: 0 | B41: X | C41: X | D41: X | E41: 0813250 | F41: Підготовка та реалізація публічних інвестиційних проектів / програм публічних інвестицій за рахунок коштів місцевого бюджету в галузі соціального захисту та соціального забезпечення | G41: Департамент соцiального захисту населення Закарпатської обласної державної адмiнiстрацiї | H41: X | I41: X | J41: =K41+L41+M41+N41+O41 -> -10476268 | K41: -10476268 | L41: 0 | M41: 0 | N41: 0 | O41: 0
A42: 1 | B42: 5 | C42: Культура та інформація | D42: X | E42: X | F42: X | G42: Департамент культури Закарпатської обласної державної адміністрації | H42: X | I42: X | J42: =J43 -> -120600 | K42: =K43 -> -120600 | L42: =L43 -> 0 | M42: =M43 -> 0 | N42: =N43 -> 0 | O42: =O43 -> 0
A43: 1 | B43: 5.1 | C43: Ліквідація аварійнго стану даху філармонії | D43: 121125-FF304AE3 | E43: X | F43: X | G43: Департамент культури Закарпатської обласної державної адміністрації | H43: 2026-2028 | I43: 19500000 | J43: =J44 -> -120600 | K43: =K44 -> -120600 | L43: =L44 -> 0 | M43: =M44 -> 0 | N43: =N44 -> 0 | O43: =O44 -> 0
A44: 0 | B44: X | C44: X | D44: X | E44: 1014083 | F44: Підготовка та реалізація публічних інвестиційних проектів / програм публічних інвестицій за рахунок коштів місцевого бюджету в галузі культури і мистецтва | G44: Департамент культури Закарпатської обласної державної адміністрації | H44: X | I44: X | J44: =K44+L44+M44+N44+O44 -> -120600 | K44: -120600 | L44: 0 | M44: 0 | N44: 0 | O44: 0
A45: 1 | B45: 6 | C45: Соціальна сфера | D45: X | E45: X | F45: X | G45: Департамент інфраструктури, розвитку і утримання мережі автомобільних доріг загального користування місцевого значення Закарпатської обласної державної адміністрації | H45: X | I45: X | J45: =J46 -> 700000 | K45: =K46 -> 700000 | L45: =L46 -> 0 | M45: =M46 -> 0 | N45: =N46 -> 0 | O45: =O46 -> 0
A46: 1 | B46: 6.1 | C46: Нове будівництво ветеранського простору та мультифункціонального стадіону за адресою: вул. Героїв 128-ї бригади, буд. 44, м. Ужгород, Закарпатська область | D46: 061025-4CC83B5C | E46: X | F46: X | G46: Департамент інфраструктури, розвитку і утримання мережі автомобільних доріг загального користування місцевого значення Закарпатської обласної державної адміністрації | H46: 2025-2028 | I46: 169825690 | J46: =J47 -> 700000 | K46: =K47 -> 700000 | L46: =L47 -> 0 | M46: =M47 -> 0 | N46: =N47 -> 0 | O46: =O47 -> 0
A47: 0 | B47: X | C47: X | D47: X | E47: 1913270 | F47: Підготовка та реалізація публічних інвестиційних проектів / програм публічних інвестицій за рахунок коштів місцевого бюджету у сфері ветеранської політики | G47: Департамент інфраструктури, розвитку і утримання мережі автомобільних доріг загального користування місцевого значення Закарпатської обласної державної адміністрації | H47: X | I47: X | J47: =K47+L47+M47+N47+O47 -> 700000 | K47: 700000 | L47: 0 | N47: 0 | O47: 0
B48: 7 | C48: Освіта і наука | D48: X | E48: X | F48: X | G48: Департамент економічного та регіонального розвитку Закарпатської обласної державної адміністрації | H48: X | I48: X | J48: =J49 -> 4992384 | K48: =K49 -> 4992384 | L48: =L49 -> 0 | M48: =M49 -> 0 | N48: =N49 -> 0 | O48: =O49 -> 0
B49: 7.1 | C49: SMARTENERGY-Транскордонне співробітництво для підвищення енергоефективності з використанням відновлюваних джерел енергії | D49: 020626-49DD9C25 | E49: X | F49: X | G49: Департамент економічного та регіонального розвитку Закарпатської обласної державної адміністрації | H49: 2026-2027 | I49: 8200001 | J49: =J50 -> 4992384 | K49: =K50 -> 4992384 | L49: =L50 -> 0 | M49: =M50 -> 0 | N49: =N50 -> 0 | O49: =O50 -> 0
B50: X | C50: X | D50: X | E50: 2711300 | F50: Підготовка та реалізація публічних інвестиційних проектів / програм публічних інвестицій за рахунок коштів місцевого бюджету в галузі освіти | G50: Департамент економічного та регіонального розвитку Закарпатської обласної державної адміністрації | H50: X | I50: X | J50: =K50+L50+M50+N50+O50 -> 4992384 | K50: =1639300+2000000+1253084+100000 -> 4992384 | L50: 0 | M50: 0 | N50: 0 | O50: 0
B51: 8 | C51: Охорона здоров`я | D51: X | E51: X | F51: X | G51: Департамент економічного та регіонального розвитку Закарпатської обласної державної адміністрації | H51: X | I51: X | J51: =J52 -> -100000 | K51: =K52 -> -100000 | L51: =L52 -> 0 | M51: =M52 -> 0 | N51: =N52 -> 0
B52: 8.1 | C52: 4YOURSMILE - Рівний доступ до стоматологічної допомоги в транскордонному регіоні | D52: 041125-991C0837 | E52: X | F52: X | G52: Департамент економічного та регіонального розвитку Закарпатської обласної державної адміністрації | H52: 2025-2026 | I52: 3108515 | J52: =J53 -> -100000 | K52: =K53 -> -100000 | L52: =L53 -> 0 | M52: =M53 -> 0 | N52: =N53 -> 0
B53: X | C53: X | D53: X | E53: 2712170 | F53: Підготовка та реалізація публічних інвестиційних проектів / програм публічних інвестицій за рахунок коштів місцевого бюджету в галузі охорони здоров`я | G53: Департамент економічного та регіонального розвитку Закарпатської обласної державної адміністрації | H53: X | I53: X | J53: =K53 -> -100000 | K53: -100000
A54: 1 | B54: 9 | C54: Довкілля | D54: X | E54: X | F54: X | G54: Департамент екологiї та природних ресурсiв Закарпатської обласної державної адмiнiстрацiї | H54: X | I54: X | J54: =J55 -> -1000000 | K54: =K55 -> -1000000 | L54: =L55 -> 0 | M54: =M55 -> 0 | N54: =N55 -> 0 | O54: =O55 -> 0
A55: 1 | B55: 9.1 | C55: Програма відновлення та реконструкції дамб та берегоукріплень водних об'єктів Закарпатської області на 2026-2028 роки | D55: 211025-1DFD31A4 | E55: X | F55: X | G55: Департамент екологiї та природних ресурсiв Закарпатської обласної державної адмiнiстрацiї | H55: 2026-2028 | I55: 100000000 | J55: =J56 -> -1000000 | K55: =K56 -> -1000000 | L55: =L56 -> 0 | M55: =M56 -> 0 | N55: =N56 -> 0 | O55: =O56 -> 0
A56: 0 | B56: X | C56: X | D56: X | E56: 2818350 | F56: Підготовка та реалізація публічних інвестиційних проектів / програм публічних інвестицій за рахунок коштів місцевого бюджету в галузі охорони навколишнього природного середовища | G56: Департамент екологiї та природних ресурсiв Закарпатської обласної державної адмiнiстрацiї | H56: X | I56: X | J56: =K56+L56+M56+N56+O56 -> -1000000 | K56: -1000000 | L56: 0 | M56: 0 | N56: 0 | O56: 0
A57: 1 | B57: X | C57: X | D57: X | E57: X | F57: X | G57: X | H57: X | I57: УСЬОГО | J57: =J10+J13+J28+J39+J42+J45+J48+J51+J54 -> -4137368 | K57: =K10+K13+K28+K39+K42+K45+K48+K51+K54 -> -10137368 | L57: =L10+L13+L28+L39+L42+L45+L48+L51+L54 -> 0 | M57: =M10+M13+M28+M39+M42+M45+M48+M51+M54 -> 6000000 | N57: =N10+N13+N28+N39+N42+N45+N48+N51+N54 -> 0 | O57: =O10+O13+O28+O39+O42+O45+O48+O51+O54 -> 0
C59: Директор департаменту фінансів Закарпатської обласної державної адміністрації - обласної військової адміністрації | L59: Петро ЛАЗАР

Sheet дод.7 прогр
I1: Додаток 7
I2: до розпорядження
I3: 16.10.2026 №734
A4: Зміни до розподілу витрат обласного бюджету на реалізацію місцевих/регіональних програм у 2026 році
B5: 0710000000 (код бюджету)
J6: грн.
A7: Код Програмної класифікації видатків та кредитування місцевих бюджетів | B7: Код Типової програмної класифікації видатків та кредитування місцевих бюджетів | C7: Код Функціональної класифікації видатків та кредитування бюджету | D7: Найменування головного розпорядника коштів місцевого бюджету / відповідального виконавця, найменування бюджетної програми згідно з Типовою програмною класифікацією видатків та кредитування місцевих бюджетів | E7: Найменування місцевої/регіональної програми | F7: Дата та номер документа, яким затверджено місцеву регіональну програму | G7: Усього | H7: Загальний фонд | I7: Спеціальний фонд
I8: усього | J8: у тому числі бюджет розвитку
A9: 1 | B9: 2 | C9: 3 | D9: 4 | E9: 5 | F9: 6 | G9: 7 | H9: 8 | I9: 9 | J9: 10
A10: 0100000 | D10: Закарпатська обласна рада | G10: =G11+G14 -> 1219300 | H10: =H11+H14 -> 1219300 | I10: =I11+I14 -> 0 | J10: =J11+J14 -> 0
A11: 0110000 | D11: Закарпатська обласна рада | G11: =SUM(G12:G13) -> 900000 | H11: =SUM(H12:H13) -> 900000 | I11: =SUM(I12:I13) -> 0 | J11: =SUM(J12:J13) -> 0
A12: 0110180 | B12: 0180 | C12: 0133 | D12: Інша діяльність у сфері державного управління | E12: Програма забезпечення виконання рішень судів та інших виконавчих документів на 2025-2027 роки | F12: Розпорядження ОДА-ОВА від 06.12.2024 №1124 (зі змінами) | G12: =H12+I12 -> 750000 | H12: 750000
A13: 0117630 | B13: 7630 | C13: 0470 | D13: Реалізація програм і заходів в галузі зовнішньоекономічної діяльності | E13: Програма фінансового забезпечення розвитку транскордонної та міжрегіональної співпраці органів місцевого самоврядування Закарпатської області на 2025-2027 роки | F13: Розпорядження ОДА-ОВА від 10.12.2024 №1135 | G13: =H13+I13 -> 150000 | H13: 150000
A14: 0120000 | D14: Комунальна установа"Управління спільною власністю територіальних громад" Закарпатської обласної ради | G14: =G15 -> 319300 | H14: =H15 -> 319300 | I14: =I15 -> 0 | J14: =J15 -> 0
A15: 0120180 | B15: 0180 | C15: 0133 | D15: Інша діяльність у сфері державного управління | E15: Програма фінансової підтримки комунально-експлуатаційного, автотранспортного господарств обласної ради і облдержадміністрації та збереження адмінбудинку (пл.Народна,4) як пам'ятки архітектури на 2025-2029 роки | F15: Розпорядження ОДА-ОВА від 07.11.2024 № 1010 | G15: =H15+I15 -> 319300 | H15: 319300
A16: 0200000 | D16: Закарпатська обласна державна адмiнiстрацiя | G16: =G17 -> 2389800 | H16: =H17 -> 2389800 | I16: =I17 -> 0 | J16: =J17 -> 0
A17: 0210000 | D17: Закарпатська обласна державна адмiнiстрацiя | G17: =SUM(G18:G20) -> 2389800 | H17: =SUM(H18:H20) -> 2389800 | I17: =SUM(I18:I20) -> 0 | J17: =SUM(J18:J20) -> 0
A18: 0210180 | B18: 0180 | C18: 0133 | D18: Інша діяльність у сфері державного управління | E18: Програма діяльності Державної установи Закарпатський обласний контактний центр на 2026-2028 роки | F18: Розпорядження ОДА-ОВА від 18.08.2025 №577 | G18: =H18+I18 -> -50000 | H18: -50000
A19: 0211142 | B19: 1142 | C19: 0990 | D19: Інші програми та заходи у сфері освіти | E19: Програма підвищення кваліфікації державних службовців та посадових осіб місцевого самоврядування Закарпатської області на 2025-2029 роки | F19: Розпорядження ОДА-ОВА від 07.11.2024 №1011 | G19: =H19+I19 -> -49900 | H19: -49900
A20: 0219800 | B20: 9800 | C20: 0180 | D20: Субвенція з місцевого бюджету державному бюджету на виконання програм соціально-економічного розвитку регіонів | E20: Програма підвищення ефективності виконання повноважень органами виконавчої влади щодо реалізації державної регіональної політики та впровадження реформ на 2023-2026 роки | F20: Розпорядження ОВА від 05.12.2022 №855 (зі змінами) | G20: =H20+I20 -> 2489700 | H20: ='дод 3.1'!E18 -> 2489700
A21: 0600000 | D21: Департамент освіти і науки, молоді та спорту Закарпатської обласної державної адміністрації | G21: =G22 -> 390300 | H21: =H22 -> 390300 | I21: =I22 -> 0 | J21: =J22 -> 0
A22: 0610000 | D22: Департамент освіти і науки, молоді та спорту Закарпатської обласної державної адміністрації | G22: =SUM(G23:G24) -> 390300 | H22: =SUM(H23:H24) -> 390300 | I22: =SUM(I23:I24) -> 0 | J22: =SUM(J23:J24) -> 0
A23: 0613133 | B23: 3133 | C23: 1040 | D23: Забезпечення молодіжними центрами соціального становлення та розвитку молоді та інші заходи у сфері молодіжної політики | E23: Регіональна програма „Молодь Закарпаття” на 2026-2030 роки | F23: Розпорядження ОДА-ОВА від 03.12.2025 №817 (зі змінами) | G23: =H23 -> -173600 | H23: -173600
A24: 0619800 | B24: 9800 | C24: 0180 | D24: Субвенція з місцевого бюджету державному бюджету на виконання програм соціально-економічного розвитку регіонів | E24: Програма підвищення ефективності виконання повноважень органами виконавчої влади щодо реалізації державної регіональної політики та впровадження реформ на 2023-2026 роки | F24: Розпорядження ОВА від 05.12.2022 №855 (зі змінами) | G24: =H24+I24 -> 563900 | H24: ='дод 3.1'!E21 -> 563900 | I24: ='дод 3.1'!J21 -> 0 | J24: ='дод 3.1'!K21 -> 0
A25: 0700000 | D25: Департамент охорони здоров'я Закарпатської обласної державної адмiнiстрацiї | G25: =G26 -> 1526900 | H25: =H26 -> 1526900 | I25: =I26 -> 0 | J25: =J26 -> 0
A26: 0710000 | D26: Департамент охорони здоров'я Закарпатської обласної державної адмiнiстрацiї | G26: =G27+G32 -> 1526900 | H26: =H27+H32 -> 1526900 | I26: =I27+I32 -> 0 | J26: =J27+J32 -> 0
E27: Комплексна програма підтримки галузі охорони здоров'я Закарпатської області на 2026-2028 роки | F27: Розпорядження ОДА-ОВА від 03.12.2025 №827 | G27: =SUM(G28:G31) -> 976200 | H27: =SUM(H28:H31) -> 976200 | I27: =SUM(I28:I31) -> 0 | J27: =SUM(J28:J31) -> 0
A28: 0712010 | B28: 2010 | C28: 0731 | D28: Багатопрофільна стаціонарна медична допомога населенню | E28: -"- | F28: -"- | G28: =H28+I28 -> 170200 | H28: 170200
A29: 0712151 | B29: 2151 | C29: 0763 | D29: Забезпечення діяльності інших закладів у сфері охорони здоров`я | E29: -"- | F29: -"- | G29: =H29+I29 -> 881700 | H29: 881700
A30: 0712170 | B30: 2170 | C30: 0763 | D30: Підготовка та реалізація публічних інвестиційних проектів / програм публічних інвестицій за рахунок коштів місцевого бюджету в галузі охорони здоров`я | E30: -"- | F30: -"- | G30: =H30+I30 -> 94500 | H30: 94500
A31: 0712170 | B31: 2170 | C31: 0763 | D31: Підготовка та реалізація публічних інвестиційних проектів / програм публічних інвестицій за рахунок коштів місцевого бюджету в галузі охорони здоров`я | E31: -"- | F31: -"- | G31: =H31+I31 -> -170200 | H31: -170200
A32: 0719800 | B32: 9800 | C32: 0180 | D32: Субвенція з місцевого бюджету державному бюджету на виконання програм соціально-економічного розвитку регіонів | E32: Програма підвищення ефективності виконання повноважень органами виконавчої влади щодо реалізації державної регіональної політики та впровадження реформ на 2023-2026 роки | F32: Розпорядження ОВА від 05.12.2022 №855 (зі змінами) | G32: =H32+I32 -> 550700 | H32: ='дод 3.1'!E24 -> 550700
A33: 0800000 | D33: Департамент соцiального захисту населення Закарпатської обласної державної адмiнiстрацiї | G33: =G34 -> 9115200 | H33: =H34 -> 9115200 | I33: =I34 -> 0 | J33: =J34 -> 0
A34: 0810000 | D34: Департамент соцiального захисту населення Закарпатської обласної державної адмiнiстрацiї | G34: =SUM(G35:G37) -> 9115200 | H34: =SUM(H35:H37) -> 9115200 | I34: =SUM(I35:I37) -> 0 | J34: =SUM(J35:J37) -> 0
A35: 0813242 | B35: 3242 | C35: 1090 | D35: Інші заходи та заклади у сфері соціального захисту і соціального забезпечення | E35: Регіональна програма „Турбота” щодо посилення соціального захисту громадян на 2025-2027 роки | F35: Розпорядження ОДА-ОВА від 06.09.2024 №848 (зі змінами) | G35: =H35+I35 -> 4000000 | H35: 4000000
A36: 0816085 | B36: 6085 | C36: 0610 | D36: Здешевлення вартості іпотечних кредитів для забезпечення доступним житлом громадян, які потребують поліпшення житлових умов | E36: Програма компенсації частини процентної ставки за іпотечними кредитами, отриманими на умовах державної програми „єОселя”, у Закарпатській області на 2023-2027 роки | F36: Розпорядження ОДА- ОВА від 06.03.2023 №222 (зі змінами) | G36: =H36+I36 -> 4500000 | H36: 4500000
A37: 0819800 | B37: 9800 | C37: 0180 | D37: Субвенція з місцевого бюджету державному бюджету на виконання програм соціально-економічного розвитку регіонів | E37: Програма підвищення ефективності виконання повноважень органами виконавчої влади щодо реалізації державної регіональної політики та впровадження реформ на 2023-2026 роки | F37: Розпорядження ОВА від 05.12.2022 №855 (зі змінами) | G37: =H37+I37 -> 615200 | H37: ='дод 3.1'!F27 -> 615200 | I37: ='дод 3.1'!J27 -> 0 | J37: ='дод 3.1'!K27 -> 0
A38: 0900000 | D38: Служба у справах дiтей Закарпатської обласної державної адмiнiстрацiї | G38: =G39 -> 241100 | H38: =H39 -> 241100 | I38: =I39 -> 0 | J38: =J39 -> 0
A39: 0910000 | D39: Служба у справах дiтей Закарпатської обласної державної адмiнiстрацiї | G39: =G40 -> 241100 | H39: =H40 -> 241100 | I39: =I40 -> 0 | J39: =J40 -> 0
A40: 0919800 | B40: 9800 | C40: 0180 | D40: Субвенція з місцевого бюджету державному бюджету на виконання програм соціально-економічного розвитку регіонів | E40: Програма підвищення ефективності виконання повноважень органами виконавчої влади щодо реалізації державної регіональної політики та впровадження реформ на 2023-2026 роки | F40: Розпорядження ОВА від 05.12.2022 №855 (зі змінами) | G40: =H40+I40 -> 241100 | H40: ='дод 3.1'!F30 -> 241100 | I40: ='дод 3.1'!O30 -> 0 | J40: ='дод 3.1'!K30 -> 0
A41: 1000000 | D41: Департамент культури Закарпатської обласної державної адміністрації | G41: =G42 -> 611000 | H41: =H42 -> 611000 | I41: =I42 -> 0 | J41: =J42 -> 0
A42: 1010000 | D42: Департамент культури Закарпатської обласної державної адміністрації | G42: =SUM(G43:G43) -> 611000 | H42: =SUM(H43:H43) -> 611000 | I42: =SUM(I43:I43) -> 0 | J42: =SUM(J43:J43) -> 0
A43: 1019800 | B43: 9800 | C43: 0180 | D43: Субвенція з місцевого бюджету державному бюджету на виконання програм соціально-економічного розвитку регіонів | E43: Програма підвищення ефективності виконання повноважень органами виконавчої влади щодо реалізації державної регіональної політики та впровадження реформ на 2023-2026 роки | F43: Розпорядження ОВА від 05.12.2022 №855 (зі змінами) | G43: =H43+I43 -> 611000 | H43: ='дод 3.1'!E33 -> 611000 | I43: ='дод 3.1'!O33 -> 0 | J43: ='дод 3.1'!K33 -> 0
A44: 1200000 | D44: Управління житлово-комунального господарства та енергозбереження Закарпатської обласної державної адміністрації | G44: =G45 -> -4387200 | H44: =H45 -> -4387200 | I44: =I45 -> 0 | J44: =J45 -> 0
A45: 1210000 | D45: Управління житлово-комунального господарства та енергозбереження Закарпатської обласної державної адміністрації | G45: =SUM(G46:G48) -> -4387200 | H45: =SUM(H46:H48) -> -4387200 | I45: =SUM(I46:I48) -> 0 | J45: =SUM(J46:J48) -> 0
A46: 1216013 | B46: 6013 | C46: 0620 | D46: Забезпечення діяльності водопровідно-каналізаційного господарства | E46: Обласна соціальна програма „Питна вода Закарпаття” на 2023-2026 роки | F46: Розпорядження ОВА від 01.12.2022 №838 (зі змінами) | G46: =H46+I46 -> -3400000 | H46: -3400000
A47: 1216014 | B47: 6014 | C47: 0620 | D47: Забезпечення збору та вивезення сміття і відходів | E47: Програма поводження з твердими побутовими відходами у Закарпатській області на 2023-2026 роки | F47: Розпорядження ОВА від 16.11.2022 №765 (зі змінами) | G47: =H47+I47 -> -1200000 | H47: -1200000
A48: 1219800 | B48: 9800 | C48: 0180 | D48: Субвенція з місцевого бюджету державному бюджету на виконання програм соціально-економічного розвитку регіонів | E48: Програма підвищення ефективності виконання повноважень органами виконавчої влади щодо реалізації державної регіональної політики та впровадження реформ на 2023-2026 роки | F48: Розпорядження ОВА від 05.12.2022 №855 (зі змінами) | G48: =H48+I48 -> 212800 | H48: ='дод 3.1'!E36 -> 212800 | I48: ='дод 3.1'!O36 -> 0 | J48: ='дод 3.1'!K36 -> 0
A49: 1600000 | D49: Управлiння мiстобудування та архiтектури Закарпатської обласної державної адмiнiстрацiї | G49: =G50 -> 302400 | H49: =H50 -> 302400 | I49: =I50 -> 0 | J49: =J50 -> 0
A50: 1610000 | D50: Управлiння мiстобудування та архiтектури Закарпатської обласної державної адмiнiстрацiї | G50: =SUM(G51:G51) -> 302400 | H50: =SUM(H51:H51) -> 302400 | I50: =SUM(I51:I51) -> 0 | J50: =SUM(J51:J51) -> 0
A51: 1619800 | B51: 9800 | C51: 0180 | D51: Субвенція з місцевого бюджету державному бюджету на виконання програм соціально-економічного розвитку регіонів | E51: Програма підвищення ефективності виконання повноважень органами виконавчої влади щодо реалізації державної регіональної політики та впровадження реформ на 2023-2026 роки | F51: Розпорядження ОВА від 05.12.2022 №855 (зі змінами) | G51: =H51+I51 -> 302400 | H51: ='дод 3.1'!F39 -> 302400 | I51: ='дод 3.1'!J39 -> 0 | J51: ='дод 3.1'!K39 -> 0
A52: 1900000 | D52: Департамент інфраструктури, розвитку і утримання мережі автомобільних доріг загального користування місцевого значення Закарпатської обласної державної адмiнiстрацiї | G52: =G53 -> 398600 | H52: =H53 -> 398600 | I52: =I53 -> 0 | J52: =J53 -> 0
A53: 1910000 | D53: Департамент інфраструктури, розвитку і утримання мережі автомобільних доріг загального користування місцевого значення Закарпатської обласної державної адмiнiстрацiї | G53: =G54 -> 398600 | H53: =H54 -> 398600 | I53: =I54 -> 0 | J53: =J54 -> 0
A54: 1919800 | B54: 9800 | C54: 0180 | D54: Субвенція з місцевого бюджету державному бюджету на виконання програм соціально-економічного розвитку регіонів | E54: Програма підвищення ефективності виконання повноважень органами виконавчої влади щодо реалізації державної регіональної політики та впровадження реформ на 2023-2026 роки | F54: Розпорядження ОВА від 05.12.2022 №855 (зі змінами) | G54: =H54+I54 -> 398600 | H54: ='дод 3.1'!F42 -> 398600
A55: 2000000 | D55: Управління цифрового розвитку, цифрових трансформацій і цифровізації Закарпатської обласної державної адміністрації | G55: =G56 -> 708800 | H55: =H56 -> 708800 | I55: =I56 -> 0 | J55: =J56 -> 0
A56: 2010000 | D56: Управління цифрового розвитку, цифрових трансформацій і цифровізації Закарпатської обласної державної адміністрації | G56: =SUM(G57:G59) -> 708800 | H56: =SUM(H57:H59) -> 708800 | I56: =SUM(I57:I59) -> 0 | J56: =SUM(J57:J59) -> 0
A57: 2017530 | B57: 7530 | C57: 0460 | D57: Інші заходи у сфері зв`язку, телекомунікації та інформатики | E57: Програма підтримки фінансово-господарської діяльності комунального підприємства „Закарпатський інформаційно-аналітичний центр” Закарпатської обласної ради на 2026-2028 роки | F57: Розпорядження ОДА-ОВА від 03.12.2025 №824 | G57: =H57+I57 -> 200000 | H57: 200000
A58: 2018230 | B58: 8230 | C58: 0380 | D58: Інші заходи громадського порядку та безпеки | E58: Програма розбудови інформаційно-аналітичної системи „Ситуаційний центр „Безпекове Закарпаття” на 2022 – 2026 роки | F58: Розпорядження ОДА-ОВА від 16.06.2022 №265 (зі змінами) | G58: =H58+I58 -> 300000 | H58: 300000
A59: 2019800 | B59: 9800 | C59: 0180 | D59: Субвенція з місцевого бюджету державному бюджету на виконання програм соціально-економічного розвитку регіонів | E59: Програма підвищення ефективності виконання повноважень органами виконавчої влади щодо реалізації державної регіональної політики та впровадження реформ на 2023-2026 роки | F59: Розпорядження ОВА від 05.12.2022 №855 (зі змінами) | G59: =H59+I59 -> 208800 | H59: ='дод 3.1'!F45 -> 208800
A60: 2300000 | D60: Департамент стратегічних комунікацій, національностей та релігій Закарпатської обласної державної адміністрації | G60: =G61 -> -29700 | H60: =H61 -> -29700 | I60: =I61 -> 0 | J60: =J61 -> 0
A61: 2310000 | D61: Департамент стратегічних комунікацій, національностей та релігій Закарпатської обласної державної адміністрації | G61: =SUM(G62:G63) -> -29700 | H61: =SUM(H62:H63) -> -29700 | I61: =SUM(I62:I63) -> 0 | J61: =SUM(J62:J63) -> 0
A62: 2318420 | B62: 8420 | C62: 0830 | D62: Інші заходи у сфері медіа (засобів масової інформації) | E62: Регіональна програма підтримки національно-патріотичного руху і забезпечення участі громадськості у формуванні та реалізації державної політики на 2025 – 2027 роки | F62: Розпорядження ОДА-ОВА від 13.09.2024 №873 | G62: =H62 -> -550000 | H62: -550000
A63: 2319800 | B63: 9800 | C63: 0180 | D63: Субвенція з місцевого бюджету державному бюджету на виконання програм соціально-економічного розвитку регіонів | E63: Програма підвищення ефективності виконання повноважень органами виконавчої влади щодо реалізації державної регіональної політики та впровадження реформ на 2023-2026 роки | F63: Розпорядження ОВА від 05.12.2022 №855 (зі змінами) | G63: =H63+I63 -> 520300 | H63: ='дод 3.1'!F48 -> 520300 | I63: ='дод 3.1'!J48 -> 0 | J63: ='дод 3.1'!K48 -> 0
A64: 2400000 | D64: Департамент агропромислового розвитку Закарпатської обласної державної адмiнiстрацiї | G64: =G65 -> 268400 | H64: =H65 -> 268400 | I64: =I65 -> 0 | J64: =J65 -> 0
A65: 2410000 | D65: Департамент агропромислового розвитку Закарпатської обласної державної адмiнiстрацiї | G65: =SUM(G66:G67) -> 268400 | H65: =SUM(H66:H67) -> 268400 | I65: =SUM(I66:I67) -> 0 | J65: =SUM(J66:J67) -> 0
A66: 2417110 | B66: 7110 | C66: 0421 | D66: Реалізація програм в галузі сільського господарства | E66: Програма розвитку вівчарства в області на 2025-2029 роки | F66: Розпорядження ОДА-ОВА від 09.06.2025 №385 | G66: =H66 -> -300000 | H66: -300000
A67: 2419800 | B67: 9800 | C67: 0180 | D67: Субвенція з місцевого бюджету державному бюджету на виконання програм соціально-економічного розвитку регіонів | G67: =G68+G69 -> 568400 | H67: =H68+H69 -> 568400 | I67: =I68+I69 -> 0 | J67: =J68+J69 -> 0
A68: -"- | B68: -"- | C68: -"- | D68: -"- | E68: Програма підвищення ефективності виконання повноважень органами виконавчої влади щодо реалізації державної регіональної політики та впровадження реформ на 2023-2026 роки | F68: Розпорядження ОВА від 05.12.2022 №855 (зі змінами) | G68: =H68+I68 -> 268400 | H68: 268400
A69: -"- | B69: -"- | C69: -"- | D69: -"- | E69: Програма розвитку рибного господарства та аквакультури в Закарпатській області на 2024 – 2028 роки (Управління державного агенства з розвитку меліорації, рибного господарства та продовольчих програм у Закарпатській області) - видатки споживання 80,0 тис.грн, видатки розвитку 220,0 тис. грн | F69: Розпорядження ОВА від 14.12.2023 №1133 (зі змінами) | G69: =H69+I69 -> 300000 | H69: 300000
A70: 2500000 | D70: Управління єврорегіональної співпраці Закарпатської обласної державної адміністрації | G70: =G71 -> 199800 | H70: =H71 -> 199800 | I70: =I71 -> 0 | J70: =J71 -> 0
A71: 2510000 | D71: Управління єврорегіональної співпраці Закарпатської обласної державної адміністрації | G71: =G72 -> 199800 | H71: =H72 -> 199800 | I71: =I72 -> 0 | J71: =J72 -> 0
A72: 2519800 | B72: 9800 | C72: 0180 | D72: Субвенція з місцевого бюджету державному бюджету на виконання програм соціально-економічного розвитку регіонів | E72: Програма підвищення ефективності виконання повноважень органами виконавчої влади щодо реалізації державної регіональної політики та впровадження реформ на 2023-2026 роки | F72: Розпорядження ОВА від 05.12.2022 №855 (зі змінами) | G72: =H72+I72 -> 199800 | H72: ='дод 3.1'!F54 -> 199800 | I72: ='дод 3.1'!J54 -> 0 | J72: ='дод 3.1'!K54 -> 0
A73: 2600000 | D73: Управлiння туризму та курортiв Закарпатської обласної державної адмiнiстрацiї | G73: =G74 -> 123000 | H73: =H74 -> 123000 | I73: =I74 -> 0 | J73: =J74 -> 0
A74: 2610000 | D74: Управлiння туризму та курортiв Закарпатської обласної державної адмiнiстрацiї | G74: =SUM(G75:G76) -> 123000 | H74: =SUM(H75:H76) -> 123000 | I74: =SUM(I75:I76) -> 0 | J74: =SUM(J75:J76) -> 0
A75: 2617622 | B75: 7622 | C75: 0470 | D75: Реалізація програм і заходів в галузі туризму та курортів | E75: Програма розвитку туризму і курортів у Закарпатській області на 2024-2026 роки | F75: Розпорядження ОДА-ОВА від 07.11.2023 №976 | G75: =H75+I75 -> -150000 | H75: -150000
A76: 2619800 | B76: 9800 | C76: 0180 | D76: Субвенція з місцевого бюджету державному бюджету на виконання програм соціально-економічного розвитку регіонів | E76: Програма підвищення ефективності виконання повноважень органами виконавчої влади щодо реалізації державної регіональної політики та впровадження реформ на 2023-2026 роки | F76: Розпорядження ОВА від 05.12.2022 №855 (зі змінами) | G76: =H76+I76 -> 273000 | H76: ='дод 3.1'!F57 -> 273000
A77: 2700000 | D77: Департамент економічного та регіонального розвитку Закарпатської обласної державної адмiнiстрацiї | G77: =G78 -> 8192884 | H77: =H78 -> 700500 | I77: =I78 -> 7492384 | J77: =J78 -> 4892384
A78: 2710000 | D78: Департамент економічного та регіонального розвитку Закарпатської обласної державної адмiнiстрацiї | G78: =G79+G82+G83 -> 8192884 | H78: =H79+H82+H83 -> 700500 | I78: =I79+I82+I83 -> 7492384 | J78: =J79+J82+J83 -> 4892384
A79: 2711300 | B79: 1300 | C79: 0990 | D79: Підготовка та реалізація публічних інвестиційних проектів / програм публічних інвестицій за рахунок коштів місцевого бюджету в галузі освіти | E79: Програма формування позитивного міжнародного інвестиційного іміджу та залучення іноземних інвестицій у Закарпатську область на 2026-2030 роки | F79: Розпорядження ОВА-ОДА від 03.12.2025 №825 (зі змінами) | G79: =SUM(G80:G81) -> 4892384 | H79: =SUM(H80:H81) -> 0 | I79: =SUM(I80:I81) -> 4892384 | J79: =SUM(J80:J81) -> 4892384
A80: 2711300 | B80: 1300 | C80: 0990 | D80: Підготовка та реалізація публічних інвестиційних проектів / програм публічних інвестицій за рахунок коштів місцевого бюджету в галузі освіти | E80: -"- | F80: -"- | G80: =H80+I80 -> 4992384 | I80: =1639300+2000000+1253084+100000 -> 4992384 | J80: =1639300+2000000+1253084+100000 -> 4992384
A81: 2712170 | B81: 2170 | C81: 0763 | D81: Підготовка та реалізація публічних інвестиційних проектів / програм публічних інвестицій за рахунок коштів місцевого бюджету в галузі охорони здоров`я | E81: -"- | F81: -"- | G81: =H81+I81 -> -100000 | I81: -100000 | J81: -100000
A82: 2718831 | B82: 8831 | C82: 1060 | D82: Надання довгострокових кредитів індивідуальним забудовникам житла на селі | E82: Програма покращення житлових умов мешканців Закарпатської області та військовослужбовців Збройних Сил України, членів їх сімей „Власний дім" на 2026-2030 роки | F82: Розпорядження ОВА-ОДА від03.12.2025 №828 (зі змінами) | G82: =H82+I82 -> 2600000 | I82: 2600000
A83: 2719800 | B83: 9800 | C83: 0180 | D83: Субвенція з місцевого бюджету державному бюджету на виконання програм соціально-економічного розвитку регіонів | E83: Програма підвищення ефективності виконання повноважень органами виконавчої влади щодо реалізації державної регіональної політики та впровадження реформ на 2023-2026 роки | F83: Розпорядження ОВА від 05.12.2022 №855 (зі змінами) | G83: =H83+I83 -> 700500 | H83: ='дод 3.1'!E60 -> 700500 | I83: ='дод 3.1'!J60 -> 0 | J83: ='дод 3.1'!K60 -> 0
A84: 2800000 | D84: Департамент екологiї та природних ресурсiв Закарпатської обласної державної адмiнiстрацiї | G84: =G85 -> -673200 | H84: =H85 -> 326800 | I84: =I85 -> -1000000 | J84: =J85 -> -1000000
A85: 2810000 | D85: Департамент екологiї та природних ресурсiв Закарпатської обласної державної адмiнiстрацiї | G85: =SUM(G86:G87) -> -673200 | H85: =SUM(H86:H87) -> 326800 | I85: =SUM(I86:I87) -> -1000000 | J85: =SUM(J86:J87) -> -1000000
A86: 2818350 | B86: 8350 | C86: 0540 | D86: Підготовка та реалізація публічних інвестиційних проектів / програм публічних інвестицій за рахунок коштів місцевого бюджету в галузі охорони навколишнього природного середовища | E86: Програма охорони навколишнього природного середовища Закарпатської області на 2024-2027 роки | F86: 'Розпорядження ОДА - ОВА від 30.11.2023 №1054 (зі змінами) | G86: =H86+I86 -> -1000000 | I86: -1000000 | J86: -1000000
A87: 2819800 | B87: 9800 | C87: 0180 | D87: Субвенція з місцевого бюджету державному бюджету на виконання програм соціально-економічного розвитку регіонів | E87: Програма підвищення ефективності виконання повноважень органами виконавчої влади щодо реалізації державної регіональної політики та впровадження реформ на 2023-2026 роки | F87: Розпорядження ОВА від 05.12.2022 №855 (зі змінами) | G87: =H87+I87 -> 326800 | H87: ='дод 3.1'!F63 -> 326800 | I87: ='дод 3.1'!J63 -> 0 | J87: ='дод 3.1'!K63 -> 0
A88: 3000000 | D88: Департамент цивільного захисту та оборонної роботи Закарпатської обласної державної адміністрації | G88: =G89 -> 17803900 | H88: =H89 -> 17803900 | I88: =I89 -> 0 | J88: =J89 -> 0
A89: 3010000 | D89: Департамент цивільного захисту та оборонної роботи Закарпатської обласної державної адміністрації | G89: =G90+G91 -> 17803900 | H89: =H90+H91 -> 17803900 | I89: =I90+I91 -> 0 | J89: =J90+J91 -> 0
A90: 3018240 | B90: 8240 | C90: 0380 | D90: Заходи та роботи з територіальної оборони | E90: Регіональна програма підготовки населення до національного спротиву на 2023-2027 роки | F90: Розпорядження ОДА- ОВА від 22.03.2023 №285 (зі змінами) | G90: =H90+I90 -> 100000 | H90: 100000
A91: 3019800 | B91: 9800 | C91: 0180 | D91: Субвенція з місцевого бюджету державному бюджету на виконання програм соціально-економічного розвитку регіонів | G91: =SUM(G92:G97) -> 17703900 | H91: =SUM(H92:H97) -> 17703900 | I91: =SUM(I92:I97) -> 0 | J91: =SUM(J92:J97) -> 0
A92: "-" | B92: "-" | C92: "-" | D92: "-" | E92: Програма підвищення ефективності виконання повноважень органами виконавчої влади щодо реалізації державної регіональної політики та впровадження реформ на 2023-2026 роки (видатки споживання) | F92: Розпорядження ОВА від 05.12.2022 №855 (зі змінами) | G92: =H92+I92 -> 303900 | H92: 303900
A93: "-" | B93: "-" | C93: "-" | D93: "-" | E93: Програма профілактики злочинності на території Закарпатської області на 2026-2030 роки (Головне управління національної поліції в Закарпатській області) - видатки споживання - 3000,0 тис.грн; видатки розвитку - 2 000,0 тис.грн | F93: Розпорядження ОВА від 26.12.2025 №893 (зі змінами) | G93: =H93+I93 -> 5000000 | H93: 5000000
A94: "-" | B94: "-" | C94: "-" | D94: "-" | E94: Програми підвищення ефективності діяльності Управління патрульної поліції в Закарпатській області Департаменту патрульної поліції на 2025-2027 роки (Департамент патрульної поліції Управління патрульної поліції в Закарпатській області) - видатки розвитку | F94: Розпорядження ОВА від 07.03.2025 №150 | G94: =H94+I94 -> 1500000 | H94: 1500000
A95: "-" | B95: "-" | C95: "-" | D95: "-" | E95: Програма підтримки Управління Держспецзв'яку в Закарпатській області на 2026-2027 роки (Управління Держспецзв'язку з Закарпатській області) - видатки розвитку | F95: Розпорядження ОВА від18.06.2026 №451 | G95: =H95+I95 -> 400000 | H95: 400000
A96: "-" | B96: "-" | C96: "-" | D96: "-" | E96: Програма підвищення ефективності діяльності Територіального управління БЕБ у Закарпатській області на 2023-2026 роки (Територіальне управління БЕБ у Закарпатській області) - видатки розвитку | F96: Розпорядження ОВА від 26.12.2025 №893 (зі змінами) | G96: =H96+I96 -> 3000000 | H96: 3000000
A97: "-" | B97: "-" | C97: "-" | D97: "-" | E97: Програма поліпшення матеріально-технічного забезпечення військових частин, закупівлі пікапів і дронів на 2026-2027 роки | F97: Розпорядження ОДА-ОВА від 03.12.2025 №814 (зі змінами) | G97: =SUM(G98:G101) -> 7500000 | H97: =SUM(H98:H101) -> 7500000 | I97: =SUM(I98:I100) -> 0 | J97: =SUM(J98:J100) -> 0
A98: "-" | B98: "-" | C98: "-" | D98: "-" | E98: - військова частина А1927 (видатки розвитку) | F98: "-" | G98: =H98+I98 -> 1000000 | H98: 1000000
A99: "-" | B99: "-" | C99: "-" | D99: "-" | E99: - 20 бригада оперативного призначення Національної гвардії України (військова частина 3009) (видатки споживання) | F99: "-" | G99: =H99+I99 -> 1000000 | H99: 1000000
A100: "-" | B100: "-" | C100: "-" | D100: "-" | E100: -військова частина 3115 Національної Гвардії України - (видатки споживання) | F100: "-" | G100: =H100+I100 -> 1500000 | H100: 1500000
...
